Workbook
Name Slicer_Apimtis: #N/A
Name Slicer_DATASET_ID: #N/A
Name Slicer_DATASET_ID1: #N/A
Name Slicer_DATASET_ID2: #N/A
Name Slicer_DATASET_ID3: #N/A
Name Slicer_Dr_rusis: #N/A
Name Slicer_Veikla: #N/A
Name Slicer_Veiklos_teritorija: #N/A

Sheet Content
C2: Insurance Activity Results in Lithuania as of January - September, 2026
B4: Code | C4: Report | D4: Periodicity
B5: DSR1 | C5: Concluded insurance contracts, units | D5: Monthly
B6: DSR2 | C6: Insurance contracts in force, units | D6: Monthly
B7: DSR3 | C7: Insurance contracts cancelled, units | D7: Monthly
B8: DSR5 | C8: Insurance premiums, EUR | D8: Monthly
B9: DSR6 | C9: Single premiums, EUR | D9: Monthly
B10: DSR7 | C10: Insurance premiums with periodical payments, EUR | D10: Monthly
B11: DSR8 | C11: Annual premiums under new concluded contracts with the established a periodical payment of premiums, EUR | D11: Monthly
B12: DSR9 | C12: Insurance revenue, Eur | D12: Quarterly
B13: DSR10 | C13: Claims paid for insurance losses, units | D13: Monthly
B14: DSR11 | C14: Payment of the investment component after the expiration of the insurance contract, units | D14: Monthly
B15: DSR12 | C15: Payment of the investment component after termination of the insurance contract, units | D15: Monthly
... B21: DSR19 | C21: Payment of the investment component neither after termination nor at the end of the contract, EUR | D21: Monthly

Sheet Settings

Sheet DSR1
A1: Concluded insurance contracts, units | C1: Sudarytos draudimo sutartys, vnt.
A3: =C3 -> 2026-09-30 | B3: Data_men | C3: 2026-09-30
B5: Per ataskaitinį laikotarpį sudarytos draudimo sutartys, vnt. | D5: Agento_pavadinimas
A6: Business lines / Insurers | B6: Eil. nr. | C6: Draudimo grupės / Draudikai | D6: Allianz Lietuva gyvybės draudimas | E6: Artea Life Insurance | F6: ATRADIUS filialas | G6: Balcia Insurance filialas | H6: Baltijas Apdrosinasanas Nams filialas | I6: BTA Insurance Company filialas | J6: COFACE filialas | K6: Compensa Life VIG filialas | L6: Compensa VIG | M6: ERGO Insurance filialas | N6: ERGO Life Insurance | O6: Gjensidige | P6: If P&C Insurance (publ) filialas | Q6: If P&C Insurance filialas | R6: Lamantinas | S6: Lietuvos draudimas | T6: PZU Lietuva gyvybės draudimas | U6: SEB Life and Pension Baltic filialas | V6: Swedbank Life Insurance filialas | W6: Swedbank P&C Insurance filialas | X6: Vereinigte Hagelversicherung filialas VH Lietuva | Y6: All
A7: =IFERROR(VLOOKUP(C7,'LT-EN'!$A:$B,2,FALSE)," ") -> ALL | B7: 0 | C7: Visos | D7: 10427 | E7: 4372 | F7: 0 | G7: 231719 | H7: 27664 | I7: 1103645 | J7: 226 | K7: 12391 | L7: 867752 | M7: 1319172 | N7: 5011 | O7: 390032 | P7: 0 | Q7: 280219 | R7: 25627 | S7: 2006153 | T7: 3415 | U7: 19666 | V7: 15813 | W7: 862272 | X7: 6878 | Y7: 7192454
A8: =IFERROR(VLOOKUP(C8,'LT-EN'!$A:$B,2,FALSE)," ") -> NON-LIFE INSURANCE | B8: 1 | C8: NE GYVYBĖS DRAUDIMAS | D8: 0 | E8: 0 | F8: 0 | G8: 231719 | H8: 27664 | I8: 1103645 | J8: 226 | K8: 802 | L8: 867752 | M8: 1319172 | N8: 509 | O8: 390032 | P8: 0 | Q8: 280219 | R8: 25627 | S8: 2006153 | T8: 0 | U8: 0 | V8: 0 | W8: 862272 | X8: 6878 | Y8: 7122670
A9: =IFERROR(VLOOKUP(C9,'LT-EN'!$A:$B,2,FALSE)," ") -> 1. Medical expense insurance | B9: 2 | C9: 1. Medicininių išlaidų draudimas | D9: 0 | E9: 0 | F9: 0 | G9: 39827 | H9: 0 | I9: 134954 | J9: 0 | K9: 802 | L9: 56501 | M9: 104091 | N9: 509 | O9: 27226 | P9: 0 | Q9: 20284 | R9: 0 | S9: 91978 | T9: 0 | U9: 0 | V9: 0 | W9: 35833 | X9: 0 | Y9: 512005
A10: =IFERROR(VLOOKUP(C10,'LT-EN'!$A:$B,2,FALSE)," ") -> 1.1. Supplementary voluntary health insurance | B10: 3 | C10: 1.1. Papildomasis savanoriškasis sveikatos draudimas | D10: 0 | E10: 0 | F10: 0 | G10: 0 | H10: 0 | I10: 1035 | J10: 0 | K10: 802 | L10: 1647 | M10: 0 | N10: 509 | O10: 414 | P10: 0 | Q10: 0 | R10: 0 | S10: 14869 | T10: 0 | U10: 0 | V10: 0 | W10: 0 | X10: 0 | Y10: 19276
A11: =IFERROR(VLOOKUP(C11,'LT-EN'!$A:$B,2,FALSE)," ") -> 1.1.1. Policyholders - legal persons | B11: 4 | C11: 1.1.1. Draudėjai - juridiniai asmenys | H11: 0 | I11: 683 | K11: 802 | L11: 1586 | N11: 409 | O11: 382 | Q11: 0 | S11: 1221 | Y11: 5083
A12: =IFERROR(VLOOKUP(C12,'LT-EN'!$A:$B,2,FALSE)," ") -> 1.1.2. Policyholders - natural persons | B12: 5 | C12: 1.1.2. Draudėjai - fiziniai asmenys | H12: 0 | I12: 352 | L12: 61 | N12: 100 | O12: 32 | Q12: 0 | S12: 13648 | Y12: 14193
A13: =IFERROR(VLOOKUP(C13,'LT-EN'!$A:$B,2,FALSE)," ") -> 1.2. Other | B13: 6 | C13: 1.2. Kita | D13: 0 | E13: 0 | F13: 0 | G13: 39827 | H13: 0 | I13: 133919 | J13: 0 | K13: 0 | L13: 54854 | M13: 104091 | N13: 0 | O13: 26812 | P13: 0 | Q13: 20284 | R13: 0 | S13: 77109 | T13: 0 | U13: 0 | V13: 0 | W13: 35833 | X13: 0 | Y13: 492729
A14: =IFERROR(VLOOKUP(C14,'LT-EN'!$A:$B,2,FALSE)," ") -> 1.2.1. Policyholders - legal persons | B14: 7 | C14: 1.2.1. Draudėjai - juridiniai asmenys | G14: 3922 | H14: 0 | I14: 33402 | L14: 458 | M14: 4676 | O14: 3445 | Q14: 1010 | S14: 1465 | W14: 3 | Y14: 48381
A15: =IFERROR(VLOOKUP(C15,'LT-EN'!$A:$B,2,FALSE)," ") -> 1.2.2. Policyholders - natural persons | B15: 8 | C15: 1.2.2. Draudėjai - fiziniai asmenys | G15: 35905 | H15: 0 | I15: 100517 | L15: 54396 | M15: 99415 | O15: 23367 | Q15: 19274 | S15: 75644 | W15: 35830 | Y15: 444348
A16: =IFERROR(VLOOKUP(C16,'LT-EN'!$A:$B,2,FALSE)," ") -> 2. Income protection insurance | B16: 9 | C16: 2. Pajamų apsaugos draudimas | D16: 0 | E16: 0 | F16: 0 | G16: 12985 | H16: 0 | I16: 158617 | J16: 0 | K16: 0 | L16: 99324 | M16: 108073 | N16: 0 | O16: 34364 | P16: 0 | Q16: 32859 | R16: 0 | S16: 231710 | T16: 0 | U16: 0 | V16: 0 | W16: 82539 | X16: 0 | Y16: 760471
A17: =IFERROR(VLOOKUP(C17,'LT-EN'!$A:$B,2,FALSE)," ") -> 2.1. Policyholders - legal persons | B17: 10 | C17: 2.1. Draudėjai - juridiniai asmenys | G17: 1307 | H17: 0 | I17: 37362 | L17: 5874 | M17: 12599 | O17: 5328 | Q17: 14136 | S17: 18633 | U17: 0 | W17: 2 | Y17: 95241
A18: =IFERROR(VLOOKUP(C18,'LT-EN'!$A:$B,2,FALSE)," ") -> 2.2. Policyholders - natural persons | B18: 11 | C18: 2.2. Draudėjai - fiziniai asmenys | G18: 11678 | H18: 0 | I18: 121255 | L18: 93450 | M18: 95474 | O18: 29036 | Q18: 18723 | S18: 213077 | W18: 82537 | Y18: 665230
A19: =IFERROR(VLOOKUP(C19,'LT-EN'!$A:$B,2,FALSE)," ") -> 3. Workers' compensation insurance | B19: 12 | C19: 3. Nelaimingų atsitikimų darbe draudimas | H19: 0 | I19: 0 | L19: 0 | O19: 0 | Q19: 0 | S19: 0 | Y19: 0
A20: =IFERROR(VLOOKUP(C20,'LT-EN'!$A:$B,2,FALSE)," ") -> 4. Motor vehicle liability insurance | B20: 13 | C20: 4. Motorinių transporto priemonių valdytojų civilinės atsakomybės draudimas | D20: 0 | E20: 0 | F20: 0 | G20: 123540 | H20: 27664 | I20: 496060 | J20: 0 | K20: 0 | L20: 434234 | M20: 632399 | N20: 0 | O20: 202510 | P20: 0 | Q20: 139520 | R20: 0 | S20: 776272 | T20: 0 | U20: 0 | V20: 0 | W20: 171075 | X20: 0 | Y20: 3003274
A21: =IFERROR(VLOOKUP(C21,'LT-EN'!$A:$B,2,FALSE)," ") -> 4.1. Liability arising out of the use of motor vehicles operating on the land insurance | B21: 14 | C21: 4.1. Sausumos transporto priemonių valdytojų civilinės atsakomybės draudimas | D21: 0 | E21: 0 | F21: 0 | G21: 123540 | H21: 27664 | I21: 495315 | J21: 0 | K21: 0 | L21: 434234 | M21: 631467 | N21: 0 | O21: 202235 | P21: 0 | Q21: 138735 | R21: 0 | S21: 775434 | T21: 0 | U21: 0 | V21: 0 | W21: 171075 | X21: 0 | Y21: 2999699
A22: =IFERROR(VLOOKUP(C22,'LT-EN'!$A:$B,2,FALSE)," ") -> 4.1.1. Policyholders - legal persons | B22: 15 | C22: 4.1.1. Draudėjai - juridiniai asmenys | G22: 24018 | H22: 2 | I22: 103935 | L22: 71871 | M22: 100871 | O22: 34476 | Q22: 54736 | S22: 173397 | W22: 2847 | Y22: 566153
A23: =IFERROR(VLOOKUP(C23,'LT-EN'!$A:$B,2,FALSE)," ") -> 4.1.2. Policyholders - natural persons | B23: 16 | C23: 4.1.2. Draudėjai - fiziniai asmenys | G23: 99522 | H23: 27662 | I23: 391380 | L23: 362363 | M23: 530596 | O23: 167759 | Q23: 83999 | S23: 602037 | W23: 168228 | Y23: 2433546
A24: =IFERROR(VLOOKUP(C24,'LT-EN'!$A:$B,2,FALSE)," ") -> 4.2. Carrier third party liability (CMR) insurance | B24: 17 | C24: 4.2. Vežėjų civilinės atsakomybės draudimas | H24: 0 | I24: 736 | L24: 0 | M24: 932 | O24: 274 | Q24: 785 | S24: 827 | Y24: 3554
A25: =IFERROR(VLOOKUP(C25,'LT-EN'!$A:$B,2,FALSE)," ") -> 4.3. Liability arising out of use railway rolling stock insurance | B25: 18 | C25: 4.3. Geležinkelių transporto priemonių valdytojų civilinės atsakomybės draudimas | H25: 0 | I25: 9 | L25: 0 | O25: 1 | Q25: 0 | S25: 11 | Y25: 21
A26: =IFERROR(VLOOKUP(C26,'LT-EN'!$A:$B,2,FALSE)," ") -> 5. Other motor insurance | B26: 19 | C26: 5. Kitas transporto priemonių draudimas | D26: 0 | E26: 0 | F26: 0 | G26: 7929 | H26: 0 | I26: 51624 | J26: 0 | K26: 0 | L26: 72953 | M26: 96323 | N26: 0 | O26: 7690 | P26: 0 | Q26: 37365 | R26: 0 | S26: 163042 | T26: 0 | U26: 0 | V26: 0 | W26: 28233 | X26: 0 | Y26: 465159
A27: =IFERROR(VLOOKUP(C27,'LT-EN'!$A:$B,2,FALSE)," ") -> 5.1. Land vehicles other than railway rolling stock insurance | B27: 20 | C27: 5.1. Sausumos transporto priemonių, išskyrus geležinkelio transporto priemones, draudimas | D27: 0 | E27: 0 | F27: 0 | G27: 7929 | H27: 0 | I27: 51616 | J27: 0 | K27: 0 | L27: 72953 | M27: 96322 | N27: 0 | O27: 7690 | P27: 0 | Q27: 37365 | R27: 0 | S27: 163038 | T27: 0 | U27: 0 | V27: 0 | W27: 28233 | X27: 0 | Y27: 465146
A28: =IFERROR(VLOOKUP(C28,'LT-EN'!$A:$B,2,FALSE)," ") -> 5.1.1. Policyholders - legal persons | B28: 21 | C28: 5.1.1. Draudėjai - juridiniai asmenys | G28: 549 | H28: 0 | I28: 13232 | L28: 21990 | M28: 41875 | O28: 3571 | Q28: 16618 | S28: 64518 | W28: 3051 | Y28: 165404
A29: =IFERROR(VLOOKUP(C29,'LT-EN'!$A:$B,2,FALSE)," ") -> 5.1.2. Policyholders - natural persons | B29: 22 | C29: 5.1.2. Draudėjai - fiziniai asmenys | G29: 7380 | H29: 0 | I29: 38384 | L29: 50963 | M29: 54447 | O29: 4119 | Q29: 20747 | S29: 98520 | W29: 25182 | Y29: 299742
A30: =IFERROR(VLOOKUP(C30,'LT-EN'!$A:$B,2,FALSE)," ") -> 5.2. Railway rolling stock insurance | B30: 23 | C30: 5.2. Geležinkelio transporto priemonių draudimas | H30: 0 | I30: 8 | L30: 0 | M30: 1 | O30: 0 | Q30: 0 | S30: 4 | Y30: 13
A31: =IFERROR(VLOOKUP(C31,'LT-EN'!$A:$B,2,FALSE)," ") -> 6. Marine, aviation and transport insurance | B31: 24 | C31: 6. Jūrų, oro ir sausumos transporto priemonių draudimas | D31: 0 | E31: 0 | F31: 0 | G31: 0 | H31: 0 | I31: 937 | J31: 0 | K31: 0 | L31: 239 | M31: 1070 | N31: 0 | O31: 48 | P31: 0 | Q31: 182 | R31: 0 | S31: 444 | T31: 0 | U31: 0 | V31: 0 | W31: 0 | X31: 0 | Y31: 2920
A32: =IFERROR(VLOOKUP(C32,'LT-EN'!$A:$B,2,FALSE)," ") -> 6.1. Liability arising out of use of ships (sea and internal waters) insurance | B32: 25 | C32: 6.1. Laivų (jūrų ir vidaus vandenų) valdytojų civilinės atsakomybės draudimas | H32: 0 | I32: 123 | L32: 0 | O32: 4 | Q32: 0 | S32: 78 | Y32: 205
A33: =IFERROR(VLOOKUP(C33,'LT-EN'!$A:$B,2,FALSE)," ") -> 6.2. Ships (sea and internal waters) insurance | B33: 26 | C33: 6.2. Laivų (jūrų ir vidaus vandenų) draudimas | H33: 0 | I33: 57 | L33: 0 | M33: 61 | O33: 3 | P33: 0 | Q33: 33 | S33: 92 | Y33: 246
A34: =IFERROR(VLOOKUP(C34,'LT-EN'!$A:$B,2,FALSE)," ") -> 6.3. Liability arising out of the use of aircraft insurance | B34: 27 | C34: 6.3. Skraidymo aparatų valdytojų civilinės atsakomybės draudimas | H34: 0 | I34: 446 | L34: 0 | O34: 0 | Q34: 12 | S34: 1 | Y34: 459
A35: =IFERROR(VLOOKUP(C35,'LT-EN'!$A:$B,2,FALSE)," ") -> 6.4. Aircraft insurance | B35: 28 | C35: 6.4. Skraidymo aparatų draudimas | H35: 0 | I35: 45 | L35: 0 | O35: 0 | Q35: 0 | S35: 1 | Y35: 46
A36: =IFERROR(VLOOKUP(C36,'LT-EN'!$A:$B,2,FALSE)," ") -> 6.5. Goods in transit insurance | B36: 29 | C36: 6.5. Vežamų krovinių draudimas | H36: 0 | I36: 266 | L36: 239 | M36: 1009 | O36: 41 | P36: 0 | Q36: 137 | S36: 272 | Y36: 1964
A37: =IFERROR(VLOOKUP(C37,'LT-EN'!$A:$B,2,FALSE)," ") -> 7. Fire and other damage to property insurance | B37: 30 | C37: 7. Draudimas nuo gaisro ir kitos žalos, padarytos turtui | D37: 0 | E37: 0 | F37: 0 | G37: 17082 | H37: 0 | I37: 81230 | J37: 0 | K37: 0 | L37: 72897 | M37: 186733 | N37: 0 | O37: 37193 | P37: 0 | Q37: 31133 | R37: 0 | S37: 524076 | T37: 0 | U37: 0 | V37: 0 | W37: 226851 | X37: 6878 | Y37: 1184073
A38: =IFERROR(VLOOKUP(C38,'LT-EN'!$A:$B,2,FALSE)," ") -> 7.1. Crop insurance | B38: 31 | C38: 7.1. Pasėlių draudimas | H38: 0 | I38: 51 | L38: 9 | O38: 0 | Q38: 0 | S38: 0 | X38: 6878 | Y38: 6938
A39: =IFERROR(VLOOKUP(C39,'LT-EN'!$A:$B,2,FALSE)," ") -> 7.2. Livestock insurance | B39: 32 | C39: 7.2. Gyvūnų draudimas | H39: 0 | I39: 130 | L39: 0 | M39: 450 | O39: 17 | Q39: 0 | S39: 246 | Y39: 843
A40: =IFERROR(VLOOKUP(C40,'LT-EN'!$A:$B,2,FALSE)," ") -> 7.3. Other property insurance | B40: 33 | C40: 7.3. Kitas turto draudimas | D40: 0 | E40: 0 | F40: 0 | G40: 17082 | H40: 0 | I40: 81049 | J40: 0 | K40: 0 | L40: 72888 | M40: 186283 | N40: 0 | O40: 37176 | P40: 0 | Q40: 31133 | R40: 0 | S40: 523830 | T40: 0 | U40: 0 | V40: 0 | W40: 226851 | X40: 0 | Y40: 1176292
A41: =IFERROR(VLOOKUP(C41,'LT-EN'!$A:$B,2,FALSE)," ") -> 7.3.1. Policyholders - legal persons | B41: 34 | C41: 7.3.1. Draudėjai - juridiniai asmenys | G41: 2888 | H41: 0 | I41: 11223 | L41: 7304 | M41: 11551 | O41: 3938 | Q41: 4433 | S41: 10569 | W41: 53 | Y41: 51959
A42: =IFERROR(VLOOKUP(C42,'LT-EN'!$A:$B,2,FALSE)," ") -> 7.3.2. Policyholders - natural persons | B42: 35 | C42: 7.3.2. Draudėjai - fiziniai asmenys | G42: 14194 | H42: 0 | I42: 69826 | L42: 65584 | M42: 174732 | O42: 33238 | Q42: 26700 | S42: 513261 | W42: 226798 | Y42: 1124333
A43: =IFERROR(VLOOKUP(C43,'LT-EN'!$A:$B,2,FALSE)," ") -> 8. General liability insurance | B43: 36 | C43: 8. Bendrosios civilinės atsakomybės draudimas | D43: 0 | E43: 0 | F43: 0 | G43: 9020 | H43: 0 | I43: 99124 | J43: 0 | K43: 0 | L43: 94561 | M43: 79368 | N43: 0 | O43: 25349 | P43: 0 | Q43: 18701 | R43: 0 | S43: 216275 | T43: 0 | U43: 0 | V43: 0 | W43: 199164 | X43: 0 | Y43: 741562
A44: =IFERROR(VLOOKUP(C44,'LT-EN'!$A:$B,2,FALSE)," ") -> 8.1. Compulsory liability insurance | B44: 37 | C44: 8.1. Privalomieji bendrosios civilinės atsakomybės draudimai | H44: 0 | I44: 1695 | L44: 7206 | M44: 2703 | O44: 891 | Q44: 841 | S44: 1402 | Y44: 14738
A45: =IFERROR(VLOOKUP(C45,'LT-EN'!$A:$B,2,FALSE)," ") -> 8.2. Other | B45: 38 | C45: 8.2. Kita | D45: 0 | E45: 0 | F45: 0 | G45: 9020 | H45: 0 | I45: 97429 | J45: 0 | K45: 0 | L45: 87355 | M45: 76665 | N45: 0 | O45: 24458 | P45: 0 | Q45: 17860 | R45: 0 | S45: 214873 | T45: 0 | U45: 0 | V45: 0 | W45: 199164 | X45: 0 | Y45: 726824
A46: =IFERROR(VLOOKUP(C46,'LT-EN'!$A:$B,2,FALSE)," ") -> 8.2.1. Policyholders - legal persons | B46: 39 | C46: 8.2.1. Draudėjai - juridiniai asmenys | G46: 1306 | H46: 0 | I46: 32869 | L46: 4775 | M46: 3318 | O46: 1703 | P46: 0 | Q46: 2271 | S46: 6057 | W46: 36 | Y46: 52335
A47: =IFERROR(VLOOKUP(C47,'LT-EN'!$A:$B,2,FALSE)," ") -> 8.2.2. Policyholders - natural persons | B47: 40 | C47: 8.2.2. Draudėjai - fiziniai asmenys | G47: 7714 | H47: 0 | I47: 64560 | L47: 82580 | M47: 73347 | O47: 22755 | Q47: 15589 | S47: 208816 | W47: 199128 | Y47: 674489
A48: =IFERROR(VLOOKUP(C48,'LT-EN'!$A:$B,2,FALSE)," ") -> 9. Credit and suretyship insurance | B48: 41 | C48: 9. Kredito ir laidavimo draudimas | D48: 0 | E48: 0 | F48: 0 | G48: 3 | H48: 0 | I48: 17769 | J48: 226 | K48: 0 | L48: 1812 | M48: 2632 | N48: 0 | O48: 562 | P48: 0 | Q48: 82 | R48: 25627 | S48: 2182 | T48: 0 | U48: 0 | V48: 0 | W48: 0 | X48: 0 | Y48: 50895
A49: =IFERROR(VLOOKUP(C49,'LT-EN'!$A:$B,2,FALSE)," ") -> 9.1. Credit insurance | B49: 42 | C49: 9.1. Kredito draudimas | H49: 0 | I49: 0 | J49: 226 | L49: 0 | O49: 0 | Q49: 0 | S49: 0 | Y49: 226
A50: =IFERROR(VLOOKUP(C50,'LT-EN'!$A:$B,2,FALSE)," ") -> 9.2. Suretyship insurance | B50: 43 | C50: 9.2. Laidavimo draudimas | D50: 0 | E50: 0 | F50: 0 | G50: 3 | H50: 0 | I50: 17769 | J50: 0 | K50: 0 | L50: 1812 | M50: 2632 | N50: 0 | O50: 562 | P50: 0 | Q50: 82 | R50: 25627 | S50: 2182 | T50: 0 | U50: 0 | V50: 0 | W50: 0 | X50: 0 | Y50: 50669
A51: =IFERROR(VLOOKUP(C51,'LT-EN'!$A:$B,2,FALSE)," ") -> 9.2.1 Insurance of liability performing customs procedures | B51: 44 | C51: 9.2.1 Atsakomybės, atliekant muitinės procedūras, draudimas | H51: 0 | I51: 12037 | L51: 0 | M51: 89 | O51: 0 | Q51: 0 | R51: 25627 | S51: 0 | Y51: 37753
A52: =IFERROR(VLOOKUP(C52,'LT-EN'!$A:$B,2,FALSE)," ") -> 9.2.2. Other suretyship insurance | B52: 45 | C52: 9.2.2. Kitas laidavimo draudimas | G52: 3 | H52: 0 | I52: 5732 | L52: 1812 | M52: 2543 | O52: 562 | Q52: 82 | S52: 2182 | Y52: 12916
A53: =IFERROR(VLOOKUP(C53,'LT-EN'!$A:$B,2,FALSE)," ") -> 10. Legal expenses insurance | B53: 46 | C53: 10. Teisinių išlaidų draudimas | H53: 0 | I53: 1 | L53: 0 | O53: 0 | Q53: 0 | S53: 0 | Y53: 1
A54: =IFERROR(VLOOKUP(C54,'LT-EN'!$A:$B,2,FALSE)," ") -> 11. Assistance | B54: 47 | C54: 11. Pagalbos draudimas | G54: 21304 | H54: 0 | I54: 63205 | L54: 34383 | M54: 108483 | O54: 54915 | Q54: 0 | S54: 0 | Y54: 282290
A55: =IFERROR(VLOOKUP(C55,'LT-EN'!$A:$B,2,FALSE)," ") -> 12. Miscellaneous financial loss | B55: 48 | C55: 12. Finansinių nuostolių draudimas | G55: 29 | H55: 0 | I55: 124 | L55: 848 | M55: 0 | O55: 175 | Q55: 93 | S55: 174 | W55: 118577 | Y55: 120020
A56: =IFERROR(VLOOKUP(C56,'LT-EN'!$A:$B,2,FALSE)," ") -> LIFE ASSURANCE | B56: 49 | C56: GYVYBĖS DRAUDIMAS | D56: 10427 | E56: 4372 | F56: 0 | G56: 0 | H56: 0 | I56: 0 | J56: 0 | K56: 11589 | L56: 0 | M56: 0 | N56: 4502 | O56: 0 | P56: 0 | Q56: 0 | R56: 0 | S56: 0 | T56: 3415 | U56: 19666 | V56: 15813 | W56: 0 | X56: 0 | Y56: 69784
A57: =IFERROR(VLOOKUP(C57,'LT-EN'!$A:$B,2,FALSE)," ") -> 1. Health insurance | B57: 50 | C57: 1. Sveikatos draudimas | K57: 699 | N57: 1566 | O57: 0 | T57: 0 | Y57: 2265
A58: =IFERROR(VLOOKUP(C58,'LT-EN'!$A:$B,2,FALSE)," ") -> 2. Insurance with profit participation | B58: 51 | C58: 2. Draudimas su teise dalytis pelną | D58: 0 | E58: 0 | F58: 0 | G58: 0 | H58: 0 | I58: 0 | J58: 0 | K58: 20 | L58: 0 | M58: 0 | N58: 0 | O58: 0 | P58: 0 | Q58: 0 | R58: 0 | S58: 0 | T58: 0 | U58: 0 | V58: 0 | W58: 0 | X58: 0 | Y58: 20
A59: =IFERROR(VLOOKUP(C59,'LT-EN'!$A:$B,2,FALSE)," ") -> 2.1. Insurance in case of survival | B59: 52 | C59: 2.1. Draudimas išgyvenimo atveju | E59: 0 | K59: 20 | N59: 0 | O59: 0 | T59: 0 | U59: 0 | V59: 0 | Y59: 20
A60: =IFERROR(VLOOKUP(C60,'LT-EN'!$A:$B,2,FALSE)," ") -> 2.2. Annuities | B60: 53 | C60: 2.2. Anuitetai | E60: 0 | K60: 0 | N60: 0 | O60: 0 | Q60: 0 | U60: 0 | V60: 0 | Y60: 0
A61: =IFERROR(VLOOKUP(C61,'LT-EN'!$A:$B,2,FALSE)," ") -> 2.3.Insurance in case of death | B61: 54 | C61: 2.3. Draudimas mirties atveju | K61: 0 | O61: 0 | V61: 0 | Y61: 0
A62: =IFERROR(VLOOKUP(C62,'LT-EN'!$A:$B,2,FALSE)," ") -> 2.4. Other insurance with profit participation | B62: 55 | C62: 2.4. Kitas draudimas, suteikiantis teisę gauti pelno dalį | K62: 0 | O62: 0 | V62: 0 | Y62: 0
A63: =IFERROR(VLOOKUP(C63,'LT-EN'!$A:$B,2,FALSE)," ") -> 3. Index-linked and unit-linked insurance | B63: 56 | C63: 3. Su indeksu ir investiciniais vienetais susijęs draudimas | D63: 8405 | E63: 2345 | F63: 0 | G63: 0 | H63: 0 | I63: 0 | J63: 0 | K63: 5638 | L63: 0 | M63: 0 | N63: 1191 | O63: 0 | P63: 0 | Q63: 0 | R63: 0 | S63: 0 | T63: 2346 | U63: 13567 | V63: 2971 | W63: 0 | X63: 0 | Y63: 36463
A64: =IFERROR(VLOOKUP(C64,'LT-EN'!$A:$B,2,FALSE)," ") -> 3.1. Index-linked and unit-linked insurance, when the insurance risk is significant | B64: 57 | C64: 3.1. Su indeksu ir investiciniais vienetais susijęs draudimas, kai draudimo rizika yra reikšminga | D64: 8405 | E64: 1742 | K64: 0 | N64: 792 | O64: 0 | T64: 2150 | U64: 0 | V64: 2732 | Y64: 15821
A65: =IFERROR(VLOOKUP(C65,'LT-EN'!$A:$B,2,FALSE)," ") -> 3.2. Index-linked and unit-linked insurance, when the insurance risk is insignificant | B65: 58 | C65: 3.2. Su indeksu ir investiciniais vienetais susijęs draudimas, kai draudimo rizika yra nereikšminga | E65: 603 | K65: 5638 | N65: 399 | O65: 0 | T65: 196 | U65: 13567 | V65: 239 | Y65: 20642
A66: =IFERROR(VLOOKUP(C66,'LT-EN'!$A:$B,2,FALSE)," ") -> 4. Other life insurance | B66: 59 | C66: 4. Kitas gyvybės draudimas | D66: 2022 | E66: 2027 | F66: 0 | G66: 0 | H66: 0 | I66: 0 | J66: 0 | K66: 5232 | L66: 0 | M66: 0 | N66: 1745 | O66: 0 | P66: 0 | Q66: 0 | R66: 0 | S66: 0 | T66: 1069 | U66: 6099 | V66: 12842 | W66: 0 | X66: 0 | Y66: 31036
A67: =IFERROR(VLOOKUP(C67,'LT-EN'!$A:$B,2,FALSE)," ") -> 4.1. Insurance in case of survival | B67: 60 | C67: 4.1. Draudimas išgyvenimo atveju | K67: 0 | O67: 0 | V67: 0 | Y67: 0
A68: =IFERROR(VLOOKUP(C68,'LT-EN'!$A:$B,2,FALSE)," ") -> 4.2. Annuities | B68: 61 | C68: 4.2. Anuitetai | K68: 8 | O68: 0 | V68: 0 | Y68: 8
A69: =IFERROR(VLOOKUP(C69,'LT-EN'!$A:$B,2,FALSE)," ") -> 4.3. Insurance in case of death | B69: 62 | C69: 4.3. Draudimas mirties atveju | D69: 2022 | E69: 2027 | K69: 5224 | N69: 1745 | O69: 0 | T69: 1069 | U69: 6099 | V69: 12842 | Y69: 31028
A70: =IFERROR(VLOOKUP(C70,'LT-EN'!$A:$B,2,FALSE)," ") -> 4.4. Other life insurance | B70: 63 | C70: 4.4. Kitas gyvybės draudimas | K70: 0 | O70: 0 | V70: 0 | Y70: 0
A71: =IFERROR(VLOOKUP(C71,'LT-EN'!$A:$B,2,FALSE)," ")
A72: =IFERROR(VLOOKUP(C72,'LT-EN'!$A:$B,2,FALSE)," ")
A73: =IFERROR(VLOOKUP(C73,'LT-EN'!$A:$B,2,FALSE)," ")
A74: =IFERROR(VLOOKUP(C74,'LT-EN'!$A:$B,2,FALSE)," ")
A75: =IFERROR(VLOOKUP(C75,'LT-EN'!$A:$B,2,FALSE)," ")
A76: =IFERROR(VLOOKUP(C76,'LT-EN'!$A:$B,2,FALSE)," ")
A77: =IFERROR(VLOOKUP(C77,'LT-EN'!$A:$B,2,FALSE)," ")
A78: =IFERROR(VLOOKUP(C78,'LT-EN'!$A:$B,2,FALSE)," ")
A79: =IFERROR(VLOOKUP(C79,'LT-EN'!$A:$B,2,FALSE)," ")
A80: =IFERROR(VLOOKUP(C80,'LT-EN'!$A:$B,2,FALSE)," ")
A81: =IFERROR(VLOOKUP(C81,'LT-EN'!$A:$B,2,FALSE)," ")
A82: =IFERROR(VLOOKUP(C82,'LT-EN'!$A:$B,2,FALSE)," ")
... A93: =IFERROR(VLOOKUP(C93,'LT-EN'!$A:$B,2,FALSE)," ")

Sheet DSR2
A1: Insurance contracts in force, units | C1: Galiojančios draudimo sutartys, vnt.
A3: ='DSR1'!C3 -> 2026-09-30 | B3: Data_men | C3: 2026-09-30
B5: Ataskaitinio laikotarpio pabaigoje galiojančios draudimo sutartys, vnt.
A6: Business lines / Insurers | B6: eil.nr | C6: Draudimo grupės / Draudikai | D6: Allianz Lietuva gyvybės draudimas | E6: Artea Life Insurance | F6: ATRADIUS filialas | G6: Balcia Insurance filialas | H6: Baltijas Apdrosinasanas Nams filialas | I6: BTA Insurance Company filialas | J6: COFACE filialas | K6: Compensa Life VIG filialas | L6: Compensa VIG | M6: ERGO Insurance filialas | N6: ERGO Life Insurance | O6: Gjensidige | P6: If P&C Insurance (publ) filialas | Q6: If P&C Insurance filialas | R6: Lamantinas | S6: Lietuvos draudimas | T6: PZU Lietuva gyvybės draudimas | U6: SEB Life and Pension Baltic filialas | V6: Swedbank Life Insurance filialas | W6: Swedbank P&C Insurance filialas | X6: Vereinigte Hagelversicherung filialas VH Lietuva | Y6: All
A7: =IFERROR(VLOOKUP(C7,'LT-EN'!$A:$B,2,FALSE)," ") -> ALL | B7: 0 | C7: Visos | D7: 76117 | E7: 51156 | F7: 0 | G7: 185358 | H7: 20644 | I7: 751330 | J7: 295 | K7: 153372 | L7: 756692 | M7: 1126628 | N7: 64386 | O7: 380146 | P7: 0 | Q7: 299698 | R7: 3830 | S7: 2062686 | T7: 45489 | U7: 149861 | V7: 206683 | W7: 793229 | X7: 6878 | Y7: 7134478
A8: =IFERROR(VLOOKUP(C8,'LT-EN'!$A:$B,2,FALSE)," ") -> NON-LIFE INSURANCE | B8: 1 | C8: NE GYVYBĖS DRAUDIMAS | D8: 0 | E8: 0 | F8: 0 | G8: 185358 | H8: 20644 | I8: 751330 | J8: 295 | K8: 1042 | L8: 756692 | M8: 1126628 | N8: 553 | O8: 380146 | P8: 0 | Q8: 299698 | R8: 3830 | S8: 2062686 | T8: 0 | U8: 6 | V8: 0 | W8: 793229 | X8: 6878 | Y8: 6389015
A9: =IFERROR(VLOOKUP(C9,'LT-EN'!$A:$B,2,FALSE)," ") -> 1. Medical expense insurance | B9: 2 | C9: 1. Medicininių išlaidų draudimas | D9: 0 | E9: 0 | F9: 0 | G9: 1541 | H9: 0 | I9: 11133 | J9: 0 | K9: 1042 | L9: 3503 | M9: 6999 | N9: 553 | O9: 4277 | P9: 0 | Q9: 976 | R9: 0 | S9: 26068 | T9: 0 | U9: 0 | V9: 0 | W9: 2084 | X9: 0 | Y9: 58176
A10: =IFERROR(VLOOKUP(C10,'LT-EN'!$A:$B,2,FALSE)," ") -> 1.1. Supplementary voluntary health insurance | B10: 3 | C10: 1.1. Papildomasis savanoriškasis sveikatos draudimas | D10: 0 | E10: 0 | F10: 0 | G10: 0 | H10: 0 | I10: 1242 | J10: 0 | K10: 1042 | L10: 1636 | M10: 0 | N10: 553 | O10: 435 | P10: 0 | Q10: 0 | R10: 0 | S10: 20722 | T10: 0 | U10: 0 | V10: 0 | W10: 0 | X10: 0 | Y10: 25630
A11: =IFERROR(VLOOKUP(C11,'LT-EN'!$A:$B,2,FALSE)," ") -> 1.1.1. Policyholders - legal persons | B11: 4 | C11: 1.1.1. Draudėjai - juridiniai asmenys | H11: 0 | I11: 891 | K11: 1042 | L11: 1556 | N11: 392 | O11: 407 | Q11: 0 | S11: 1564 | Y11: 5852
A12: =IFERROR(VLOOKUP(C12,'LT-EN'!$A:$B,2,FALSE)," ") -> 1.1.2. Policyholders - natural persons | B12: 5 | C12: 1.1.2. Draudėjai - fiziniai asmenys | H12: 0 | I12: 351 | L12: 80 | N12: 161 | O12: 28 | Q12: 0 | S12: 19158 | Y12: 19778
A13: =IFERROR(VLOOKUP(C13,'LT-EN'!$A:$B,2,FALSE)," ") -> 1.2. Other | B13: 6 | C13: 1.2. Kita | D13: 0 | E13: 0 | F13: 0 | G13: 1541 | H13: 0 | I13: 9891 | J13: 0 | K13: 0 | L13: 1867 | M13: 6999 | N13: 0 | O13: 3842 | P13: 0 | Q13: 976 | R13: 0 | S13: 5346 | T13: 0 | U13: 0 | V13: 0 | W13: 2084 | X13: 0 | Y13: 32546
A14: =IFERROR(VLOOKUP(C14,'LT-EN'!$A:$B,2,FALSE)," ") -> 1.2.1. Policyholders - legal persons | B14: 7 | C14: 1.2.1. Draudėjai - juridiniai asmenys | G14: 253 | H14: 0 | I14: 2197 | L14: 106 | M14: 857 | O14: 215 | Q14: 256 | S14: 783 | W14: 0 | Y14: 4667
A15: =IFERROR(VLOOKUP(C15,'LT-EN'!$A:$B,2,FALSE)," ") -> 1.2.2. Policyholders - natural persons | B15: 8 | C15: 1.2.2. Draudėjai - fiziniai asmenys | G15: 1288 | H15: 0 | I15: 7694 | L15: 1761 | M15: 6142 | O15: 3627 | Q15: 720 | S15: 4563 | W15: 2084 | Y15: 27879
A16: =IFERROR(VLOOKUP(C16,'LT-EN'!$A:$B,2,FALSE)," ") -> 2. Income protection insurance | B16: 9 | C16: 2. Pajamų apsaugos draudimas | D16: 0 | E16: 0 | F16: 0 | G16: 16423 | H16: 0 | I16: 86334 | J16: 0 | K16: 0 | L16: 78570 | M16: 128107 | N16: 0 | O16: 30387 | P16: 0 | Q16: 46248 | R16: 0 | S16: 263536 | T16: 0 | U16: 6 | V16: 0 | W16: 93276 | X16: 0 | Y16: 742887
A17: =IFERROR(VLOOKUP(C17,'LT-EN'!$A:$B,2,FALSE)," ") -> 2.1. Policyholders - legal persons | B17: 10 | C17: 2.1. Draudėjai - juridiniai asmenys | G17: 1574 | H17: 0 | I17: 9258 | L17: 9255 | M17: 14847 | O17: 4554 | Q17: 20345 | S17: 22596 | U17: 6 | W17: 3 | Y17: 82438
A18: =IFERROR(VLOOKUP(C18,'LT-EN'!$A:$B,2,FALSE)," ") -> 2.2. Policyholders - natural persons | B18: 11 | C18: 2.2. Draudėjai - fiziniai asmenys | G18: 14849 | H18: 0 | I18: 77076 | L18: 69315 | M18: 113260 | O18: 25833 | Q18: 25903 | S18: 240940 | W18: 93273 | Y18: 660449
A19: =IFERROR(VLOOKUP(C19,'LT-EN'!$A:$B,2,FALSE)," ") -> 3. Workers' compensation insurance | B19: 12 | C19: 3. Nelaimingų atsitikimų darbe draudimas | H19: 0 | I19: 0 | L19: 0 | O19: 0 | Q19: 0 | S19: 0 | Y19: 0
A20: =IFERROR(VLOOKUP(C20,'LT-EN'!$A:$B,2,FALSE)," ") -> 4. Motor vehicle liability insurance | B20: 13 | C20: 4. Motorinių transporto priemonių valdytojų civilinės atsakomybės draudimas | D20: 0 | E20: 0 | F20: 0 | G20: 98341 | H20: 20644 | I20: 318802 | J20: 0 | K20: 0 | L20: 338369 | M20: 463505 | N20: 0 | O20: 163882 | P20: 0 | Q20: 125585 | R20: 0 | S20: 572209 | T20: 0 | U20: 0 | V20: 0 | W20: 68788 | X20: 0 | Y20: 2170125
A21: =IFERROR(VLOOKUP(C21,'LT-EN'!$A:$B,2,FALSE)," ") -> 4.1. Liability arising out of the use of motor vehicles operating on the land insurance | B21: 14 | C21: 4.1. Sausumos transporto priemonių valdytojų civilinės atsakomybės draudimas | D21: 0 | E21: 0 | F21: 0 | G21: 98341 | H21: 20644 | I21: 318028 | J21: 0 | K21: 0 | L21: 338369 | M21: 462757 | N21: 0 | O21: 163878 | P21: 0 | Q21: 124904 | R21: 0 | S21: 571331 | T21: 0 | U21: 0 | V21: 0 | W21: 68788 | X21: 0 | Y21: 2167040
A22: =IFERROR(VLOOKUP(C22,'LT-EN'!$A:$B,2,FALSE)," ") -> 4.1.1. Policyholders - legal persons | B22: 15 | C22: 4.1.1. Draudėjai - juridiniai asmenys | G22: 27542 | H22: 1 | I22: 79474 | L22: 51963 | M22: 86777 | O22: 26636 | Q22: 48282 | S22: 134860 | W22: 2941 | Y22: 458476
A23: =IFERROR(VLOOKUP(C23,'LT-EN'!$A:$B,2,FALSE)," ") -> 4.1.2. Policyholders - natural persons | B23: 16 | C23: 4.1.2. Draudėjai - fiziniai asmenys | G23: 70799 | H23: 20643 | I23: 238554 | L23: 286406 | M23: 375980 | O23: 137242 | Q23: 76622 | S23: 436471 | W23: 65847 | Y23: 1708564
A24: =IFERROR(VLOOKUP(C24,'LT-EN'!$A:$B,2,FALSE)," ") -> 4.2. Carrier third party liability (CMR) insurance | B24: 17 | C24: 4.2. Vežėjų civilinės atsakomybės draudimas | H24: 0 | I24: 761 | L24: 0 | M24: 748 | O24: 0 | Q24: 681 | S24: 865 | Y24: 3055
A25: =IFERROR(VLOOKUP(C25,'LT-EN'!$A:$B,2,FALSE)," ") -> 4.3. Liability arising out of use railway rolling stock insurance | B25: 18 | C25: 4.3. Geležinkelių transporto priemonių valdytojų civilinės atsakomybės draudimas | H25: 0 | I25: 13 | L25: 0 | O25: 4 | Q25: 0 | S25: 13 | Y25: 30
A26: =IFERROR(VLOOKUP(C26,'LT-EN'!$A:$B,2,FALSE)," ") -> 5. Other motor insurance | B26: 19 | C26: 5. Kitas transporto priemonių draudimas | D26: 0 | E26: 0 | F26: 0 | G26: 9706 | H26: 0 | I26: 65197 | J26: 0 | K26: 0 | L26: 92935 | M26: 105758 | N26: 0 | O26: 11640 | P26: 0 | Q26: 51831 | R26: 0 | S26: 207681 | T26: 0 | U26: 0 | V26: 0 | W26: 30142 | X26: 0 | Y26: 574890
A27: =IFERROR(VLOOKUP(C27,'LT-EN'!$A:$B,2,FALSE)," ") -> 5.1. Land vehicles other than railway rolling stock insurance | B27: 20 | C27: 5.1. Sausumos transporto priemonių, išskyrus geležinkelio transporto priemones, draudimas | D27: 0 | E27: 0 | F27: 0 | G27: 9706 | H27: 0 | I27: 65187 | J27: 0 | K27: 0 | L27: 92935 | M27: 105757 | N27: 0 | O27: 11639 | P27: 0 | Q27: 51831 | R27: 0 | S27: 207673 | T27: 0 | U27: 0 | V27: 0 | W27: 30142 | X27: 0 | Y27: 574870
A28: =IFERROR(VLOOKUP(C28,'LT-EN'!$A:$B,2,FALSE)," ") -> 5.1.1. Policyholders - legal persons | B28: 21 | C28: 5.1.1. Draudėjai - juridiniai asmenys | G28: 754 | H28: 0 | I28: 16429 | L28: 27389 | M28: 42642 | O28: 5352 | Q28: 23847 | S28: 83016 | W28: 3401 | Y28: 202830
A29: =IFERROR(VLOOKUP(C29,'LT-EN'!$A:$B,2,FALSE)," ") -> 5.1.2. Policyholders - natural persons | B29: 22 | C29: 5.1.2. Draudėjai - fiziniai asmenys | G29: 8952 | H29: 0 | I29: 48758 | L29: 65546 | M29: 63115 | O29: 6287 | Q29: 27984 | S29: 124657 | W29: 26741 | Y29: 372040
A30: =IFERROR(VLOOKUP(C30,'LT-EN'!$A:$B,2,FALSE)," ") -> 5.2. Railway rolling stock insurance | B30: 23 | C30: 5.2. Geležinkelio transporto priemonių draudimas | H30: 0 | I30: 10 | L30: 0 | M30: 1 | O30: 1 | Q30: 0 | S30: 8 | Y30: 20
A31: =IFERROR(VLOOKUP(C31,'LT-EN'!$A:$B,2,FALSE)," ") -> 6. Marine, aviation and transport insurance | B31: 24 | C31: 6. Jūrų, oro ir sausumos transporto priemonių draudimas | D31: 0 | E31: 0 | F31: 0 | G31: 0 | H31: 0 | I31: 661 | J31: 0 | K31: 0 | L31: 134 | M31: 359 | N31: 0 | O31: 43 | P31: 0 | Q31: 141 | R31: 0 | S31: 331 | T31: 0 | U31: 0 | V31: 0 | W31: 0 | X31: 0 | Y31: 1669
A32: =IFERROR(VLOOKUP(C32,'LT-EN'!$A:$B,2,FALSE)," ") -> 6.1. Liability arising out of use of ships (sea and internal waters) insurance | B32: 25 | C32: 6.1. Laivų (jūrų ir vidaus vandenų) valdytojų civilinės atsakomybės draudimas | H32: 0 | I32: 122 | L32: 0 | O32: 4 | Q32: 0 | S32: 83 | Y32: 209
A33: =IFERROR(VLOOKUP(C33,'LT-EN'!$A:$B,2,FALSE)," ") -> 6.2. Ships (sea and internal waters) insurance | B33: 26 | C33: 6.2. Laivų (jūrų ir vidaus vandenų) draudimas | H33: 0 | I33: 59 | L33: 0 | M33: 57 | O33: 7 | P33: 0 | Q33: 32 | S33: 98 | Y33: 253
A34: =IFERROR(VLOOKUP(C34,'LT-EN'!$A:$B,2,FALSE)," ") -> 6.3. Liability arising out of the use of aircraft insurance | B34: 27 | C34: 6.3. Skraidymo aparatų valdytojų civilinės atsakomybės draudimas | H34: 0 | I34: 347 | L34: 0 | O34: 0 | Q34: 11 | S34: 1 | Y34: 359
A35: =IFERROR(VLOOKUP(C35,'LT-EN'!$A:$B,2,FALSE)," ") -> 6.4. Aircraft insurance | B35: 28 | C35: 6.4. Skraidymo aparatų draudimas | H35: 0 | I35: 27 | L35: 0 | O35: 0 | Q35: 0 | S35: 1 | Y35: 28
A36: =IFERROR(VLOOKUP(C36,'LT-EN'!$A:$B,2,FALSE)," ") -> 6.5. Goods in transit insurance | B36: 29 | C36: 6.5. Vežamų krovinių draudimas | H36: 0 | I36: 106 | L36: 134 | M36: 302 | O36: 32 | P36: 0 | Q36: 98 | S36: 148 | Y36: 820
A37: =IFERROR(VLOOKUP(C37,'LT-EN'!$A:$B,2,FALSE)," ") -> 7. Fire and other damage to property insurance | B37: 30 | C37: 7. Draudimas nuo gaisro ir kitos žalos, padarytos turtui | D37: 0 | E37: 0 | F37: 0 | G37: 22709 | H37: 0 | I37: 103522 | J37: 0 | K37: 0 | L37: 94015 | M37: 219055 | N37: 0 | O37: 56192 | P37: 0 | Q37: 46738 | R37: 0 | S37: 702566 | T37: 0 | U37: 0 | V37: 0 | W37: 268705 | X37: 6878 | Y37: 1520380
A38: =IFERROR(VLOOKUP(C38,'LT-EN'!$A:$B,2,FALSE)," ") -> 7.1. Crop insurance | B38: 31 | C38: 7.1. Pasėlių draudimas | H38: 0 | I38: 65 | L38: 5 | O38: 0 | Q38: 0 | S38: 0 | X38: 6878 | Y38: 6948
A39: =IFERROR(VLOOKUP(C39,'LT-EN'!$A:$B,2,FALSE)," ") -> 7.2. Livestock insurance | B39: 32 | C39: 7.2. Gyvūnų draudimas | H39: 0 | I39: 134 | L39: 0 | M39: 464 | O39: 21 | Q39: 0 | S39: 348 | Y39: 967
A40: =IFERROR(VLOOKUP(C40,'LT-EN'!$A:$B,2,FALSE)," ") -> 7.3. Other property insurance | B40: 33 | C40: 7.3. Kitas turto draudimas | D40: 0 | E40: 0 | F40: 0 | G40: 22709 | H40: 0 | I40: 103323 | J40: 0 | K40: 0 | L40: 94010 | M40: 218591 | N40: 0 | O40: 56171 | P40: 0 | Q40: 46738 | R40: 0 | S40: 702218 | T40: 0 | U40: 0 | V40: 0 | W40: 268705 | X40: 0 | Y40: 1512465
A41: =IFERROR(VLOOKUP(C41,'LT-EN'!$A:$B,2,FALSE)," ") -> 7.3.1. Policyholders - legal persons | B41: 34 | C41: 7.3.1. Draudėjai - juridiniai asmenys | G41: 3376 | H41: 0 | I41: 12197 | L41: 8923 | M41: 11956 | O41: 6508 | Q41: 5521 | S41: 13141 | W41: 65 | Y41: 61687
A42: =IFERROR(VLOOKUP(C42,'LT-EN'!$A:$B,2,FALSE)," ") -> 7.3.2. Policyholders - natural persons | B42: 35 | C42: 7.3.2. Draudėjai - fiziniai asmenys | G42: 19333 | H42: 0 | I42: 91126 | L42: 85087 | M42: 206635 | O42: 49663 | Q42: 41217 | S42: 689077 | W42: 268640 | Y42: 1450778
A43: =IFERROR(VLOOKUP(C43,'LT-EN'!$A:$B,2,FALSE)," ") -> 8. General liability insurance | B43: 36 | C43: 8. Bendrosios civilinės atsakomybės draudimas | D43: 0 | E43: 0 | F43: 0 | G43: 11731 | H43: 0 | I43: 73941 | J43: 0 | K43: 0 | L43: 102747 | M43: 76963 | N43: 0 | O43: 32446 | P43: 0 | Q43: 27800 | R43: 0 | S43: 286009 | T43: 0 | U43: 0 | V43: 0 | W43: 234856 | X43: 0 | Y43: 846493
A44: =IFERROR(VLOOKUP(C44,'LT-EN'!$A:$B,2,FALSE)," ") -> 8.1. Compulsory liability insurance | B44: 37 | C44: 8.1. Privalomieji bendrosios civilinės atsakomybės draudimai | H44: 0 | I44: 1706 | L44: 8172 | M44: 2154 | O44: 1492 | Q44: 965 | S44: 1077 | Y44: 15566
A45: =IFERROR(VLOOKUP(C45,'LT-EN'!$A:$B,2,FALSE)," ") -> 8.2. Other | B45: 38 | C45: 8.2. Kita | D45: 0 | E45: 0 | F45: 0 | G45: 11731 | H45: 0 | I45: 72235 | J45: 0 | K45: 0 | L45: 94575 | M45: 74809 | N45: 0 | O45: 30954 | P45: 0 | Q45: 26835 | R45: 0 | S45: 284932 | T45: 0 | U45: 0 | V45: 0 | W45: 234856 | X45: 0 | Y45: 830927
A46: =IFERROR(VLOOKUP(C46,'LT-EN'!$A:$B,2,FALSE)," ") -> 8.2.1. Policyholders - legal persons | B46: 39 | C46: 8.2.1. Draudėjai - juridiniai asmenys | G46: 1431 | H46: 0 | I46: 5888 | L46: 7850 | M46: 3193 | O46: 2065 | P46: 0 | Q46: 2814 | S46: 7672 | W46: 45 | Y46: 30958
A47: =IFERROR(VLOOKUP(C47,'LT-EN'!$A:$B,2,FALSE)," ") -> 8.2.2. Policyholders - natural persons | B47: 40 | C47: 8.2.2. Draudėjai - fiziniai asmenys | G47: 10300 | H47: 0 | I47: 66347 | L47: 86725 | M47: 71616 | O47: 28889 | Q47: 24021 | S47: 277260 | W47: 234811 | Y47: 799969
A48: =IFERROR(VLOOKUP(C48,'LT-EN'!$A:$B,2,FALSE)," ") -> 9. Credit and suretyship insurance | B48: 41 | C48: 9. Kredito ir laidavimo draudimas | D48: 0 | E48: 0 | F48: 0 | G48: 3 | H48: 0 | I48: 11879 | J48: 295 | K48: 0 | L48: 3394 | M48: 4167 | N48: 0 | O48: 1823 | P48: 0 | Q48: 255 | R48: 3830 | S48: 3998 | T48: 0 | U48: 0 | V48: 0 | W48: 0 | X48: 0 | Y48: 29644
A49: =IFERROR(VLOOKUP(C49,'LT-EN'!$A:$B,2,FALSE)," ") -> 9.1. Credit insurance | B49: 42 | C49: 9.1. Kredito draudimas | H49: 0 | I49: 0 | J49: 295 | L49: 0 | O49: 0 | Q49: 0 | S49: 0 | Y49: 295
A50: =IFERROR(VLOOKUP(C50,'LT-EN'!$A:$B,2,FALSE)," ") -> 9.2. Suretyship insurance | B50: 43 | C50: 9.2. Laidavimo draudimas | D50: 0 | E50: 0 | F50: 0 | G50: 3 | H50: 0 | I50: 11879 | J50: 0 | K50: 0 | L50: 3394 | M50: 4167 | N50: 0 | O50: 1823 | P50: 0 | Q50: 255 | R50: 3830 | S50: 3998 | T50: 0 | U50: 0 | V50: 0 | W50: 0 | X50: 0 | Y50: 29349
A51: =IFERROR(VLOOKUP(C51,'LT-EN'!$A:$B,2,FALSE)," ") -> 9.2.1 Insurance of liability performing customs procedures | B51: 44 | C51: 9.2.1 Atsakomybės, atliekant muitinės procedūras, draudimas | H51: 0 | I51: 2729 | L51: 0 | M51: 95 | O51: 0 | Q51: 0 | R51: 3830 | S51: 0 | Y51: 6654
A52: =IFERROR(VLOOKUP(C52,'LT-EN'!$A:$B,2,FALSE)," ") -> 9.2.2. Other suretyship insurance | B52: 45 | C52: 9.2.2. Kitas laidavimo draudimas | G52: 3 | H52: 0 | I52: 9150 | L52: 3394 | M52: 4072 | O52: 1823 | Q52: 255 | S52: 3998 | Y52: 22695
A53: =IFERROR(VLOOKUP(C53,'LT-EN'!$A:$B,2,FALSE)," ") -> 10. Legal expenses insurance | B53: 46 | C53: 10. Teisinių išlaidų draudimas | H53: 0 | I53: 1 | L53: 0 | O53: 0 | Q53: 0 | S53: 0 | Y53: 1
A54: =IFERROR(VLOOKUP(C54,'LT-EN'!$A:$B,2,FALSE)," ") -> 11. Assistance | B54: 47 | C54: 11. Pagalbos draudimas | G54: 24884 | H54: 0 | I54: 79705 | L54: 42552 | M54: 121714 | O54: 79305 | Q54: 0 | S54: 0 | Y54: 348160
A55: =IFERROR(VLOOKUP(C55,'LT-EN'!$A:$B,2,FALSE)," ") -> 12. Miscellaneous financial loss | B55: 48 | C55: 12. Finansinių nuostolių draudimas | G55: 20 | H55: 0 | I55: 155 | L55: 473 | M55: 1 | O55: 151 | Q55: 124 | S55: 288 | W55: 95378 | Y55: 96590
A56: =IFERROR(VLOOKUP(C56,'LT-EN'!$A:$B,2,FALSE)," ") -> LIFE ASSURANCE | B56: 49 | C56: GYVYBĖS DRAUDIMAS | D56: 76117 | E56: 51156 | F56: 0 | G56: 0 | H56: 0 | I56: 0 | J56: 0 | K56: 152330 | L56: 0 | M56: 0 | N56: 63833 | O56: 0 | P56: 0 | Q56: 0 | R56: 0 | S56: 0 | T56: 45489 | U56: 149855 | V56: 206683 | W56: 0 | X56: 0 | Y56: 745463
A57: =IFERROR(VLOOKUP(C57,'LT-EN'!$A:$B,2,FALSE)," ") -> 1. Health insurance | B57: 50 | C57: 1. Sveikatos draudimas | K57: 4071 | N57: 15384 | O57: 0 | T57: 0 | Y57: 19455
A58: =IFERROR(VLOOKUP(C58,'LT-EN'!$A:$B,2,FALSE)," ") -> 2. Insurance with profit participation | B58: 51 | C58: 2. Draudimas su teise dalytis pelną | D58: 0 | E58: 2348 | F58: 0 | G58: 0 | H58: 0 | I58: 0 | J58: 0 | K58: 29509 | L58: 0 | M58: 0 | N58: 9718 | O58: 0 | P58: 0 | Q58: 0 | R58: 0 | S58: 0 | T58: 8578 | U58: 394 | V58: 718 | W58: 0 | X58: 0 | Y58: 51265
A59: =IFERROR(VLOOKUP(C59,'LT-EN'!$A:$B,2,FALSE)," ") -> 2.1. Insurance in case of survival | B59: 52 | C59: 2.1. Draudimas išgyvenimo atveju | E59: 1958 | K59: 29509 | N59: 8050 | O59: 0 | T59: 8578 | U59: 82 | V59: 716 | Y59: 48893
A60: =IFERROR(VLOOKUP(C60,'LT-EN'!$A:$B,2,FALSE)," ") -> 2.2. Annuities | B60: 53 | C60: 2.2. Anuitetai | E60: 390 | K60: 0 | N60: 1668 | O60: 0 | Q60: 0 | U60: 312 | V60: 0 | Y60: 2370
A61: =IFERROR(VLOOKUP(C61,'LT-EN'!$A:$B,2,FALSE)," ") -> 2.3.Insurance in case of death | B61: 54 | C61: 2.3. Draudimas mirties atveju | K61: 0 | O61: 0 | V61: 0 | Y61: 0
A62: =IFERROR(VLOOKUP(C62,'LT-EN'!$A:$B,2,FALSE)," ") -> 2.4. Other insurance with profit participation | B62: 55 | C62: 2.4. Kitas draudimas, suteikiantis teisę gauti pelno dalį | K62: 0 | O62: 0 | V62: 2 | Y62: 2
A63: =IFERROR(VLOOKUP(C63,'LT-EN'!$A:$B,2,FALSE)," ") -> 3. Index-linked and unit-linked insurance | B63: 56 | C63: 3. Su indeksu ir investiciniais vienetais susijęs draudimas | D63: 69973 | E63: 41619 | F63: 0 | G63: 0 | H63: 0 | I63: 0 | J63: 0 | K63: 108468 | L63: 0 | M63: 0 | N63: 23816 | O63: 0 | P63: 0 | Q63: 0 | R63: 0 | S63: 0 | T63: 33212 | U63: 79252 | V63: 83216 | W63: 0 | X63: 0 | Y63: 439556
A64: =IFERROR(VLOOKUP(C64,'LT-EN'!$A:$B,2,FALSE)," ") -> 3.1. Index-linked and unit-linked insurance, when the insurance risk is significant | B64: 57 | C64: 3.1. Su indeksu ir investiciniais vienetais susijęs draudimas, kai draudimo rizika yra reikšminga | D64: 69973 | E64: 34132 | K64: 0 | N64: 20622 | O64: 0 | T64: 29760 | U64: 25806 | V64: 78768 | Y64: 259061
A65: =IFERROR(VLOOKUP(C65,'LT-EN'!$A:$B,2,FALSE)," ") -> 3.2. Index-linked and unit-linked insurance, when the insurance risk is insignificant | B65: 58 | C65: 3.2. Su indeksu ir investiciniais vienetais susijęs draudimas, kai draudimo rizika yra nereikšminga | E65: 7487 | K65: 108468 | N65: 3194 | O65: 0 | T65: 3452 | U65: 53446 | V65: 4448 | Y65: 180495
A66: =IFERROR(VLOOKUP(C66,'LT-EN'!$A:$B,2,FALSE)," ") -> 4. Other life insurance | B66: 59 | C66: 4. Kitas gyvybės draudimas | D66: 6144 | E66: 7189 | F66: 0 | G66: 0 | H66: 0 | I66: 0 | J66: 0 | K66: 10282 | L66: 0 | M66: 0 | N66: 14915 | O66: 0 | P66: 0 | Q66: 0 | R66: 0 | S66: 0 | T66: 3699 | U66: 70209 | V66: 122749 | W66: 0 | X66: 0 | Y66: 235187
A67: =IFERROR(VLOOKUP(C67,'LT-EN'!$A:$B,2,FALSE)," ") -> 4.1. Insurance in case of survival | B67: 60 | C67: 4.1. Draudimas išgyvenimo atveju | K67: 0 | O67: 0 | V67: 0 | Y67: 0
A68: =IFERROR(VLOOKUP(C68,'LT-EN'!$A:$B,2,FALSE)," ") -> 4.2. Annuities | B68: 61 | C68: 4.2. Anuitetai | K68: 13 | O68: 0 | V68: 0 | Y68: 13
A69: =IFERROR(VLOOKUP(C69,'LT-EN'!$A:$B,2,FALSE)," ") -> 4.3. Insurance in case of death | B69: 62 | C69: 4.3. Draudimas mirties atveju | D69: 6144 | E69: 7189 | K69: 10269 | N69: 14915 | O69: 0 | T69: 3699 | U69: 70209 | V69: 122749 | Y69: 235174
A70: =IFERROR(VLOOKUP(C70,'LT-EN'!$A:$B,2,FALSE)," ") -> 4.4. Other life insurance | B70: 63 | C70: 4.4. Kitas gyvybės draudimas | K70: 0 | O70: 0 | V70: 0 | Y70: 0
A71: =IFERROR(VLOOKUP(C71,'LT-EN'!$A:$B,2,FALSE), " " )
A72: =IFERROR(VLOOKUP(C72,'LT-EN'!$A:$B,2,FALSE), " " )
A73: =IFERROR(VLOOKUP(C73,'LT-EN'!$A:$B,2,FALSE), " " )
A74: =IFERROR(VLOOKUP(C74,'LT-EN'!$A:$B,2,FALSE), " " )
A75: =IFERROR(VLOOKUP(C75,'LT-EN'!$A:$B,2,FALSE), " " )
A76: =IFERROR(VLOOKUP(C76,'LT-EN'!$A:$B,2,FALSE), " " )
A77: =IFERROR(VLOOKUP(C77,'LT-EN'!$A:$B,2,FALSE), " " )
A78: =IFERROR(VLOOKUP(C78,'LT-EN'!$A:$B,2,FALSE), " " )
A79: =IFERROR(VLOOKUP(C79,'LT-EN'!$A:$B,2,FALSE), " " )
A80: =IFERROR(VLOOKUP(C80,'LT-EN'!$A:$B,2,FALSE), " " )
A81: =IFERROR(VLOOKUP(C81,'LT-EN'!$A:$B,2,FALSE), " " )
A82: =IFERROR(VLOOKUP(C82,'LT-EN'!$A:$B,2,FALSE), " " )
... A89: =IFERROR(VLOOKUP(C89,'LT-EN'!$A:$B,2,FALSE), " " )

Sheet DSR3
A1: Insurance contracts cancelled, units | C1: Nutrauktos draudimo sutartys, vnt.
A3: ='DSR1'!C3 -> 2026-09-30
B5: Per ataskaitinį laikotarpį nutrauktos draudimo sutartys, vnt.
A6: Business lines / Insurers | B6: eil.nr | C6: Draudimo grupės / Draudikai | D6: Allianz Lietuva gyvybės draudimas | E6: Artea Life Insurance | F6: ATRADIUS filialas | G6: Balcia Insurance filialas | H6: Baltijas Apdrosinasanas Nams filialas | I6: BTA Insurance Company filialas | J6: COFACE filialas | K6: Compensa Life VIG filialas | L6: Compensa VIG | M6: ERGO Insurance filialas | N6: ERGO Life Insurance | O6: Gjensidige | P6: If P&C Insurance (publ) filialas | Q6: If P&C Insurance filialas | R6: Lamantinas | S6: Lietuvos draudimas | T6: PZU Lietuva gyvybės draudimas | U6: SEB Life and Pension Baltic filialas | V6: Swedbank Life Insurance filialas | W6: Swedbank P&C Insurance filialas | X6: Vereinigte Hagelversicherung filialas VH Lietuva | Y6: All
A7: =IFERROR(VLOOKUP(C7,'LT-EN'!$A:$B,2,FALSE)," ") -> ALL | B7: 0 | C7: Visos | D7: 4461 | E7: 2644 | F7: 0 | G7: 0 | H7: 0 | I7: 0 | J7: 0 | K7: 8461 | L7: 0 | M7: 0 | N7: 2565 | O7: 0 | P7: 0 | Q7: 0 | R7: 0 | S7: 0 | T7: 1627 | U7: 9610 | V7: 7401 | W7: 0 | X7: 0 | Y7: 36769
A8: =IFERROR(VLOOKUP(C8,'LT-EN'!$A:$B,2,FALSE)," ") -> LIFE ASSURANCE | B8: 49 | C8: GYVYBĖS DRAUDIMAS | D8: 4461 | E8: 2644 | F8: 0 | G8: 0 | H8: 0 | I8: 0 | J8: 0 | K8: 8461 | L8: 0 | M8: 0 | N8: 2565 | O8: 0 | P8: 0 | Q8: 0 | R8: 0 | S8: 0 | T8: 1627 | U8: 9610 | V8: 7401 | W8: 0 | X8: 0 | Y8: 36769
A9: =IFERROR(VLOOKUP(C9,'LT-EN'!$A:$B,2,FALSE)," ") -> 1. Health insurance | B9: 50 | C9: 1. Sveikatos draudimas | K9: 98 | N9: 640 | O9: 0 | T9: 1 | Y9: 739
A10: =IFERROR(VLOOKUP(C10,'LT-EN'!$A:$B,2,FALSE)," ") -> 2. Insurance with profit participation | B10: 51 | C10: 2. Draudimas su teise dalytis pelną | D10: 0 | E10: 91 | F10: 0 | G10: 0 | H10: 0 | I10: 0 | J10: 0 | K10: 2422 | L10: 0 | M10: 0 | N10: 380 | O10: 0 | P10: 0 | Q10: 0 | R10: 0 | S10: 0 | T10: 299 | U10: 2 | V10: 26 | W10: 0 | X10: 0 | Y10: 3220
A11: =IFERROR(VLOOKUP(C11,'LT-EN'!$A:$B,2,FALSE)," ") -> 2.1. Insurance in case of survival | B11: 52 | C11: 2.1. Draudimas išgyvenimo atveju | E11: 77 | K11: 2422 | N11: 293 | O11: 0 | T11: 299 | U11: 2 | V11: 26 | Y11: 3119
A12: =IFERROR(VLOOKUP(C12,'LT-EN'!$A:$B,2,FALSE)," ") -> 2.2. Annuities | B12: 53 | C12: 2.2. Anuitetai | E12: 14 | K12: 0 | N12: 87 | O12: 0 | Q12: 0 | U12: 0 | V12: 0 | Y12: 101
A13: =IFERROR(VLOOKUP(C13,'LT-EN'!$A:$B,2,FALSE)," ") -> 2.3.Insurance in case of death | B13: 54 | C13: 2.3. Draudimas mirties atveju | K13: 0 | O13: 0 | V13: 0 | Y13: 0
A14: =IFERROR(VLOOKUP(C14,'LT-EN'!$A:$B,2,FALSE)," ") -> 2.4. Other insurance with profit participation | B14: 55 | C14: 2.4. Kitas draudimas, suteikiantis teisę gauti pelno dalį | K14: 0 | O14: 0 | V14: 0 | Y14: 0
A15: =IFERROR(VLOOKUP(C15,'LT-EN'!$A:$B,2,FALSE)," ") -> 3. Index-linked and unit-linked insurance | B15: 56 | C15: 3. Su indeksu ir investiciniais vienetais susijęs draudimas | D15: 3762 | E15: 2003 | F15: 0 | G15: 0 | H15: 0 | I15: 0 | J15: 0 | K15: 5643 | L15: 0 | M15: 0 | N15: 852 | O15: 0 | P15: 0 | Q15: 0 | R15: 0 | S15: 0 | T15: 1132 | U15: 3511 | V15: 3470 | W15: 0 | X15: 0 | Y15: 20373
A16: =IFERROR(VLOOKUP(C16,'LT-EN'!$A:$B,2,FALSE)," ") -> 3.1. Index-linked and unit-linked insurance, when the insurance risk is significant | B16: 57 | C16: 3.1. Su indeksu ir investiciniais vienetais susijęs draudimas, kai draudimo rizika yra reikšminga | D16: 3762 | E16: 1605 | K16: 0 | N16: 732 | O16: 0 | T16: 962 | U16: 736 | V16: 3265 | Y16: 11062
A17: =IFERROR(VLOOKUP(C17,'LT-EN'!$A:$B,2,FALSE)," ") -> 3.2. Index-linked and unit-linked insurance, when the insurance risk is insignificant | B17: 58 | C17: 3.2. Su indeksu ir investiciniais vienetais susijęs draudimas, kai draudimo rizika yra nereikšminga | E17: 398 | K17: 5643 | N17: 120 | O17: 0 | T17: 170 | U17: 2775 | V17: 205 | Y17: 9311
A18: =IFERROR(VLOOKUP(C18,'LT-EN'!$A:$B,2,FALSE)," ") -> 4. Other life insurance | B18: 59 | C18: 4. Kitas gyvybės draudimas | D18: 699 | E18: 550 | F18: 0 | G18: 0 | H18: 0 | I18: 0 | J18: 0 | K18: 298 | L18: 0 | M18: 0 | N18: 693 | O18: 0 | P18: 0 | Q18: 0 | R18: 0 | S18: 0 | T18: 195 | U18: 6097 | V18: 3905 | W18: 0 | X18: 0 | Y18: 12437
A19: =IFERROR(VLOOKUP(C19,'LT-EN'!$A:$B,2,FALSE)," ") -> 4.1. Insurance in case of survival | B19: 60 | C19: 4.1. Draudimas išgyvenimo atveju | K19: 0 | O19: 0 | V19: 0 | Y19: 0
A20: =IFERROR(VLOOKUP(C20,'LT-EN'!$A:$B,2,FALSE)," ") -> 4.2. Annuities | B20: 61 | C20: 4.2. Anuitetai | K20: 0 | O20: 0 | V20: 0 | Y20: 0
A21: =IFERROR(VLOOKUP(C21,'LT-EN'!$A:$B,2,FALSE)," ") -> 4.3. Insurance in case of death | B21: 62 | C21: 4.3. Draudimas mirties atveju | D21: 699 | E21: 550 | K21: 298 | N21: 693 | O21: 0 | T21: 195 | U21: 6097 | V21: 3905 | Y21: 12437
A22: =IFERROR(VLOOKUP(C22,'LT-EN'!$A:$B,2,FALSE)," ") -> 4.4. Other life insurance | B22: 63 | C22: 4.4. Kitas gyvybės draudimas | K22: 0 | O22: 0 | V22: 0 | Y22: 0
A23: =IFERROR(VLOOKUP(C23,'LT-EN'!$A:$B,2,FALSE)," ")
A24: =IFERROR(VLOOKUP(C24,'LT-EN'!$A:$B,2,FALSE)," ")
A25: =IFERROR(VLOOKUP(C25,'LT-EN'!$A:$B,2,FALSE)," ")
A26: =IFERROR(VLOOKUP(C26,'LT-EN'!$A:$B,2,FALSE)," ")
A27: =IFERROR(VLOOKUP(C27,'LT-EN'!$A:$B,2,FALSE)," ")
A28: =IFERROR(VLOOKUP(C28,'LT-EN'!$A:$B,2,FALSE)," ")
A29: =IFERROR(VLOOKUP(C29,'LT-EN'!$A:$B,2,FALSE)," ")
A30: =IFERROR(VLOOKUP(C30,'LT-EN'!$A:$B,2,FALSE)," ")
A31: =IFERROR(VLOOKUP(C31,'LT-EN'!$A:$B,2,FALSE)," ")
A32: =IFERROR(VLOOKUP(C32,'LT-EN'!$A:$B,2,FALSE)," ")
A33: =IFERROR(VLOOKUP(C33,'LT-EN'!$A:$B,2,FALSE)," ")
A34: =IFERROR(VLOOKUP(C34,'LT-EN'!$A:$B,2,FALSE)," ")
... A265: =IFERROR(VLOOKUP(C265,'LT-EN'!$A:$B,2,FALSE)," ")

Sheet DSR5
A1: Insurance premiums, EUR | C1: Draudimo įmokos, Eur
A3: ='DSR1'!C3 -> 2026-09-30
B5: Draudimo įmokos iš viso, Eur
A6: Business lines / Insurers | B6: eil.nr | C6: Draudimo grupės / Draudikai | D6: Allianz Lietuva gyvybės draudimas | E6: Artea Life Insurance | F6: ATRADIUS filialas | G6: Balcia Insurance filialas | H6: Baltijas Apdrosinasanas Nams filialas | I6: BTA Insurance Company filialas | J6: COFACE filialas | K6: Compensa Life VIG filialas | L6: Compensa VIG | M6: ERGO Insurance filialas | N6: ERGO Life Insurance | O6: Gjensidige | P6: If P&C Insurance (publ) filialas | Q6: If P&C Insurance filialas | R6: Lamantinas | S6: Lietuvos draudimas | T6: PZU Lietuva gyvybės draudimas | U6: SEB Life and Pension Baltic filialas | V6: Swedbank Life Insurance filialas | W6: Swedbank P&C Insurance filialas | X6: Vereinigte Hagelversicherung filialas VH Lietuva | Y6: All
A7: =IFERROR(VLOOKUP(C7,'LT-EN'!$A:$B,2,FALSE)," ") -> ALL | B7: 0 | C7: Visos | D7: 80822196 | E7: 26398827 | F7: 0 | G7: 29644057 | H7: 1306366.5 | I7: 168240063 | J7: 4999174 | K7: 98006846 | L7: 1.1411607e+08 | M7: 1.5170123e+08 | N7: 27870571 | O7: 32330609 | P7: 0 | Q7: 62876953 | R7: 1163805 | S7: 2.9771989e+08 | T7: 24185761 | U7: 60177662 | V7: 65464514 | W7: 61874342 | X7: 22352295 | Y7: 1.3312512e+09
A8: =IFERROR(VLOOKUP(C8,'LT-EN'!$A:$B,2,FALSE)," ") -> NON-LIFE INSURANCE | B8: 1 | C8: NE GYVYBĖS DRAUDIMAS | D8: 0 | E8: 0 | F8: 0 | G8: 29644057 | H8: 1306366.5 | I8: 168240063 | J8: 4999174 | K8: 28847134 | L8: 1.1411607e+08 | M8: 1.5170123e+08 | N8: 6848253.4 | O8: 32330609 | P8: 0 | Q8: 62876953 | R8: 1163805 | S8: 2.9771989e+08 | T8: 0 | U8: 448243.06 | V8: 0 | W8: 61874342 | X8: 22352295 | Y8: 9.8446849e+08
A9: =IFERROR(VLOOKUP(C9,'LT-EN'!$A:$B,2,FALSE)," ") -> 1. Medical expense insurance | B9: 2 | C9: 1. Medicininių išlaidų draudimas | D9: 0 | E9: 0 | F9: 0 | G9: 1052325.1 | H9: 0 | I9: 22202504 | J9: 0 | K9: 28847134 | L9: 12509976 | M9: 2078991.5 | N9: 6848253.4 | O9: 6770961 | P9: 0 | Q9: 1005905.1 | R9: 0 | S9: 21590952 | T9: 0 | U9: 0 | V9: 0 | W9: 2364879.9 | X9: 0 | Y9: 1.0527188e+08
A10: =IFERROR(VLOOKUP(C10,'LT-EN'!$A:$B,2,FALSE)," ") -> 1.1. Supplementary voluntary health insurance | B10: 3 | C10: 1.1. Papildomasis savanoriškasis sveikatos draudimas | D10: 0 | E10: 0 | F10: 0 | G10: 0 | H10: 0 | I10: 18037124 | J10: 0 | K10: 28847134 | L10: 11274327 | M10: 0 | N10: 6848253.4 | O10: 5781885.5 | P10: 0 | Q10: 0 | R10: 0 | S10: 18380348 | T10: 0 | U10: 0 | V10: 0 | W10: 0 | X10: 0 | Y10: 89169072
A11: =IFERROR(VLOOKUP(C11,'LT-EN'!$A:$B,2,FALSE)," ") -> 1.1.1. Policyholders - legal persons | B11: 4 | C11: 1.1.1. Draudėjai - juridiniai asmenys | H11: 0 | I11: 16283777 | K11: 28847134 | L11: 11237504 | N11: 6791579.6 | O11: 5767349.5 | Q11: 0 | S11: 13685950 | Y11: 82613294
A12: =IFERROR(VLOOKUP(C12,'LT-EN'!$A:$B,2,FALSE)," ") -> 1.1.2. Policyholders - natural persons | B12: 5 | C12: 1.1.2. Draudėjai - fiziniai asmenys | H12: 0 | I12: 1753347 | L12: 36823.19 | N12: 56673.74 | O12: 14535.95 | Q12: 0 | S12: 4694397.5 | Y12: 6555777.4
A13: =IFERROR(VLOOKUP(C13,'LT-EN'!$A:$B,2,FALSE)," ") -> 1.2. Other | B13: 6 | C13: 1.2. Kita | D13: 0 | E13: 0 | F13: 0 | G13: 1052325.1 | H13: 0 | I13: 4165380 | J13: 0 | K13: 0 | L13: 1235649.2 | M13: 2078991.5 | N13: 0 | O13: 989075.54 | P13: 0 | Q13: 1005905.1 | R13: 0 | S13: 3210603.7 | T13: 0 | U13: 0 | V13: 0 | W13: 2364879.9 | X13: 0 | Y13: 16102810
A14: =IFERROR(VLOOKUP(C14,'LT-EN'!$A:$B,2,FALSE)," ") -> 1.2.1. Policyholders - legal persons | B14: 7 | C14: 1.2.1. Draudėjai - juridiniai asmenys | G14: 298389.55 | H14: 0 | I14: 955840 | L14: 547648.15 | M14: 550192.35 | O14: 105666.31 | Q14: 170384.77 | S14: 1073268.4 | W14: 83.75 | Y14: 3701473.3
A15: =IFERROR(VLOOKUP(C15,'LT-EN'!$A:$B,2,FALSE)," ") -> 1.2.2. Policyholders - natural persons | B15: 8 | C15: 1.2.2. Draudėjai - fiziniai asmenys | G15: 753935.56 | H15: 0 | I15: 3209540 | L15: 688001.03 | M15: 1528799.1 | O15: 883409.23 | Q15: 835520.33 | S15: 2137335.2 | W15: 2364796.2 | Y15: 12401337
A16: =IFERROR(VLOOKUP(C16,'LT-EN'!$A:$B,2,FALSE)," ") -> 2. Income protection insurance | B16: 9 | C16: 2. Pajamų apsaugos draudimas | D16: 0 | E16: 0 | F16: 0 | G16: 991838.67 | H16: 0 | I16: 6636365 | J16: 0 | K16: 0 | L16: 3059463.8 | M16: 7973112.3 | N16: 0 | O16: 1438902 | P16: 0 | Q16: 1035126.1 | R16: 0 | S16: 20577548 | T16: 0 | U16: 448243.06 | V16: 0 | W16: 2269723.9 | X16: 0 | Y16: 44430322
A17: =IFERROR(VLOOKUP(C17,'LT-EN'!$A:$B,2,FALSE)," ") -> 2.1. Policyholders - legal persons | B17: 10 | C17: 2.1. Draudėjai - juridiniai asmenys | G17: 528258.98 | H17: 0 | I17: 1352658 | L17: 840813.85 | M17: 1236092.2 | O17: 270821.67 | Q17: 680531.72 | S17: 1816504.1 | U17: 448243.06 | W17: 59.89 | Y17: 7173983.5
A18: =IFERROR(VLOOKUP(C18,'LT-EN'!$A:$B,2,FALSE)," ") -> 2.2. Policyholders - natural persons | B18: 11 | C18: 2.2. Draudėjai - fiziniai asmenys | G18: 463579.69 | H18: 0 | I18: 5283707 | L18: 2218649.9 | M18: 6737020.1 | O18: 1168080.3 | Q18: 354594.42 | S18: 18761043 | W18: 2269664 | Y18: 37256339
A19: =IFERROR(VLOOKUP(C19,'LT-EN'!$A:$B,2,FALSE)," ") -> 3. Workers' compensation insurance | B19: 12 | C19: 3. Nelaimingų atsitikimų darbe draudimas | H19: 0 | I19: 0 | L19: 0 | M19: 0 | O19: 0 | Q19: 0 | S19: 0 | Y19: 0
A20: =IFERROR(VLOOKUP(C20,'LT-EN'!$A:$B,2,FALSE)," ") -> 4. Motor vehicle liability insurance | B20: 13 | C20: 4. Motorinių transporto priemonių valdytojų civilinės atsakomybės draudimas | D20: 0 | E20: 0 | F20: 0 | G20: 14882762 | H20: 1306366.5 | I20: 55918270 | J20: 0 | K20: 0 | L20: 24788952 | M20: 60190330 | N20: 0 | O20: 11177205 | P20: 0 | Q20: 18769611 | R20: 0 | S20: 85878794 | T20: 0 | U20: 0 | V20: 0 | W20: 5767266.3 | X20: 0 | Y20: 2.7867956e+08
A21: =IFERROR(VLOOKUP(C21,'LT-EN'!$A:$B,2,FALSE)," ") -> 4.1. Liability arising out of the use of motor vehicles operating on the land insurance | B21: 14 | C21: 4.1. Sausumos transporto priemonių valdytojų civilinės atsakomybės draudimas | D21: 0 | E21: 0 | F21: 0 | G21: 14882762 | H21: 1306366.5 | I21: 55016332 | J21: 0 | K21: 0 | L21: 24788952 | M21: 58833355 | N21: 0 | O21: 11021125 | P21: 0 | Q21: 18062747 | R21: 0 | S21: 84423296 | T21: 0 | U21: 0 | V21: 0 | W21: 5767266.3 | X21: 0 | Y21: 2.741022e+08
A22: =IFERROR(VLOOKUP(C22,'LT-EN'!$A:$B,2,FALSE)," ") -> 4.1.1. Policyholders - legal persons | B22: 15 | C22: 4.1.1. Draudėjai - juridiniai asmenys | G22: 9161798.2 | H22: 99.77 | I22: 35252129 | L22: 6374119.8 | M22: 27417428 | O22: 2832488.6 | Q22: 12539044 | S22: 34985839 | W22: 341291.19 | Y22: 1.2890424e+08
A23: =IFERROR(VLOOKUP(C23,'LT-EN'!$A:$B,2,FALSE)," ") -> 4.1.2. Policyholders - natural persons | B23: 16 | C23: 4.1.2. Draudėjai - fiziniai asmenys | G23: 5720964 | H23: 1306266.8 | I23: 19764203 | L23: 18414832 | M23: 31415926 | O23: 8188636.4 | Q23: 5523702.5 | S23: 49437456 | W23: 5425975.1 | Y23: 1.4519796e+08
A24: =IFERROR(VLOOKUP(C24,'LT-EN'!$A:$B,2,FALSE)," ") -> 4.2. Carrier third party liability (CMR) insurance | B24: 17 | C24: 4.2. Vežėjų civilinės atsakomybės draudimas | H24: 0 | I24: 882614 | L24: 0 | M24: 1356975.7 | O24: 155118.1 | Q24: 706864.51 | S24: 1043731.1 | Y24: 4145303.4
A25: =IFERROR(VLOOKUP(C25,'LT-EN'!$A:$B,2,FALSE)," ") -> 4.3. Liability arising out of use railway rolling stock insurance | B25: 18 | C25: 4.3. Geležinkelių transporto priemonių valdytojų civilinės atsakomybės draudimas | H25: 0 | I25: 19324 | L25: 0 | O25: 962 | Q25: 0 | S25: 411767 | Y25: 432053
A26: =IFERROR(VLOOKUP(C26,'LT-EN'!$A:$B,2,FALSE)," ") -> 5. Other motor insurance | B26: 19 | C26: 5. Kitas transporto priemonių draudimas | D26: 0 | E26: 0 | F26: 0 | G26: 7674198.6 | H26: 0 | I26: 39631350 | J26: 0 | K26: 0 | L26: 29950049 | M26: 37583784 | N26: 0 | O26: 3520825.8 | P26: 0 | Q26: 24932201 | R26: 0 | S26: 72594192 | T26: 0 | U26: 0 | V26: 0 | W26: 15794613 | X26: 0 | Y26: 2.3168121e+08
A27: =IFERROR(VLOOKUP(C27,'LT-EN'!$A:$B,2,FALSE)," ") -> 5.1. Land vehicles other than railway rolling stock insurance | B27: 20 | C27: 5.1. Sausumos transporto priemonių, išskyrus geležinkelio transporto priemones, draudimas | D27: 0 | E27: 0 | F27: 0 | G27: 7674198.6 | H27: 0 | I27: 39594504 | J27: 0 | K27: 0 | L27: 29950049 | M27: 37579248 | N27: 0 | O27: 3520825.8 | P27: 0 | Q27: 24932201 | R27: 0 | S27: 72580069 | T27: 0 | U27: 0 | V27: 0 | W27: 15794613 | X27: 0 | Y27: 2.3162571e+08
A28: =IFERROR(VLOOKUP(C28,'LT-EN'!$A:$B,2,FALSE)," ") -> 5.1.1. Policyholders - legal persons | B28: 21 | C28: 5.1.1. Draudėjai - juridiniai asmenys | G28: 3458274 | H28: 0 | I28: 22794443 | L28: 11037459 | M28: 17165626 | O28: 1563335 | Q28: 12824609 | S28: 35725795 | W28: 2003344 | Y28: 1.0657288e+08
A29: =IFERROR(VLOOKUP(C29,'LT-EN'!$A:$B,2,FALSE)," ") -> 5.1.2. Policyholders - natural persons | B29: 22 | C29: 5.1.2. Draudėjai - fiziniai asmenys | G29: 4215924.5 | H29: 0 | I29: 16800061 | L29: 18912590 | M29: 20413622 | O29: 1957490.8 | Q29: 12107592 | S29: 36854274 | W29: 13791269 | Y29: 1.2505282e+08
A30: =IFERROR(VLOOKUP(C30,'LT-EN'!$A:$B,2,FALSE)," ") -> 5.2. Railway rolling stock insurance | B30: 23 | C30: 5.2. Geležinkelio transporto priemonių draudimas | H30: 0 | I30: 36846 | L30: 0 | M30: 4536.47 | O30: 0 | Q30: 0 | S30: 14122.33 | Y30: 55504.8
A31: =IFERROR(VLOOKUP(C31,'LT-EN'!$A:$B,2,FALSE)," ") -> 6. Marine, aviation and transport insurance | B31: 24 | C31: 6. Jūrų, oro ir sausumos transporto priemonių draudimas | D31: 0 | E31: 0 | F31: 0 | G31: 0 | H31: 0 | I31: 731870 | J31: 0 | K31: 0 | L31: 585519.32 | M31: 1252572.6 | N31: 0 | O31: 467669.74 | P31: 0 | Q31: 278523.33 | R31: 0 | S31: 615270.46 | T31: 0 | U31: 0 | V31: 0 | W31: 0 | X31: 0 | Y31: 3931425.4
A32: =IFERROR(VLOOKUP(C32,'LT-EN'!$A:$B,2,FALSE)," ") -> 6.1. Liability arising out of use of ships (sea and internal waters) insurance | B32: 25 | C32: 6.1. Laivų (jūrų ir vidaus vandenų) valdytojų civilinės atsakomybės draudimas | H32: 0 | I32: 65369 | L32: 0 | O32: 740 | Q32: 0 | S32: 18479.64 | Y32: 84588.64
A33: =IFERROR(VLOOKUP(C33,'LT-EN'!$A:$B,2,FALSE)," ") -> 6.2. Ships (sea and internal waters) insurance | B33: 26 | C33: 6.2. Laivų (jūrų ir vidaus vandenų) draudimas | H33: 0 | I33: 187416 | L33: 0 | M33: 130305.85 | O33: 3598 | P33: 0 | Q33: 23523.383 | S33: 89758.54 | Y33: 434601.77
A34: =IFERROR(VLOOKUP(C34,'LT-EN'!$A:$B,2,FALSE)," ") -> 6.3. Liability arising out of the use of aircraft insurance | B34: 27 | C34: 6.3. Skraidymo aparatų valdytojų civilinės atsakomybės draudimas | H34: 0 | I34: 120259 | L34: 0 | O34: 0 | Q34: 0 | S34: 18570 | Y34: 138829
A35: =IFERROR(VLOOKUP(C35,'LT-EN'!$A:$B,2,FALSE)," ") -> 6.4. Aircraft insurance | B35: 28 | C35: 6.4. Skraidymo aparatų draudimas | H35: 0 | I35: 54406 | L35: 0 | O35: 0 | Q35: 0 | S35: 34136.81 | Y35: 88542.81
A36: =IFERROR(VLOOKUP(C36,'LT-EN'!$A:$B,2,FALSE)," ") -> 6.5. Goods in transit insurance | B36: 29 | C36: 6.5. Vežamų krovinių draudimas | H36: 0 | I36: 304420 | L36: 585519.32 | M36: 1122266.7 | O36: 463331.74 | P36: 0 | Q36: 254999.95 | S36: 454325.47 | Y36: 3184863.2
A37: =IFERROR(VLOOKUP(C37,'LT-EN'!$A:$B,2,FALSE)," ") -> 7. Fire and other damage to property insurance | B37: 30 | C37: 7. Draudimas nuo gaisro ir kitos žalos, padarytos turtui | D37: 0 | E37: 0 | F37: 0 | G37: 3773478.2 | H37: 0 | I37: 27058329 | J37: 0 | K37: 0 | L37: 31006775 | M37: 27549877 | N37: 0 | O37: 6602346.5 | P37: 0 | Q37: 13153945 | R37: 0 | S37: 86344328 | T37: 0 | U37: 0 | V37: 0 | W37: 27365366 | X37: 22352295 | Y37: 2.4520674e+08
A38: =IFERROR(VLOOKUP(C38,'LT-EN'!$A:$B,2,FALSE)," ") -> 7.1. Crop insurance | B38: 31 | C38: 7.1. Pasėlių draudimas | H38: 0 | I38: 428643 | L38: 32933.39 | O38: 0 | Q38: 0 | S38: 0 | X38: 22352295 | Y38: 22813871
A39: =IFERROR(VLOOKUP(C39,'LT-EN'!$A:$B,2,FALSE)," ") -> 7.2. Livestock insurance | B39: 32 | C39: 7.2. Gyvūnų draudimas | H39: 0 | I39: 874036 | L39: 0 | M39: 788018.27 | O39: 4781.22 | Q39: 0 | S39: 1714100.5 | Y39: 3380936
A40: =IFERROR(VLOOKUP(C40,'LT-EN'!$A:$B,2,FALSE)," ") -> 7.3. Other property insurance | B40: 33 | C40: 7.3. Kitas turto draudimas | D40: 0 | E40: 0 | F40: 0 | G40: 3773478.2 | H40: 0 | I40: 25755650 | J40: 0 | K40: 0 | L40: 30973842 | M40: 26761858 | N40: 0 | O40: 6597565.3 | P40: 0 | Q40: 13153945 | R40: 0 | S40: 84630227 | T40: 0 | U40: 0 | V40: 0 | W40: 27365366 | X40: 0 | Y40: 2.1901193e+08
A41: =IFERROR(VLOOKUP(C41,'LT-EN'!$A:$B,2,FALSE)," ") -> 7.3.1. Policyholders - legal persons | B41: 34 | C41: 7.3.1. Draudėjai - juridiniai asmenys | G41: 2341583.9 | H41: 0 | I41: 12858848 | L41: 21136777 | M41: 11175141 | O41: 2046279.7 | Q41: 7565704.2 | S41: 22309897 | W41: 8728.01 | Y41: 79442959
A42: =IFERROR(VLOOKUP(C42,'LT-EN'!$A:$B,2,FALSE)," ") -> 7.3.2. Policyholders - natural persons | B42: 35 | C42: 7.3.2. Draudėjai - fiziniai asmenys | G42: 1431894.3 | H42: 0 | I42: 12896802 | L42: 9837065.3 | M42: 15586717 | O42: 4551285.6 | Q42: 5588241.1 | S42: 62320331 | W42: 27356638 | Y42: 1.3956897e+08
A43: =IFERROR(VLOOKUP(C43,'LT-EN'!$A:$B,2,FALSE)," ") -> 8. General liability insurance | B43: 36 | C43: 8. Bendrosios civilinės atsakomybės draudimas | D43: 0 | E43: 0 | F43: 0 | G43: 840016.16 | H43: 0 | I43: 8812258 | J43: 0 | K43: 0 | L43: 6074074 | M43: 7267966.2 | N43: 0 | O43: 1195095.9 | P43: 0 | Q43: 3014289.5 | R43: 0 | S43: 6752071.8 | T43: 0 | U43: 0 | V43: 0 | W43: 2984906.1 | X43: 0 | Y43: 36940678
A44: =IFERROR(VLOOKUP(C44,'LT-EN'!$A:$B,2,FALSE)," ") -> 8.1. Compulsory liability insurance | B44: 37 | C44: 8.1. Privalomieji bendrosios civilinės atsakomybės draudimai | H44: 0 | I44: 885829 | L44: 1488352.9 | M44: 1024103.4 | O44: 95277.8 | Q44: 580116.07 | S44: 1045495.5 | Y44: 5119174.7
A45: =IFERROR(VLOOKUP(C45,'LT-EN'!$A:$B,2,FALSE)," ") -> 8.2. Other | B45: 38 | C45: 8.2. Kita | D45: 0 | E45: 0 | F45: 0 | G45: 840016.16 | H45: 0 | I45: 7926429 | J45: 0 | K45: 0 | L45: 4585721 | M45: 6243862.8 | N45: 0 | O45: 1099818.1 | P45: 0 | Q45: 2434173.4 | R45: 0 | S45: 5706576.3 | T45: 0 | U45: 0 | V45: 0 | W45: 2984906.1 | X45: 0 | Y45: 31821503
A46: =IFERROR(VLOOKUP(C46,'LT-EN'!$A:$B,2,FALSE)," ") -> 8.2.1. Policyholders - legal persons | B46: 39 | C46: 8.2.1. Draudėjai - juridiniai asmenys | G46: 608561.7 | H46: 0 | I46: 6575080 | L46: 3724176.6 | M46: 4277339.3 | O46: 691951.43 | P46: 0 | Q46: 2015246.6 | S46: 3380326.3 | W46: 528.01 | Y46: 21273210
A47: =IFERROR(VLOOKUP(C47,'LT-EN'!$A:$B,2,FALSE)," ") -> 8.2.2. Policyholders - natural persons | B47: 40 | C47: 8.2.2. Draudėjai - fiziniai asmenys | G47: 231454.46 | H47: 0 | I47: 1351349 | L47: 861544.42 | M47: 1966523.6 | O47: 407866.65 | Q47: 418926.79 | S47: 2326250 | W47: 2984378.1 | Y47: 10548293
A48: =IFERROR(VLOOKUP(C48,'LT-EN'!$A:$B,2,FALSE)," ") -> 9. Credit and suretyship insurance | B48: 41 | C48: 9. Kredito ir laidavimo draudimas | D48: 0 | E48: 0 | F48: 0 | G48: 14211.73 | H48: 0 | I48: 5017976 | J48: 4999174 | K48: 0 | L48: 2995975 | M48: 4593601.5 | N48: 0 | O48: 259969.78 | P48: 0 | Q48: 96405.07 | R48: 1163805 | S48: 2276344.5 | T48: 0 | U48: 0 | V48: 0 | W48: 0 | X48: 0 | Y48: 21417463
A49: =IFERROR(VLOOKUP(C49,'LT-EN'!$A:$B,2,FALSE)," ") -> 9.1. Credit insurance | B49: 42 | C49: 9.1. Kredito draudimas | H49: 0 | I49: 0 | J49: 4999174 | L49: 0 | O49: 0 | Q49: 0 | S49: 0 | Y49: 4999174
A50: =IFERROR(VLOOKUP(C50,'LT-EN'!$A:$B,2,FALSE)," ") -> 9.2. Suretyship insurance | B50: 43 | C50: 9.2. Laidavimo draudimas | D50: 0 | E50: 0 | F50: 0 | G50: 14211.73 | H50: 0 | I50: 5017976 | J50: 0 | K50: 0 | L50: 2995975 | M50: 4593601.5 | N50: 0 | O50: 259969.78 | P50: 0 | Q50: 96405.07 | R50: 1163805 | S50: 2276344.5 | T50: 0 | U50: 0 | V50: 0 | W50: 0 | X50: 0 | Y50: 16418289
A51: =IFERROR(VLOOKUP(C51,'LT-EN'!$A:$B,2,FALSE)," ") -> 9.2.1 Insurance of liability performing customs procedures | B51: 44 | C51: 9.2.1 Atsakomybės, atliekant muitinės procedūras, draudimas | H51: 0 | I51: 528279 | L51: 0 | M51: 482721.65 | O51: 0 | Q51: 0 | R51: 1163805 | S51: 0 | Y51: 2174805.6
A52: =IFERROR(VLOOKUP(C52,'LT-EN'!$A:$B,2,FALSE)," ") -> 9.2.2. Other suretyship insurance | B52: 45 | C52: 9.2.2. Kitas laidavimo draudimas | G52: 14211.73 | H52: 0 | I52: 4489697 | L52: 2995975 | M52: 4110879.9 | O52: 259969.78 | Q52: 96405.07 | S52: 2276344.5 | Y52: 14243483
A53: =IFERROR(VLOOKUP(C53,'LT-EN'!$A:$B,2,FALSE)," ") -> 10. Legal expenses insurance | B53: 46 | C53: 10. Teisinių išlaidų draudimas | H53: 0 | I53: 264 | L53: 0 | O53: 0 | Q53: 0 | S53: 0 | Y53: 264
A54: =IFERROR(VLOOKUP(C54,'LT-EN'!$A:$B,2,FALSE)," ") -> 11. Assistance | B54: 47 | C54: 11. Pagalbos draudimas | G54: 410164.07 | H54: 0 | I54: 2115370 | L54: 577064.58 | M54: 3209571.1 | O54: 773677.01 | Q54: 0 | S54: 0 | Y54: 7085846.7
A55: =IFERROR(VLOOKUP(C55,'LT-EN'!$A:$B,2,FALSE)," ") -> 12. Miscellaneous financial loss | B55: 48 | C55: 12. Finansinių nuostolių draudimas | G55: 5062.35 | H55: 0 | I55: 115507 | L55: 2568219.7 | M55: 1428.38 | O55: 123956.55 | Q55: 590946.57 | S55: 1090387.8 | W55: 5327586.5 | Y55: 9823094.8
A56: =IFERROR(VLOOKUP(C56,'LT-EN'!$A:$B,2,FALSE)," ") -> LIFE ASSURANCE | B56: 49 | C56: GYVYBĖS DRAUDIMAS | D56: 80822196 | E56: 26398827 | F56: 0 | G56: 0 | H56: 0 | I56: 0 | J56: 0 | K56: 69159712 | L56: 0 | M56: 0 | N56: 21022317 | O56: 0 | P56: 0 | Q56: 0 | R56: 0 | S56: 0 | T56: 24185761 | U56: 59729419 | V56: 65464514 | W56: 0 | X56: 0 | Y56: 3.4678275e+08
A57: =IFERROR(VLOOKUP(C57,'LT-EN'!$A:$B,2,FALSE)," ") -> 1. Health insurance | B57: 50 | C57: 1. Sveikatos draudimas | K57: 342640.02 | N57: 2346642.2 | O57: 0 | T57: 0 | Y57: 2689282.2
A58: =IFERROR(VLOOKUP(C58,'LT-EN'!$A:$B,2,FALSE)," ") -> 2. Insurance with profit participation | B58: 51 | C58: 2. Draudimas su teise dalytis pelną | D58: 0 | E58: 856475.86 | F58: 0 | G58: 0 | H58: 0 | I58: 0 | J58: 0 | K58: 11599951 | L58: 0 | M58: 0 | N58: 2958754.9 | O58: 0 | P58: 0 | Q58: 0 | R58: 0 | S58: 0 | T58: 3620088 | U58: 34299.86 | V58: 246348 | W58: 0 | X58: 0 | Y58: 19315918
A59: =IFERROR(VLOOKUP(C59,'LT-EN'!$A:$B,2,FALSE)," ") -> 2.1. Insurance in case of survival | B59: 52 | C59: 2.1. Draudimas išgyvenimo atveju | E59: 734755.28 | K59: 11599951 | N59: 2465519.7 | O59: 0 | T59: 3620088 | U59: 34299.86 | V59: 245932 | Y59: 18700546
A60: =IFERROR(VLOOKUP(C60,'LT-EN'!$A:$B,2,FALSE)," ") -> 2.2. Annuities | B60: 53 | C60: 2.2. Anuitetai | E60: 121720.58 | K60: 0 | N60: 493235.12 | O60: 0 | Q60: 0 | U60: 0 | V60: 0 | Y60: 614955.7
A61: =IFERROR(VLOOKUP(C61,'LT-EN'!$A:$B,2,FALSE)," ") -> 2.3.Insurance in case of death | B61: 54 | C61: 2.3. Draudimas mirties atveju | K61: 0 | O61: 0 | V61: 0 | Y61: 0
A62: =IFERROR(VLOOKUP(C62,'LT-EN'!$A:$B,2,FALSE)," ") -> 2.4. Other insurance with profit participation | B62: 55 | C62: 2.4. Kitas draudimas, suteikiantis teisę gauti pelno dalį | K62: 0 | O62: 0 | V62: 416 | Y62: 416
A63: =IFERROR(VLOOKUP(C63,'LT-EN'!$A:$B,2,FALSE)," ") -> 3. Index-linked and unit-linked insurance | B63: 56 | C63: 3. Su indeksu ir investiciniais vienetais susijęs draudimas | D63: 79188244 | E63: 24223272 | F63: 0 | G63: 0 | H63: 0 | I63: 0 | J63: 0 | K63: 53038149 | L63: 0 | M63: 0 | N63: 14056458 | O63: 0 | P63: 0 | Q63: 0 | R63: 0 | S63: 0 | T63: 19029943 | U63: 48808814 | V63: 49093726 | W63: 0 | X63: 0 | Y63: 2.8743861e+08
A64: =IFERROR(VLOOKUP(C64,'LT-EN'!$A:$B,2,FALSE)," ") -> 3.1. Index-linked and unit-linked insurance, when the insurance risk is significant | B64: 57 | C64: 3.1. Su indeksu ir investiciniais vienetais susijęs draudimas, kai draudimo rizika yra reikšminga | D64: 79188244 | E64: 17737675 | K64: 0 | N64: 10240323 | O64: 0 | T64: 16469115 | U64: 11794941 | V64: 46563313 | Y64: 1.8199361e+08
A65: =IFERROR(VLOOKUP(C65,'LT-EN'!$A:$B,2,FALSE)," ") -> 3.2. Index-linked and unit-linked insurance, when the insurance risk is insignificant | B65: 58 | C65: 3.2. Su indeksu ir investiciniais vienetais susijęs draudimas, kai draudimo rizika yra nereikšminga | E65: 6485597.5 | K65: 53038149 | N65: 3816135 | O65: 0 | T65: 2560828 | U65: 37013873 | V65: 2530413 | Y65: 1.05445e+08
A66: =IFERROR(VLOOKUP(C66,'LT-EN'!$A:$B,2,FALSE)," ") -> 4. Other life insurance | B66: 59 | C66: 4. Kitas gyvybės draudimas | D66: 1633952 | E66: 1319078.9 | F66: 0 | G66: 0 | H66: 0 | I66: 0 | J66: 0 | K66: 4178971.3 | L66: 0 | M66: 0 | N66: 1660462.3 | O66: 0 | P66: 0 | Q66: 0 | R66: 0 | S66: 0 | T66: 1535730 | U66: 10886305 | V66: 16124440 | W66: 0 | X66: 0 | Y66: 37338939
A67: =IFERROR(VLOOKUP(C67,'LT-EN'!$A:$B,2,FALSE)," ") -> 4.1. Insurance in case of survival | B67: 60 | C67: 4.1. Draudimas išgyvenimo atveju | K67: 0 | O67: 0 | V67: 0 | Y67: 0
A68: =IFERROR(VLOOKUP(C68,'LT-EN'!$A:$B,2,FALSE)," ") -> 4.2. Annuities | B68: 61 | C68: 4.2. Anuitetai | K68: 233980.87 | O68: 0 | V68: 0 | Y68: 233980.87
A69: =IFERROR(VLOOKUP(C69,'LT-EN'!$A:$B,2,FALSE)," ") -> 4.3. Insurance in case of death | B69: 62 | C69: 4.3. Draudimas mirties atveju | D69: 1633952 | E69: 1319078.9 | K69: 3944990.4 | N69: 1660462.3 | O69: 0 | T69: 1535730 | U69: 10886305 | V69: 16124440 | Y69: 37104958
A70: =IFERROR(VLOOKUP(C70,'LT-EN'!$A:$B,2,FALSE)," ") -> 4.4. Other life insurance | B70: 63 | C70: 4.4. Kitas gyvybės draudimas | K70: 0 | O70: 0 | V70: 0 | Y70: 0
A71: =IFERROR(VLOOKUP(C71,'LT-EN'!$A:$B,2,FALSE)," ")
A72: =IFERROR(VLOOKUP(C72,'LT-EN'!$A:$B,2,FALSE)," ")
A73: =IFERROR(VLOOKUP(C73,'LT-EN'!$A:$B,2,FALSE)," ")
A74: =IFERROR(VLOOKUP(C74,'LT-EN'!$A:$B,2,FALSE)," ")
A75: =IFERROR(VLOOKUP(C75,'LT-EN'!$A:$B,2,FALSE)," ")
A76: =IFERROR(VLOOKUP(C76,'LT-EN'!$A:$B,2,FALSE)," ")
A77: =IFERROR(VLOOKUP(C77,'LT-EN'!$A:$B,2,FALSE)," ")
A78: =IFERROR(VLOOKUP(C78,'LT-EN'!$A:$B,2,FALSE)," ")
A79: =IFERROR(VLOOKUP(C79,'LT-EN'!$A:$B,2,FALSE)," ")
A80: =IFERROR(VLOOKUP(C80,'LT-EN'!$A:$B,2,FALSE)," ")
A81: =IFERROR(VLOOKUP(C81,'LT-EN'!$A:$B,2,FALSE)," ")
A82: =IFERROR(VLOOKUP(C82,'LT-EN'!$A:$B,2,FALSE)," ")
... A390: =IFERROR(VLOOKUP(C390,'LT-EN'!$A:$B,2,FALSE)," ")

Sheet DSR6
A1: Single premiums, EUR | C1: Vienakartinės draudimo įmokos, Eur
A3: ='DSR1'!C3 -> 2026-09-30
B5: Draudimo įmokos vienkartinės, Eur
A6: Business lines / Insurers | B6: eil.nr | C6: Draudimo grupės / Draudikai | D6: Allianz Lietuva gyvybės draudimas | E6: Artea Life Insurance | F6: ATRADIUS filialas | G6: Balcia Insurance filialas | H6: Baltijas Apdrosinasanas Nams filialas | I6: BTA Insurance Company filialas | J6: COFACE filialas | K6: Compensa Life VIG filialas | L6: Compensa VIG | M6: ERGO Insurance filialas | N6: ERGO Life Insurance | O6: Gjensidige | P6: If P&C Insurance (publ) filialas | Q6: If P&C Insurance filialas | R6: Lamantinas | S6: Lietuvos draudimas | T6: PZU Lietuva gyvybės draudimas | U6: SEB Life and Pension Baltic filialas | V6: Swedbank Life Insurance filialas | W6: Swedbank P&C Insurance filialas | X6: Vereinigte Hagelversicherung filialas VH Lietuva | Y6: All
A7: =IFERROR(VLOOKUP(C7,'LT-EN'!$A:$B,2,FALSE)," ") -> ALL | B7: 0 | C7: Visos | D7: 25341765 | E7: 1590192.8 | F7: 0 | G7: 0 | H7: 0 | I7: 0 | J7: 0 | K7: 4160993.1 | L7: 0 | M7: 0 | N7: 2092304.2 | O7: 0 | P7: 0 | Q7: 0 | R7: 0 | S7: 0 | T7: 2509585 | U7: 20 | V7: 607160 | W7: 0 | X7: 0 | Y7: 36302020
A8: =IFERROR(VLOOKUP(C8,'LT-EN'!$A:$B,2,FALSE)," ") -> LIFE ASSURANCE | B8: 49 | C8: GYVYBĖS DRAUDIMAS | D8: 25341765 | E8: 1590192.8 | F8: 0 | G8: 0 | H8: 0 | I8: 0 | J8: 0 | K8: 4160993.1 | L8: 0 | M8: 0 | N8: 2092304.2 | O8: 0 | P8: 0 | Q8: 0 | R8: 0 | S8: 0 | T8: 2509585 | U8: 20 | V8: 607160 | W8: 0 | X8: 0 | Y8: 36302020
A9: =IFERROR(VLOOKUP(C9,'LT-EN'!$A:$B,2,FALSE)," ") -> 1. Health insurance | B9: 50 | C9: 1. Sveikatos draudimas | K9: 0 | N9: 0 | O9: 0 | T9: 0 | Y9: 0
A10: =IFERROR(VLOOKUP(C10,'LT-EN'!$A:$B,2,FALSE)," ") -> 2. Insurance with profit participation | B10: 51 | C10: 2. Draudimas su teise dalytis pelną | D10: 0 | E10: 198 | F10: 0 | G10: 0 | H10: 0 | I10: 0 | J10: 0 | K10: 32064.45 | L10: 0 | M10: 0 | N10: 0 | O10: 0 | P10: 0 | Q10: 0 | R10: 0 | S10: 0 | T10: 74398 | U10: 0 | V10: 0 | W10: 0 | X10: 0 | Y10: 106660.45
A11: =IFERROR(VLOOKUP(C11,'LT-EN'!$A:$B,2,FALSE)," ") -> 2.1. Insurance in case of survival | B11: 52 | C11: 2.1. Draudimas išgyvenimo atveju | E11: 198 | K11: 32064.45 | N11: 0 | O11: 0 | T11: 74398 | U11: 0 | V11: 0 | Y11: 106660.45
A12: =IFERROR(VLOOKUP(C12,'LT-EN'!$A:$B,2,FALSE)," ") -> 2.2. Annuities | B12: 53 | C12: 2.2. Anuitetai | E12: 0 | K12: 0 | N12: 0 | O12: 0 | Q12: 0 | U12: 0 | V12: 0 | Y12: 0
A13: =IFERROR(VLOOKUP(C13,'LT-EN'!$A:$B,2,FALSE)," ") -> 2.3.Insurance in case of death | B13: 54 | C13: 2.3. Draudimas mirties atveju | K13: 0 | O13: 0 | V13: 0 | Y13: 0
A14: =IFERROR(VLOOKUP(C14,'LT-EN'!$A:$B,2,FALSE)," ") -> 2.4. Other insurance with profit participation | B14: 55 | C14: 2.4. Kitas draudimas, suteikiantis teisę gauti pelno dalį | K14: 0 | O14: 0 | V14: 0 | Y14: 0
A15: =IFERROR(VLOOKUP(C15,'LT-EN'!$A:$B,2,FALSE)," ") -> 3. Index-linked and unit-linked insurance | B15: 56 | C15: 3. Su indeksu ir investiciniais vienetais susijęs draudimas | D15: 25341765 | E15: 1285886 | F15: 0 | G15: 0 | H15: 0 | I15: 0 | J15: 0 | K15: 3894947.8 | L15: 0 | M15: 0 | N15: 2092304.2 | O15: 0 | P15: 0 | Q15: 0 | R15: 0 | S15: 0 | T15: 2435187 | U15: 20 | V15: 607160 | W15: 0 | X15: 0 | Y15: 35657270
A16: =IFERROR(VLOOKUP(C16,'LT-EN'!$A:$B,2,FALSE)," ") -> 3.1. Index-linked and unit-linked insurance, when the insurance risk is significant | B16: 57 | C16: 3.1. Su indeksu ir investiciniais vienetais susijęs draudimas, kai draudimo rizika yra reikšminga | D16: 25341765 | E16: 341680.86 | K16: 0 | N16: 989026.79 | O16: 0 | T16: 1365883 | U16: 20 | V16: 0 | Y16: 28038376
A17: =IFERROR(VLOOKUP(C17,'LT-EN'!$A:$B,2,FALSE)," ") -> 3.2. Index-linked and unit-linked insurance, when the insurance risk is insignificant | B17: 58 | C17: 3.2. Su indeksu ir investiciniais vienetais susijęs draudimas, kai draudimo rizika yra nereikšminga | E17: 944205.18 | K17: 3894947.8 | N17: 1103277.4 | O17: 0 | T17: 1069304 | U17: 0 | V17: 607160 | Y17: 7618894.4
A18: =IFERROR(VLOOKUP(C18,'LT-EN'!$A:$B,2,FALSE)," ") -> 4. Other life insurance | B18: 59 | C18: 4. Kitas gyvybės draudimas | D18: 0 | E18: 304108.79 | F18: 0 | G18: 0 | H18: 0 | I18: 0 | J18: 0 | K18: 233980.87 | L18: 0 | M18: 0 | N18: 0 | O18: 0 | P18: 0 | Q18: 0 | R18: 0 | S18: 0 | T18: 0 | U18: 0 | V18: 0 | W18: 0 | X18: 0 | Y18: 538089.66
A19: =IFERROR(VLOOKUP(C19,'LT-EN'!$A:$B,2,FALSE)," ") -> 4.1. Insurance in case of survival | B19: 60 | C19: 4.1. Draudimas išgyvenimo atveju | K19: 0 | O19: 0 | V19: 0 | Y19: 0
A20: =IFERROR(VLOOKUP(C20,'LT-EN'!$A:$B,2,FALSE)," ") -> 4.2. Annuities | B20: 61 | C20: 4.2. Anuitetai | K20: 233980.87 | O20: 0 | V20: 0 | Y20: 233980.87
A21: =IFERROR(VLOOKUP(C21,'LT-EN'!$A:$B,2,FALSE)," ") -> 4.3. Insurance in case of death | B21: 62 | C21: 4.3. Draudimas mirties atveju | D21: 0 | E21: 304108.79 | K21: 0 | N21: 0 | O21: 0 | T21: 0 | U21: 0 | V21: 0 | Y21: 304108.79
A22: =IFERROR(VLOOKUP(C22,'LT-EN'!$A:$B,2,FALSE)," ") -> 4.4. Other life insurance | B22: 63 | C22: 4.4. Kitas gyvybės draudimas | K22: 0 | O22: 0 | V22: 0 | Y22: 0
A23: =IFERROR(VLOOKUP(C23,'LT-EN'!$A:$B,2,FALSE)," ")
A24: =IFERROR(VLOOKUP(C24,'LT-EN'!$A:$B,2,FALSE)," ")
A25: =IFERROR(VLOOKUP(C25,'LT-EN'!$A:$B,2,FALSE)," ")
A26: =IFERROR(VLOOKUP(C26,'LT-EN'!$A:$B,2,FALSE)," ")
A27: =IFERROR(VLOOKUP(C27,'LT-EN'!$A:$B,2,FALSE)," ")
A28: =IFERROR(VLOOKUP(C28,'LT-EN'!$A:$B,2,FALSE)," ")
A29: =IFERROR(VLOOKUP(C29,'LT-EN'!$A:$B,2,FALSE)," ")
A30: =IFERROR(VLOOKUP(C30,'LT-EN'!$A:$B,2,FALSE)," ")
A31: =IFERROR(VLOOKUP(C31,'LT-EN'!$A:$B,2,FALSE)," ")
A32: =IFERROR(VLOOKUP(C32,'LT-EN'!$A:$B,2,FALSE)," ")
A33: =IFERROR(VLOOKUP(C33,'LT-EN'!$A:$B,2,FALSE)," ")
A34: =IFERROR(VLOOKUP(C34,'LT-EN'!$A:$B,2,FALSE)," ")
... A81: =IFERROR(VLOOKUP(C81,'LT-EN'!$A:$B,2,FALSE)," ")

Sheet DSR7
A1: Insurance premiums with periodical payments, EUR | C1: Periodinės draudimo įmokos, Eur
A3: ='DSR1'!C3 -> 2026-09-30
B5: Draudimo įmokos periodinės, Eur
A6: Business lines / Insurers | B6: eil.nr | C6: Draudimo grupės / Draudikai | D6: Allianz Lietuva gyvybės draudimas | E6: Artea Life Insurance | F6: ATRADIUS filialas | G6: Balcia Insurance filialas | H6: Baltijas Apdrosinasanas Nams filialas | I6: BTA Insurance Company filialas | J6: COFACE filialas | K6: Compensa Life VIG filialas | L6: Compensa VIG | M6: ERGO Insurance filialas | N6: ERGO Life Insurance | O6: Gjensidige | P6: If P&C Insurance (publ) filialas | Q6: If P&C Insurance filialas | R6: Lamantinas | S6: Lietuvos draudimas | T6: PZU Lietuva gyvybės draudimas | U6: SEB Life and Pension Baltic filialas | V6: Swedbank Life Insurance filialas | W6: Swedbank P&C Insurance filialas | X6: Vereinigte Hagelversicherung filialas VH Lietuva | Y6: All
A7: =IFERROR(VLOOKUP(C7,'LT-EN'!$A:$B,2,FALSE)," ") -> ALL | B7: 0 | C7: Visos | D7: 55480431 | E7: 24808634 | F7: 0 | G7: 0 | H7: 0 | I7: 0 | J7: 0 | K7: 64998719 | L7: 0 | M7: 0 | N7: 18930013 | O7: 0 | P7: 0 | Q7: 0 | R7: 0 | S7: 0 | T7: 21676176 | U7: 59729399 | V7: 64857354 | W7: 0 | X7: 0 | Y7: 3.1048073e+08
A8: =IFERROR(VLOOKUP(C8,'LT-EN'!$A:$B,2,FALSE)," ") -> LIFE ASSURANCE | B8: 49 | C8: GYVYBĖS DRAUDIMAS | D8: 55480431 | E8: 24808634 | F8: 0 | G8: 0 | H8: 0 | I8: 0 | J8: 0 | K8: 64998719 | L8: 0 | M8: 0 | N8: 18930013 | O8: 0 | P8: 0 | Q8: 0 | R8: 0 | S8: 0 | T8: 21676176 | U8: 59729399 | V8: 64857354 | W8: 0 | X8: 0 | Y8: 3.1048073e+08
A9: =IFERROR(VLOOKUP(C9,'LT-EN'!$A:$B,2,FALSE)," ") -> 1. Health insurance | B9: 50 | C9: 1. Sveikatos draudimas | K9: 342640.02 | N9: 2346642.2 | O9: 0 | T9: 0 | Y9: 2689282.2
A10: =IFERROR(VLOOKUP(C10,'LT-EN'!$A:$B,2,FALSE)," ") -> 2. Insurance with profit participation | B10: 51 | C10: 2. Draudimas su teise dalytis pelną | D10: 0 | E10: 856277.86 | F10: 0 | G10: 0 | H10: 0 | I10: 0 | J10: 0 | K10: 11567887 | L10: 0 | M10: 0 | N10: 2958754.9 | O10: 0 | P10: 0 | Q10: 0 | R10: 0 | S10: 0 | T10: 3545690 | U10: 34299.86 | V10: 246348 | W10: 0 | X10: 0 | Y10: 19209257
A11: =IFERROR(VLOOKUP(C11,'LT-EN'!$A:$B,2,FALSE)," ") -> 2.1. Insurance in case of survival | B11: 52 | C11: 2.1. Draudimas išgyvenimo atveju | E11: 734557.28 | K11: 11567887 | N11: 2465519.7 | O11: 0 | T11: 3545690 | U11: 34299.86 | V11: 245932 | Y11: 18593886
A12: =IFERROR(VLOOKUP(C12,'LT-EN'!$A:$B,2,FALSE)," ") -> 2.2. Annuities | B12: 53 | C12: 2.2. Anuitetai | E12: 121720.58 | K12: 0 | N12: 493235.12 | O12: 0 | Q12: 0 | U12: 0 | V12: 0 | Y12: 614955.7
A13: =IFERROR(VLOOKUP(C13,'LT-EN'!$A:$B,2,FALSE)," ") -> 2.3.Insurance in case of death | B13: 54 | C13: 2.3. Draudimas mirties atveju | K13: 0 | O13: 0 | V13: 0 | Y13: 0
A14: =IFERROR(VLOOKUP(C14,'LT-EN'!$A:$B,2,FALSE)," ") -> 2.4. Other insurance with profit participation | B14: 55 | C14: 2.4. Kitas draudimas, suteikiantis teisę gauti pelno dalį | K14: 0 | O14: 0 | V14: 416 | Y14: 416
A15: =IFERROR(VLOOKUP(C15,'LT-EN'!$A:$B,2,FALSE)," ") -> 3. Index-linked and unit-linked insurance | B15: 56 | C15: 3. Su indeksu ir investiciniais vienetais susijęs draudimas | D15: 53846479 | E15: 22937386 | F15: 0 | G15: 0 | H15: 0 | I15: 0 | J15: 0 | K15: 49143202 | L15: 0 | M15: 0 | N15: 11964154 | O15: 0 | P15: 0 | Q15: 0 | R15: 0 | S15: 0 | T15: 16594756 | U15: 48808794 | V15: 48486566 | W15: 0 | X15: 0 | Y15: 2.5178134e+08
A16: =IFERROR(VLOOKUP(C16,'LT-EN'!$A:$B,2,FALSE)," ") -> 3.1. Index-linked and unit-linked insurance, when the insurance risk is significant | B16: 57 | C16: 3.1. Su indeksu ir investiciniais vienetais susijęs draudimas, kai draudimo rizika yra reikšminga | D16: 53846479 | E16: 17395994 | K16: 0 | N16: 9251296 | O16: 0 | T16: 15103232 | U16: 11794921 | V16: 46563313 | Y16: 1.5395524e+08
A17: =IFERROR(VLOOKUP(C17,'LT-EN'!$A:$B,2,FALSE)," ") -> 3.2. Index-linked and unit-linked insurance, when the insurance risk is insignificant | B17: 58 | C17: 3.2. Su indeksu ir investiciniais vienetais susijęs draudimas, kai draudimo rizika yra nereikšminga | E17: 5541392.3 | K17: 49143202 | N17: 2712857.6 | O17: 0 | T17: 1491524 | U17: 37013873 | V17: 1923253 | Y17: 97826102
A18: =IFERROR(VLOOKUP(C18,'LT-EN'!$A:$B,2,FALSE)," ") -> 4. Other life insurance | B18: 59 | C18: 4. Kitas gyvybės draudimas | D18: 1633952 | E18: 1014970.1 | F18: 0 | G18: 0 | H18: 0 | I18: 0 | J18: 0 | K18: 3944990.4 | L18: 0 | M18: 0 | N18: 1660462.3 | O18: 0 | P18: 0 | Q18: 0 | R18: 0 | S18: 0 | T18: 1535730 | U18: 10886305 | V18: 16124440 | W18: 0 | X18: 0 | Y18: 36800849
A19: =IFERROR(VLOOKUP(C19,'LT-EN'!$A:$B,2,FALSE)," ") -> 4.1. Insurance in case of survival | B19: 60 | C19: 4.1. Draudimas išgyvenimo atveju | K19: 0 | O19: 0 | V19: 0 | Y19: 0
A20: =IFERROR(VLOOKUP(C20,'LT-EN'!$A:$B,2,FALSE)," ") -> 4.2. Annuities | B20: 61 | C20: 4.2. Anuitetai | K20: 0 | O20: 0 | V20: 0 | Y20: 0
A21: =IFERROR(VLOOKUP(C21,'LT-EN'!$A:$B,2,FALSE)," ") -> 4.3. Insurance in case of death | B21: 62 | C21: 4.3. Draudimas mirties atveju | D21: 1633952 | E21: 1014970.1 | K21: 3944990.4 | N21: 1660462.3 | O21: 0 | T21: 1535730 | U21: 10886305 | V21: 16124440 | Y21: 36800849
A22: =IFERROR(VLOOKUP(C22,'LT-EN'!$A:$B,2,FALSE)," ") -> 4.4. Other life insurance | B22: 63 | C22: 4.4. Kitas gyvybės draudimas | K22: 0 | O22: 0 | V22: 0 | Y22: 0
A23: =IFERROR(VLOOKUP(C23,'LT-EN'!$A:$B,2,FALSE)," ")
A24: =IFERROR(VLOOKUP(C24,'LT-EN'!$A:$B,2,FALSE)," ")
A25: =IFERROR(VLOOKUP(C25,'LT-EN'!$A:$B,2,FALSE)," ")
A26: =IFERROR(VLOOKUP(C26,'LT-EN'!$A:$B,2,FALSE)," ")
A27: =IFERROR(VLOOKUP(C27,'LT-EN'!$A:$B,2,FALSE)," ")
A28: =IFERROR(VLOOKUP(C28,'LT-EN'!$A:$B,2,FALSE)," ")
A29: =IFERROR(VLOOKUP(C29,'LT-EN'!$A:$B,2,FALSE)," ")
A30: =IFERROR(VLOOKUP(C30,'LT-EN'!$A:$B,2,FALSE)," ")
A31: =IFERROR(VLOOKUP(C31,'LT-EN'!$A:$B,2,FALSE)," ")
A32: =IFERROR(VLOOKUP(C32,'LT-EN'!$A:$B,2,FALSE)," ")
A33: =IFERROR(VLOOKUP(C33,'LT-EN'!$A:$B,2,FALSE)," ")
A34: =IFERROR(VLOOKUP(C34,'LT-EN'!$A:$B,2,FALSE)," ")
... A237: =IFERROR(VLOOKUP(C237,'LT-EN'!$A:$B,2,FALSE)," ")

Sheet DSR8
A1: Annual premiums under new concluded contracts with the established a periodical payment of premiums, EUR | C1: Periodinės metų įmokos pagal sudarytas naujas sutartis, Eur
A3: ='DSR1'!C3 -> 2026-09-30
B5: Periodinės metų įmokos pagal sudarytas naujas sutartis, Eur
A6: Business lines / Insurers | B6: eil.nr | C6: Draudimo grupės / Draudikai | D6: Allianz Lietuva gyvybės draudimas | E6: Artea Life Insurance | F6: ATRADIUS filialas | G6: Balcia Insurance filialas | H6: Baltijas Apdrosinasanas Nams filialas | I6: BTA Insurance Company filialas | J6: COFACE filialas | K6: Compensa Life VIG filialas | L6: Compensa VIG | M6: ERGO Insurance filialas | N6: ERGO Life Insurance | O6: Gjensidige | P6: If P&C Insurance (publ) filialas | Q6: If P&C Insurance filialas | R6: Lamantinas | S6: Lietuvos draudimas | T6: PZU Lietuva gyvybės draudimas | U6: SEB Life and Pension Baltic filialas | V6: Swedbank Life Insurance filialas | W6: Swedbank P&C Insurance filialas | X6: Vereinigte Hagelversicherung filialas VH Lietuva | Y6: All
A7: =IFERROR(VLOOKUP(C7,'LT-EN'!$A:$B,2,FALSE)," ") -> ALL | B7: 0 | C7: Visos | D7: 11580645 | E7: 2850195.7 | F7: 0 | G7: 0 | H7: 0 | I7: 0 | J7: 0 | K7: 6379501.1 | L7: 0 | M7: 0 | N7: 3057193.2 | O7: 0 | P7: 0 | Q7: 0 | R7: 0 | S7: 0 | T7: 2891860 | U7: 11253791 | V7: 4716476 | W7: 0 | X7: 0 | Y7: 42729662
A8: =IFERROR(VLOOKUP(C8,'LT-EN'!$A:$B,2,FALSE)," ") -> LIFE ASSURANCE | B8: 49 | C8: GYVYBĖS DRAUDIMAS | D8: 11580645 | E8: 2850195.7 | F8: 0 | G8: 0 | H8: 0 | I8: 0 | J8: 0 | K8: 6379501.1 | L8: 0 | M8: 0 | N8: 3057193.2 | O8: 0 | P8: 0 | Q8: 0 | R8: 0 | S8: 0 | T8: 2891860 | U8: 11253791 | V8: 4716476 | W8: 0 | X8: 0 | Y8: 42729662
A9: =IFERROR(VLOOKUP(C9,'LT-EN'!$A:$B,2,FALSE)," ") -> 1. Health insurance | B9: 50 | C9: 1. Sveikatos draudimas | K9: 104039.86 | N9: 1159072.9 | O9: 0 | Y9: 1263112.7
A10: =IFERROR(VLOOKUP(C10,'LT-EN'!$A:$B,2,FALSE)," ") -> 2. Insurance with profit participation | B10: 51 | C10: 2. Draudimas su teise dalytis pelną | D10: 0 | E10: 0 | F10: 0 | G10: 0 | H10: 0 | I10: 0 | J10: 0 | K10: 37052.22 | L10: 0 | M10: 0 | N10: 0 | O10: 0 | P10: 0 | Q10: 0 | R10: 0 | S10: 0 | T10: 0 | U10: 0 | V10: 0 | W10: 0 | X10: 0 | Y10: 37052.22
A11: =IFERROR(VLOOKUP(C11,'LT-EN'!$A:$B,2,FALSE)," ") -> 2.1. Insurance in case of survival | B11: 52 | C11: 2.1. Draudimas išgyvenimo atveju | E11: 0 | K11: 37052.22 | N11: 0 | O11: 0 | T11: 0 | V11: 0 | Y11: 37052.22
A12: =IFERROR(VLOOKUP(C12,'LT-EN'!$A:$B,2,FALSE)," ") -> 2.2. Annuities | B12: 53 | C12: 2.2. Anuitetai | E12: 0 | K12: 0 | N12: 0 | O12: 0 | Q12: 0 | V12: 0 | Y12: 0
A13: =IFERROR(VLOOKUP(C13,'LT-EN'!$A:$B,2,FALSE)," ") -> 2.3.Insurance in case of death | B13: 54 | C13: 2.3. Draudimas mirties atveju | K13: 0 | O13: 0 | V13: 0 | Y13: 0
A14: =IFERROR(VLOOKUP(C14,'LT-EN'!$A:$B,2,FALSE)," ") -> 2.4. Other insurance with profit participation | B14: 55 | C14: 2.4. Kitas draudimas, suteikiantis teisę gauti pelno dalį | K14: 0 | O14: 0 | V14: 0 | Y14: 0
A15: =IFERROR(VLOOKUP(C15,'LT-EN'!$A:$B,2,FALSE)," ") -> 3. Index-linked and unit-linked insurance | B15: 56 | C15: 3. Su indeksu ir investiciniais vienetais susijęs draudimas | D15: 10686015 | E15: 2429220 | F15: 0 | G15: 0 | H15: 0 | I15: 0 | J15: 0 | K15: 4487602 | L15: 0 | M15: 0 | N15: 1207592 | O15: 0 | P15: 0 | Q15: 0 | R15: 0 | S15: 0 | T15: 2202063 | U15: 10077844 | V15: 2404263 | W15: 0 | X15: 0 | Y15: 33494599
A16: =IFERROR(VLOOKUP(C16,'LT-EN'!$A:$B,2,FALSE)," ") -> 3.1. Index-linked and unit-linked insurance, when the insurance risk is significant | B16: 57 | C16: 3.1. Su indeksu ir investiciniais vienetais susijęs draudimas, kai draudimo rizika yra reikšminga | D16: 10686015 | E16: 1768920 | K16: 0 | N16: 792812 | O16: 0 | T16: 2042387 | U16: 0 | V16: 2194023 | Y16: 17484157
A17: =IFERROR(VLOOKUP(C17,'LT-EN'!$A:$B,2,FALSE)," ") -> 3.2. Index-linked and unit-linked insurance, when the insurance risk is insignificant | B17: 58 | C17: 3.2. Su indeksu ir investiciniais vienetais susijęs draudimas, kai draudimo rizika yra nereikšminga | E17: 660300 | K17: 4487602 | N17: 414780 | O17: 0 | T17: 159676 | U17: 10077844 | V17: 210240 | Y17: 16010442
A18: =IFERROR(VLOOKUP(C18,'LT-EN'!$A:$B,2,FALSE)," ") -> 4. Other life insurance | B18: 59 | C18: 4. Kitas gyvybės draudimas | D18: 894630 | E18: 420975.72 | F18: 0 | G18: 0 | H18: 0 | I18: 0 | J18: 0 | K18: 1750807.1 | L18: 0 | M18: 0 | N18: 690528.31 | O18: 0 | P18: 0 | Q18: 0 | R18: 0 | S18: 0 | T18: 689797 | U18: 1175947 | V18: 2312213 | W18: 0 | X18: 0 | Y18: 7934898.1
A19: =IFERROR(VLOOKUP(C19,'LT-EN'!$A:$B,2,FALSE)," ") -> 4.1. Insurance in case of survival | B19: 60 | C19: 4.1. Draudimas išgyvenimo atveju | K19: 0 | O19: 0 | V19: 0 | Y19: 0
A20: =IFERROR(VLOOKUP(C20,'LT-EN'!$A:$B,2,FALSE)," ") -> 4.2. Annuities | B20: 61 | C20: 4.2. Anuitetai | K20: 0 | O20: 0 | V20: 0 | Y20: 0
A21: =IFERROR(VLOOKUP(C21,'LT-EN'!$A:$B,2,FALSE)," ") -> 4.3. Insurance in case of death | B21: 62 | C21: 4.3. Draudimas mirties atveju | D21: 894630 | E21: 420975.72 | K21: 1750807.1 | N21: 690528.31 | O21: 0 | T21: 689797 | U21: 1175947 | V21: 2312213 | Y21: 7934898.1
A22: =IFERROR(VLOOKUP(C22,'LT-EN'!$A:$B,2,FALSE)," ") -> 4.4. Other life insurance | B22: 63 | C22: 4.4. Kitas gyvybės draudimas | K22: 0 | O22: 0 | V22: 0 | Y22: 0
A23: =IFERROR(VLOOKUP(C23,'LT-EN'!$A:$B,2,FALSE)," ")
A24: =IFERROR(VLOOKUP(C24,'LT-EN'!$A:$B,2,FALSE)," ")
A25: =IFERROR(VLOOKUP(C25,'LT-EN'!$A:$B,2,FALSE)," ")
A26: =IFERROR(VLOOKUP(C26,'LT-EN'!$A:$B,2,FALSE)," ")
A27: =IFERROR(VLOOKUP(C27,'LT-EN'!$A:$B,2,FALSE)," ")
A28: =IFERROR(VLOOKUP(C28,'LT-EN'!$A:$B,2,FALSE)," ")
A29: =IFERROR(VLOOKUP(C29,'LT-EN'!$A:$B,2,FALSE)," ")
A30: =IFERROR(VLOOKUP(C30,'LT-EN'!$A:$B,2,FALSE)," ")
A31: =IFERROR(VLOOKUP(C31,'LT-EN'!$A:$B,2,FALSE)," ")
A32: =IFERROR(VLOOKUP(C32,'LT-EN'!$A:$B,2,FALSE)," ")
A33: =IFERROR(VLOOKUP(C33,'LT-EN'!$A:$B,2,FALSE)," ")
A34: =IFERROR(VLOOKUP(C34,'LT-EN'!$A:$B,2,FALSE)," ")
... A75: =IFERROR(VLOOKUP(C75,'LT-EN'!$A:$B,2,FALSE)," ")

Sheet DSR9
A1: Insurance revenue, Eur | C1: Draudimo pajamos, Eur
A3: ='DSR1'!C3 -> 2026-09-30
B5: Draudimo pajamos, Eur
A6: Business lines / Insurers | B6: eil.nr | C6: Draudimo grupės / Draudikai | D6: Allianz Lietuva gyvybės draudimas | E6: Artea Life Insurance | F6: ATRADIUS filialas | G6: Balcia Insurance filialas | H6: Baltijas Apdrosinasanas Nams filialas | I6: BTA Insurance Company filialas | J6: COFACE filialas | K6: Compensa Life VIG filialas | L6: Compensa VIG | M6: ERGO Insurance filialas | N6: ERGO Life Insurance | O6: Gjensidige | P6: If P&C Insurance (publ) filialas | Q6: If P&C Insurance filialas | R6: Lamantinas | S6: Lietuvos draudimas | T6: PZU Lietuva gyvybės draudimas | U6: SEB Life and Pension Baltic filialas | V6: Swedbank Life Insurance filialas | W6: Swedbank P&C Insurance filialas | X6: Vereinigte Hagelversicherung filialas VH Lietuva | Y6: All
A7: =IFERROR(VLOOKUP(C7,'LT-EN'!$A:$B,2,FALSE)," ") -> ALL | B7: 0 | C7: Visos | D7: 27457953 | E7: 8766046.3 | F7: 0 | G7: 0 | H7: 0 | I7: 0 | J7: 0 | K7: 0 | L7: 1.1085901e+08 | M7: 0 | N7: 19896166 | O7: 57382214 | P7: 0 | Q7: 0 | R7: 1144301 | S7: 3.0122045e+08 | T7: 10062690 | U7: 0 | V7: 0 | W7: 59664680 | X7: 22352295 | Y7: 6.188058e+08
A8: =IFERROR(VLOOKUP(C8,'LT-EN'!$A:$B,2,FALSE)," ") -> NON-LIFE INSURANCE | B8: 1 | C8: NE GYVYBĖS DRAUDIMAS | D8: 0 | E8: 0 | F8: 0 | G8: 0 | H8: 0 | I8: 0 | J8: 0 | K8: 0 | L8: 1.1085901e+08 | M8: 0 | N8: 5326206.3 | O8: 57382214 | P8: 0 | Q8: 0 | R8: 1144301 | S8: 3.0122045e+08 | T8: 0 | U8: 0 | V8: 0 | W8: 59664680 | X8: 22352295 | Y8: 5.5794916e+08
A9: =IFERROR(VLOOKUP(C9,'LT-EN'!$A:$B,2,FALSE)," ") -> 1. Medical expense insurance | B9: 2 | C9: 1. Medicininių išlaidų draudimas | H9: 0 | L9: 12427180 | N9: 5326206.3 | O9: 8772177.4 | S9: 21601534 | W9: 2441028 | Y9: 50568125
A10: =IFERROR(VLOOKUP(C10,'LT-EN'!$A:$B,2,FALSE)," ") -> 1.1. Supplementary voluntary health insurance | B10: 3 | C10: 1.1. Papildomasis savanoriškasis sveikatos draudimas
A11: =IFERROR(VLOOKUP(C11,'LT-EN'!$A:$B,2,FALSE)," ") -> 1.1.1. Policyholders - legal persons | B11: 4 | C11: 1.1.1. Draudėjai - juridiniai asmenys
A12: =IFERROR(VLOOKUP(C12,'LT-EN'!$A:$B,2,FALSE)," ") -> 1.1.2. Policyholders - natural persons | B12: 5 | C12: 1.1.2. Draudėjai - fiziniai asmenys
A13: =IFERROR(VLOOKUP(C13,'LT-EN'!$A:$B,2,FALSE)," ") -> 1.2. Other | B13: 6 | C13: 1.2. Kita
A14: =IFERROR(VLOOKUP(C14,'LT-EN'!$A:$B,2,FALSE)," ") -> 1.2.1. Policyholders - legal persons | B14: 7 | C14: 1.2.1. Draudėjai - juridiniai asmenys
A15: =IFERROR(VLOOKUP(C15,'LT-EN'!$A:$B,2,FALSE)," ") -> 1.2.2. Policyholders - natural persons | B15: 8 | C15: 1.2.2. Draudėjai - fiziniai asmenys
A16: =IFERROR(VLOOKUP(C16,'LT-EN'!$A:$B,2,FALSE)," ") -> 2. Income protection insurance | B16: 9 | C16: 2. Pajamų apsaugos draudimas | H16: 0 | L16: 2815910.6 | O16: 2731402.1 | S16: 20586417 | W16: 2220613.1 | Y16: 28354343
A17: =IFERROR(VLOOKUP(C17,'LT-EN'!$A:$B,2,FALSE)," ") -> 2.1. Policyholders - legal persons | B17: 10 | C17: 2.1. Draudėjai - juridiniai asmenys
A18: =IFERROR(VLOOKUP(C18,'LT-EN'!$A:$B,2,FALSE)," ") -> 2.2. Policyholders - natural persons | B18: 11 | C18: 2.2. Draudėjai - fiziniai asmenys
A19: =IFERROR(VLOOKUP(C19,'LT-EN'!$A:$B,2,FALSE)," ") -> 3. Workers' compensation insurance | B19: 12 | C19: 3. Nelaimingų atsitikimų darbe draudimas | H19: 0 | L19: 0 | O19: 0 | S19: 0 | Y19: 0
A20: =IFERROR(VLOOKUP(C20,'LT-EN'!$A:$B,2,FALSE)," ") -> 4. Motor vehicle liability insurance | B20: 13 | C20: 4. Motorinių transporto priemonių valdytojų civilinės atsakomybės draudimas | D20: 0 | E20: 0 | F20: 0 | G20: 0 | H20: 0 | I20: 0 | J20: 0 | K20: 0 | L20: 23400331 | M20: 0 | N20: 0 | O20: 19686211 | P20: 0 | Q20: 0 | R20: 0 | S20: 88962338 | T20: 0 | U20: 0 | V20: 0 | W20: 4845367.1 | X20: 0 | Y20: 1.3689425e+08
A21: =IFERROR(VLOOKUP(C21,'LT-EN'!$A:$B,2,FALSE)," ") -> 4.1. Liability arising out of the use of motor vehicles operating on the land insurance | B21: 14 | C21: 4.1. Sausumos transporto priemonių valdytojų civilinės atsakomybės draudimas | H21: 0 | L21: 23400331 | O21: 19531932 | S21: 87652353 | W21: 4845367.1 | Y21: 1.3542998e+08
A22: =IFERROR(VLOOKUP(C22,'LT-EN'!$A:$B,2,FALSE)," ") -> 4.1.1. Policyholders - legal persons | B22: 15 | C22: 4.1.1. Draudėjai - juridiniai asmenys
A23: =IFERROR(VLOOKUP(C23,'LT-EN'!$A:$B,2,FALSE)," ") -> 4.1.2. Policyholders - natural persons | B23: 16 | C23: 4.1.2. Draudėjai - fiziniai asmenys
A24: =IFERROR(VLOOKUP(C24,'LT-EN'!$A:$B,2,FALSE)," ") -> 4.2. Carrier third party liability (CMR) insurance | B24: 17 | C24: 4.2. Vežėjų civilinės atsakomybės draudimas | H24: 0 | L24: 0 | O24: 148894.68 | S24: 1006288.7 | Y24: 1155183.4
A25: =IFERROR(VLOOKUP(C25,'LT-EN'!$A:$B,2,FALSE)," ") -> 4.3. Liability arising out of use railway rolling stock insurance | B25: 18 | C25: 4.3. Geležinkelių transporto priemonių valdytojų civilinės atsakomybės draudimas | H25: 0 | L25: 0 | O25: 5384.44 | S25: 303695.71 | Y25: 309080.15
A26: =IFERROR(VLOOKUP(C26,'LT-EN'!$A:$B,2,FALSE)," ") -> 5. Other motor insurance | B26: 19 | C26: 5. Kitas transporto priemonių draudimas | D26: 0 | E26: 0 | F26: 0 | G26: 0 | H26: 0 | I26: 0 | J26: 0 | K26: 0 | L26: 27235589 | M26: 0 | N26: 0 | O26: 7975791.6 | P26: 0 | Q26: 0 | R26: 0 | S26: 75938031 | T26: 0 | U26: 0 | V26: 0 | W26: 15126480 | X26: 0 | Y26: 1.2627589e+08
A27: =IFERROR(VLOOKUP(C27,'LT-EN'!$A:$B,2,FALSE)," ") -> 5.1. Land vehicles other than railway rolling stock insurance | B27: 20 | C27: 5.1. Sausumos transporto priemonių, išskyrus geležinkelio transporto priemones, draudimas | H27: 0 | L27: 27235589 | O27: 7975674.9 | S27: 75232507 | W27: 15126480 | Y27: 1.2557025e+08
A28: =IFERROR(VLOOKUP(C28,'LT-EN'!$A:$B,2,FALSE)," ") -> 5.1.1. Policyholders - legal persons | B28: 21 | C28: 5.1.1. Draudėjai - juridiniai asmenys
A29: =IFERROR(VLOOKUP(C29,'LT-EN'!$A:$B,2,FALSE)," ") -> 5.1.2. Policyholders - natural persons | B29: 22 | C29: 5.1.2. Draudėjai - fiziniai asmenys
A30: =IFERROR(VLOOKUP(C30,'LT-EN'!$A:$B,2,FALSE)," ") -> 5.2. Railway rolling stock insurance | B30: 23 | C30: 5.2. Geležinkelio transporto priemonių draudimas | H30: 0 | L30: 0 | O30: 116.68 | S30: 705523.97 | Y30: 705640.65
A31: =IFERROR(VLOOKUP(C31,'LT-EN'!$A:$B,2,FALSE)," ") -> 6. Marine, aviation and transport insurance | B31: 24 | C31: 6. Jūrų, oro ir sausumos transporto priemonių draudimas | H31: 0 | L31: 688307.56 | O31: 505964.4 | S31: 556364.39 | Y31: 1750636.4
A32: =IFERROR(VLOOKUP(C32,'LT-EN'!$A:$B,2,FALSE)," ") -> 6.1. Liability arising out of use of ships (sea and internal waters) insurance | B32: 25 | C32: 6.1. Laivų (jūrų ir vidaus vandenų) valdytojų civilinės atsakomybės draudimas
A33: =IFERROR(VLOOKUP(C33,'LT-EN'!$A:$B,2,FALSE)," ") -> 6.2. Ships (sea and internal waters) insurance | B33: 26 | C33: 6.2. Laivų (jūrų ir vidaus vandenų) draudimas
A34: =IFERROR(VLOOKUP(C34,'LT-EN'!$A:$B,2,FALSE)," ") -> 6.3. Liability arising out of the use of aircraft insurance | B34: 27 | C34: 6.3. Skraidymo aparatų valdytojų civilinės atsakomybės draudimas
A35: =IFERROR(VLOOKUP(C35,'LT-EN'!$A:$B,2,FALSE)," ") -> 6.4. Aircraft insurance | B35: 28 | C35: 6.4. Skraidymo aparatų draudimas
A36: =IFERROR(VLOOKUP(C36,'LT-EN'!$A:$B,2,FALSE)," ") -> 6.5. Goods in transit insurance | B36: 29 | C36: 6.5. Vežamų krovinių draudimas
A37: =IFERROR(VLOOKUP(C37,'LT-EN'!$A:$B,2,FALSE)," ") -> 7. Fire and other damage to property insurance | B37: 30 | C37: 7. Draudimas nuo gaisro ir kitos žalos, padarytos turtui | D37: 0 | E37: 0 | F37: 0 | G37: 0 | H37: 0 | I37: 0 | J37: 0 | K37: 0 | L37: 32173197 | M37: 0 | N37: 0 | O37: 12899157 | P37: 0 | Q37: 0 | R37: 0 | S37: 83908792 | T37: 0 | U37: 0 | V37: 0 | W37: 26878680 | X37: 22352295 | Y37: 1.7821212e+08
A38: =IFERROR(VLOOKUP(C38,'LT-EN'!$A:$B,2,FALSE)," ") -> 7.1. Crop insurance | B38: 31 | C38: 7.1. Pasėlių draudimas | H38: 0 | L38: 43724.22 | O38: 0 | S38: 0 | X38: 22352295 | Y38: 22396019
A39: =IFERROR(VLOOKUP(C39,'LT-EN'!$A:$B,2,FALSE)," ") -> 7.2. Livestock insurance | B39: 32 | C39: 7.2. Gyvūnų draudimas | H39: 0 | L39: 0 | O39: 5618.49 | S39: 1436407.1 | Y39: 1442025.6
A40: =IFERROR(VLOOKUP(C40,'LT-EN'!$A:$B,2,FALSE)," ") -> 7.3. Other property insurance | B40: 33 | C40: 7.3. Kitas turto draudimas | H40: 0 | L40: 32129473 | O40: 12893539 | S40: 82472384 | W40: 26878680 | Y40: 1.5437408e+08
A41: =IFERROR(VLOOKUP(C41,'LT-EN'!$A:$B,2,FALSE)," ") -> 7.3.1. Policyholders - legal persons | B41: 34 | C41: 7.3.1. Draudėjai - juridiniai asmenys
A42: =IFERROR(VLOOKUP(C42,'LT-EN'!$A:$B,2,FALSE)," ") -> 7.3.2. Policyholders - natural persons | B42: 35 | C42: 7.3.2. Draudėjai - fiziniai asmenys
A43: =IFERROR(VLOOKUP(C43,'LT-EN'!$A:$B,2,FALSE)," ") -> 8. General liability insurance | B43: 36 | C43: 8. Bendrosios civilinės atsakomybės draudimas | H43: 0 | L43: 6126674.3 | O43: 2268813 | S43: 6309978.5 | W43: 2879035.3 | Y43: 17584501
A44: =IFERROR(VLOOKUP(C44,'LT-EN'!$A:$B,2,FALSE)," ") -> 8.1. Compulsory liability insurance | B44: 37 | C44: 8.1. Privalomieji bendrosios civilinės atsakomybės draudimai
A45: =IFERROR(VLOOKUP(C45,'LT-EN'!$A:$B,2,FALSE)," ") -> 8.2. Other | B45: 38 | C45: 8.2. Kita
A46: =IFERROR(VLOOKUP(C46,'LT-EN'!$A:$B,2,FALSE)," ") -> 8.2.1. Policyholders - legal persons | B46: 39 | C46: 8.2.1. Draudėjai - juridiniai asmenys
A47: =IFERROR(VLOOKUP(C47,'LT-EN'!$A:$B,2,FALSE)," ") -> 8.2.2. Policyholders - natural persons | B47: 40 | C47: 8.2.2. Draudėjai - fiziniai asmenys
A48: =IFERROR(VLOOKUP(C48,'LT-EN'!$A:$B,2,FALSE)," ") -> 9. Credit and suretyship insurance | B48: 41 | C48: 9. Kredito ir laidavimo draudimas | H48: 0 | L48: 2915534.4 | O48: 892876.91 | R48: 1144301 | S48: 2543953.4 | Y48: 7496665.7
A49: =IFERROR(VLOOKUP(C49,'LT-EN'!$A:$B,2,FALSE)," ") -> 9.1. Credit insurance | B49: 42 | C49: 9.1. Kredito draudimas
A50: =IFERROR(VLOOKUP(C50,'LT-EN'!$A:$B,2,FALSE)," ") -> 9.2. Suretyship insurance | B50: 43 | C50: 9.2. Laidavimo draudimas
A51: =IFERROR(VLOOKUP(C51,'LT-EN'!$A:$B,2,FALSE)," ") -> 9.2.1 Insurance of liability performing customs procedures | B51: 44 | C51: 9.2.1 Atsakomybės, atliekant muitinės procedūras, draudimas
A52: =IFERROR(VLOOKUP(C52,'LT-EN'!$A:$B,2,FALSE)," ") -> 9.2.2. Other suretyship insurance | B52: 45 | C52: 9.2.2. Kitas laidavimo draudimas
A53: =IFERROR(VLOOKUP(C53,'LT-EN'!$A:$B,2,FALSE)," ") -> 10. Legal expenses insurance | B53: 46 | C53: 10. Teisinių išlaidų draudimas | H53: 0 | L53: 0 | O53: 0 | S53: 0 | Y53: 0
A54: =IFERROR(VLOOKUP(C54,'LT-EN'!$A:$B,2,FALSE)," ") -> 11. Assistance | B54: 47 | C54: 11. Pagalbos draudimas | H54: 0 | L54: 563830.05 | O54: 1438022.4 | S54: 0 | Y54: 2001852.5
A55: =IFERROR(VLOOKUP(C55,'LT-EN'!$A:$B,2,FALSE)," ") -> 12. Miscellaneous financial loss | B55: 48 | C55: 12. Finansinių nuostolių draudimas | H55: 0 | L55: 2512459 | O55: 211797.72 | S55: 813038.99 | W55: 5273475.8 | Y55: 8810771.5
A56: =IFERROR(VLOOKUP(C56,'LT-EN'!$A:$B,2,FALSE)," ") -> LIFE ASSURANCE | B56: 49 | C56: GYVYBĖS DRAUDIMAS | D56: 27457953 | E56: 8766046.3 | F56: 0 | G56: 0 | H56: 0 | I56: 0 | J56: 0 | K56: 0 | L56: 0 | M56: 0 | N56: 14569960 | O56: 0 | P56: 0 | Q56: 0 | R56: 0 | S56: 0 | T56: 10062690 | U56: 0 | V56: 0 | W56: 0 | X56: 0 | Y56: 60856649
A57: =IFERROR(VLOOKUP(C57,'LT-EN'!$A:$B,2,FALSE)," ") -> 1. Health insurance | B57: 50 | C57: 1. Sveikatos draudimas | N57: 2819862.2 | O57: 0 | Y57: 2819862.2
A58: =IFERROR(VLOOKUP(C58,'LT-EN'!$A:$B,2,FALSE)," ") -> 2. Insurance with profit participation | B58: 51 | C58: 2. Draudimas su teise dalytis pelną | D58: 0 | E58: 388263.7 | F58: 0 | G58: 0 | H58: 0 | I58: 0 | J58: 0 | K58: 0 | L58: 0 | M58: 0 | N58: 1618286.3 | O58: 0 | P58: 0 | Q58: 0 | R58: 0 | S58: 0 | T58: 1710603 | U58: 0 | V58: 0 | W58: 0 | X58: 0 | Y58: 3717153
A59: =IFERROR(VLOOKUP(C59,'LT-EN'!$A:$B,2,FALSE)," ") -> 2.1. Insurance in case of survival | B59: 52 | C59: 2.1. Draudimas išgyvenimo atveju | E59: 315366.76 | K59: 0 | N59: 843199.31 | O59: 0 | T59: 1710603 | V59: 0 | Y59: 2869169.1
A60: =IFERROR(VLOOKUP(C60,'LT-EN'!$A:$B,2,FALSE)," ") -> 2.2. Annuities | B60: 53 | C60: 2.2. Anuitetai | E60: 72896.94 | K60: 0 | N60: 775087 | O60: 0 | Q60: 0 | V60: 0 | Y60: 847983.94
A61: =IFERROR(VLOOKUP(C61,'LT-EN'!$A:$B,2,FALSE)," ") -> 2.3.Insurance in case of death | B61: 54 | C61: 2.3. Draudimas mirties atveju | K61: 0 | O61: 0 | V61: 0 | Y61: 0
A62: =IFERROR(VLOOKUP(C62,'LT-EN'!$A:$B,2,FALSE)," ") -> 2.4. Other insurance with profit participation | B62: 55 | C62: 2.4. Kitas draudimas, suteikiantis teisę gauti pelno dalį | K62: 0 | O62: 0 | V62: 0 | Y62: 0
A63: =IFERROR(VLOOKUP(C63,'LT-EN'!$A:$B,2,FALSE)," ") -> 3. Index-linked and unit-linked insurance | B63: 56 | C63: 3. Su indeksu ir investiciniais vienetais susijęs draudimas | D63: 25867766 | E63: 7117438.2 | F63: 0 | G63: 0 | H63: 0 | I63: 0 | J63: 0 | K63: 0 | L63: 0 | M63: 0 | N63: 7934690.7 | O63: 0 | P63: 0 | Q63: 0 | R63: 0 | S63: 0 | T63: 6765004 | U63: 0 | V63: 0 | W63: 0 | X63: 0 | Y63: 47684899
A64: =IFERROR(VLOOKUP(C64,'LT-EN'!$A:$B,2,FALSE)," ") -> 3.1. Index-linked and unit-linked insurance, when the insurance risk is significant | B64: 57 | C64: 3.1. Su indeksu ir investiciniais vienetais susijęs draudimas, kai draudimo rizika yra reikšminga | D64: 25867766 | E64: 7117438.2 | K64: 0 | N64: 7934690.7 | O64: 0 | T64: 6765004 | V64: 0 | Y64: 47684899
A65: =IFERROR(VLOOKUP(C65,'LT-EN'!$A:$B,2,FALSE)," ") -> 3.2. Index-linked and unit-linked insurance, when the insurance risk is insignificant | B65: 58 | C65: 3.2. Su indeksu ir investiciniais vienetais susijęs draudimas, kai draudimo rizika yra nereikšminga | E65: 0 | K65: 0 | N65: 0 | O65: 0 | V65: 0 | Y65: 0
A66: =IFERROR(VLOOKUP(C66,'LT-EN'!$A:$B,2,FALSE)," ") -> 4. Other life insurance | B66: 59 | C66: 4. Kitas gyvybės draudimas | D66: 1590187 | E66: 1260344.4 | F66: 0 | G66: 0 | H66: 0 | I66: 0 | J66: 0 | K66: 0 | L66: 0 | M66: 0 | N66: 2197120.9 | O66: 0 | P66: 0 | Q66: 0 | R66: 0 | S66: 0 | T66: 1587083 | U66: 0 | V66: 0 | W66: 0 | X66: 0 | Y66: 6634735.3
A67: =IFERROR(VLOOKUP(C67,'LT-EN'!$A:$B,2,FALSE)," ") -> 4.1. Insurance in case of survival | B67: 60 | C67: 4.1. Draudimas išgyvenimo atveju | K67: 0 | O67: 0 | V67: 0 | Y67: 0
A68: =IFERROR(VLOOKUP(C68,'LT-EN'!$A:$B,2,FALSE)," ") -> 4.2. Annuities | B68: 61 | C68: 4.2. Anuitetai | K68: 0 | O68: 0 | V68: 0 | Y68: 0
A69: =IFERROR(VLOOKUP(C69,'LT-EN'!$A:$B,2,FALSE)," ") -> 4.3. Insurance in case of death | B69: 62 | C69: 4.3. Draudimas mirties atveju | D69: 1590187 | E69: 1260344.4 | K69: 0 | N69: 2197120.9 | O69: 0 | T69: 1587083 | V69: 0 | Y69: 6634735.3
A70: =IFERROR(VLOOKUP(C70,'LT-EN'!$A:$B,2,FALSE)," ") -> 4.4. Other life insurance | B70: 63 | C70: 4.4. Kitas gyvybės draudimas | K70: 0 | O70: 0 | V70: 0 | Y70: 0
A71: =IFERROR(VLOOKUP(C71,'LT-EN'!$A:$B,2,FALSE)," ")
A72: =IFERROR(VLOOKUP(C72,'LT-EN'!$A:$B,2,FALSE)," ")
A73: =IFERROR(VLOOKUP(C73,'LT-EN'!$A:$B,2,FALSE)," ")
A74: =IFERROR(VLOOKUP(C74,'LT-EN'!$A:$B,2,FALSE)," ")
A75: =IFERROR(VLOOKUP(C75,'LT-EN'!$A:$B,2,FALSE)," ")
A76: =IFERROR(VLOOKUP(C76,'LT-EN'!$A:$B,2,FALSE)," ")
A77: =IFERROR(VLOOKUP(C77,'LT-EN'!$A:$B,2,FALSE)," ")
A78: =IFERROR(VLOOKUP(C78,'LT-EN'!$A:$B,2,FALSE)," ")
A79: =IFERROR(VLOOKUP(C79,'LT-EN'!$A:$B,2,FALSE)," ")
A80: =IFERROR(VLOOKUP(C80,'LT-EN'!$A:$B,2,FALSE)," ")
A81: =IFERROR(VLOOKUP(C81,'LT-EN'!$A:$B,2,FALSE)," ")
A82: =IFERROR(VLOOKUP(C82,'LT-EN'!$A:$B,2,FALSE)," ")
... A452: =IFERROR(VLOOKUP(C452,'LT-EN'!$A:$B,2,FALSE)," ")

Sheet DSR10
A1: Claims paid for insurance losses, units | C1: Išmokos draudimo žaloms padengti, vnt.
A3: ='DSR1'!C3 -> 2026-09-30
B5: Išmokos draudimo žaloms padengti, vnt.
A6: Business lines / Insurers | B6: eil.nr | C6: Draudimo grupės / Draudikai | D6: Allianz Lietuva gyvybės draudimas | E6: Artea Life Insurance | F6: ATRADIUS filialas | G6: Balcia Insurance filialas | H6: Baltijas Apdrosinasanas Nams filialas | I6: BTA Insurance Company filialas | J6: COFACE filialas | K6: Compensa Life VIG filialas | L6: Compensa VIG | M6: ERGO Insurance filialas | N6: ERGO Life Insurance | O6: Gjensidige | P6: If P&C Insurance (publ) filialas | Q6: If P&C Insurance filialas | R6: Lamantinas | S6: Lietuvos draudimas | T6: PZU Lietuva gyvybės draudimas | U6: SEB Life and Pension Baltic filialas | V6: Swedbank Life Insurance filialas | W6: Swedbank P&C Insurance filialas | X6: Vereinigte Hagelversicherung filialas VH Lietuva | Y6: All
A7: =IFERROR(VLOOKUP(C7,'LT-EN'!$A:$B,2,FALSE)," ") -> ALL | B7: 0 | C7: Visos | D7: 5396 | E7: 2365 | F7: 0 | G7: 13985 | H7: 134 | I7: 291805 | J7: 200 | K7: 838473 | L7: 155624 | M7: 47292 | N7: 26526 | O7: 130914 | P7: 0 | Q7: 24498 | R7: 0 | S7: 359258 | T7: 2415 | U7: 7810 | V7: 3181 | W7: 34156 | X7: 2115 | Y7: 1946147
A8: =IFERROR(VLOOKUP(C8,'LT-EN'!$A:$B,2,FALSE)," ") -> NON-LIFE INSURANCE | B8: 1 | C8: NE GYVYBĖS DRAUDIMAS | D8: 0 | E8: 0 | F8: 0 | G8: 13985 | H8: 134 | I8: 291805 | J8: 200 | K8: 830978 | L8: 155624 | M8: 47292 | N8: 24149 | O8: 130914 | P8: 0 | Q8: 24498 | R8: 0 | S8: 359258 | T8: 0 | U8: 3891 | V8: 0 | W8: 34156 | X8: 2115 | Y8: 1918999
A9: =IFERROR(VLOOKUP(C9,'LT-EN'!$A:$B,2,FALSE)," ") -> 1. Medical expense insurance | B9: 2 | C9: 1. Medicininių išlaidų draudimas | D9: 0 | E9: 0 | F9: 0 | G9: 674 | H9: 0 | I9: 236014 | J9: 0 | K9: 830978 | L9: 117409 | M9: 1273 | N9: 24149 | O9: 109283 | P9: 0 | Q9: 577 | R9: 0 | S9: 238368 | T9: 0 | U9: 0 | V9: 0 | W9: 2153 | X9: 0 | Y9: 1560878
A10: =IFERROR(VLOOKUP(C10,'LT-EN'!$A:$B,2,FALSE)," ") -> 1.1. Supplementary voluntary health insurance | B10: 3 | C10: 1.1. Papildomasis savanoriškasis sveikatos draudimas | D10: 0 | E10: 0 | F10: 0 | G10: 0 | H10: 0 | I10: 233613 | J10: 0 | K10: 830978 | L10: 115920 | M10: 0 | N10: 24149 | O10: 108445 | P10: 0 | Q10: 0 | R10: 0 | S10: 236091 | T10: 0 | U10: 0 | V10: 0 | W10: 0 | X10: 0 | Y10: 1549196
A11: =IFERROR(VLOOKUP(C11,'LT-EN'!$A:$B,2,FALSE)," ") -> 1.1.1. Policyholders - legal persons | B11: 4 | C11: 1.1.1. Draudėjai - juridiniai asmenys | H11: 0 | I11: 226577 | K11: 830978 | L11: 115541 | N11: 23711 | O11: 107999 | Q11: 0 | S11: 200030 | Y11: 1504836
A12: =IFERROR(VLOOKUP(C12,'LT-EN'!$A:$B,2,FALSE)," ") -> 1.1.2. Policyholders - natural persons | B12: 5 | C12: 1.1.2. Draudėjai - fiziniai asmenys | H12: 0 | I12: 7036 | L12: 379 | N12: 438 | O12: 446 | Q12: 0 | S12: 36061 | Y12: 44360
A13: =IFERROR(VLOOKUP(C13,'LT-EN'!$A:$B,2,FALSE)," ") -> 1.2. Other | B13: 6 | C13: 1.2. Kita | D13: 0 | E13: 0 | F13: 0 | G13: 674 | H13: 0 | I13: 2401 | J13: 0 | K13: 0 | L13: 1489 | M13: 1273 | N13: 0 | O13: 838 | P13: 0 | Q13: 577 | R13: 0 | S13: 2277 | T13: 0 | U13: 0 | V13: 0 | W13: 2153 | X13: 0 | Y13: 11682
A14: =IFERROR(VLOOKUP(C14,'LT-EN'!$A:$B,2,FALSE)," ") -> 1.2.1. Policyholders - legal persons | B14: 7 | C14: 1.2.1. Draudėjai - juridiniai asmenys | G14: 115 | H14: 0 | I14: 773 | L14: 973 | M14: 345 | O14: 22 | Q14: 54 | S14: 1222 | Y14: 3504
A15: =IFERROR(VLOOKUP(C15,'LT-EN'!$A:$B,2,FALSE)," ") -> 1.2.2. Policyholders - natural persons | B15: 8 | C15: 1.2.2. Draudėjai - fiziniai asmenys | G15: 559 | H15: 0 | I15: 1628 | L15: 516 | M15: 928 | O15: 816 | Q15: 523 | S15: 1055 | W15: 2153 | Y15: 8178
A16: =IFERROR(VLOOKUP(C16,'LT-EN'!$A:$B,2,FALSE)," ") -> 2. Income protection insurance | B16: 9 | C16: 2. Pajamų apsaugos draudimas | D16: 0 | E16: 0 | F16: 0 | G16: 1471 | H16: 0 | I16: 6843 | J16: 0 | K16: 0 | L16: 3595 | M16: 6125 | N16: 0 | O16: 2860 | P16: 0 | Q16: 1119 | R16: 0 | S16: 14411 | T16: 0 | U16: 3891 | V16: 0 | W16: 1512 | X16: 0 | Y16: 41827
A17: =IFERROR(VLOOKUP(C17,'LT-EN'!$A:$B,2,FALSE)," ") -> 2.1. Policyholders - legal persons | B17: 10 | C17: 2.1. Draudėjai - juridiniai asmenys | G17: 617 | H17: 0 | I17: 1207 | L17: 1210 | M17: 1188 | O17: 533 | Q17: 752 | S17: 1310 | U17: 3891 | Y17: 10708
A18: =IFERROR(VLOOKUP(C18,'LT-EN'!$A:$B,2,FALSE)," ") -> 2.2. Policyholders - natural persons | B18: 11 | C18: 2.2. Draudėjai - fiziniai asmenys | G18: 854 | H18: 0 | I18: 5636 | L18: 2385 | M18: 4937 | O18: 2327 | Q18: 367 | S18: 13101 | W18: 1512 | Y18: 31119
A19: =IFERROR(VLOOKUP(C19,'LT-EN'!$A:$B,2,FALSE)," ") -> 3. Workers' compensation insurance | B19: 12 | C19: 3. Nelaimingų atsitikimų darbe draudimas | H19: 0 | I19: 0 | L19: 0 | O19: 0 | Q19: 0 | S19: 0 | Y19: 0
A20: =IFERROR(VLOOKUP(C20,'LT-EN'!$A:$B,2,FALSE)," ") -> 4. Motor vehicle liability insurance | B20: 13 | C20: 4. Motorinių transporto priemonių valdytojų civilinės atsakomybės draudimas | D20: 0 | E20: 0 | F20: 0 | G20: 6516 | H20: 134 | I20: 16147 | J20: 0 | K20: 0 | L20: 11898 | M20: 16939 | N20: 0 | O20: 9210 | P20: 0 | Q20: 5495 | R20: 0 | S20: 28366 | T20: 0 | U20: 0 | V20: 0 | W20: 2151 | X20: 0 | Y20: 96856
A21: =IFERROR(VLOOKUP(C21,'LT-EN'!$A:$B,2,FALSE)," ") -> 4.1. Liability arising out of the use of motor vehicles operating on the land insurance | B21: 14 | C21: 4.1. Sausumos transporto priemonių valdytojų civilinės atsakomybės draudimas | D21: 0 | E21: 0 | F21: 0 | G21: 6516 | H21: 134 | I21: 16106 | J21: 0 | K21: 0 | L21: 11898 | M21: 16853 | N21: 0 | O21: 9192 | P21: 0 | Q21: 5421 | R21: 0 | S21: 28312 | T21: 0 | U21: 0 | V21: 0 | W21: 2151 | X21: 0 | Y21: 96583
A22: =IFERROR(VLOOKUP(C22,'LT-EN'!$A:$B,2,FALSE)," ") -> 4.1.1. Policyholders - legal persons | B22: 15 | C22: 4.1.1. Draudėjai - juridiniai asmenys | G22: 2915 | H22: 0 | I22: 6681 | L22: 2507 | M22: 6049 | O22: 1651 | Q22: 2907 | S22: 8227 | W22: 86 | Y22: 31023
A23: =IFERROR(VLOOKUP(C23,'LT-EN'!$A:$B,2,FALSE)," ") -> 4.1.2. Policyholders - natural persons | B23: 16 | C23: 4.1.2. Draudėjai - fiziniai asmenys | G23: 3601 | H23: 134 | I23: 9425 | L23: 9391 | M23: 10804 | O23: 7541 | Q23: 2514 | S23: 20085 | W23: 2065 | Y23: 65560
A24: =IFERROR(VLOOKUP(C24,'LT-EN'!$A:$B,2,FALSE)," ") -> 4.2. Carrier third party liability (CMR) insurance | B24: 17 | C24: 4.2. Vežėjų civilinės atsakomybės draudimas | H24: 0 | I24: 41 | L24: 0 | M24: 86 | O24: 18 | Q24: 74 | S24: 52 | Y24: 271
A25: =IFERROR(VLOOKUP(C25,'LT-EN'!$A:$B,2,FALSE)," ") -> 4.3. Liability arising out of use railway rolling stock insurance | B25: 18 | C25: 4.3. Geležinkelių transporto priemonių valdytojų civilinės atsakomybės draudimas | H25: 0 | I25: 0 | L25: 0 | O25: 0 | Q25: 0 | S25: 2 | Y25: 2
A26: =IFERROR(VLOOKUP(C26,'LT-EN'!$A:$B,2,FALSE)," ") -> 5. Other motor insurance | B26: 19 | C26: 5. Kitas transporto priemonių draudimas | D26: 0 | E26: 0 | F26: 0 | G26: 3227 | H26: 0 | I26: 16638 | J26: 0 | K26: 0 | L26: 14087 | M26: 15053 | N26: 0 | O26: 4425 | P26: 0 | Q26: 10805 | R26: 0 | S26: 31327 | T26: 0 | U26: 0 | V26: 0 | W26: 6131 | X26: 0 | Y26: 101693
A27: =IFERROR(VLOOKUP(C27,'LT-EN'!$A:$B,2,FALSE)," ") -> 5.1. Land vehicles other than railway rolling stock insurance | B27: 20 | C27: 5.1. Sausumos transporto priemonių, išskyrus geležinkelio transporto priemones, draudimas | D27: 0 | E27: 0 | F27: 0 | G27: 3227 | H27: 0 | I27: 16636 | J27: 0 | K27: 0 | L27: 14087 | M27: 15053 | N27: 0 | O27: 4425 | P27: 0 | Q27: 10805 | R27: 0 | S27: 31309 | T27: 0 | U27: 0 | V27: 0 | W27: 6131 | X27: 0 | Y27: 101673
A28: =IFERROR(VLOOKUP(C28,'LT-EN'!$A:$B,2,FALSE)," ") -> 5.1.1. Policyholders - legal persons | B28: 21 | C28: 5.1.1. Draudėjai - juridiniai asmenys | G28: 747 | H28: 0 | I28: 7377 | L28: 4725 | M28: 5633 | O28: 1566 | Q28: 4910 | S28: 13695 | W28: 711 | Y28: 39364
A29: =IFERROR(VLOOKUP(C29,'LT-EN'!$A:$B,2,FALSE)," ") -> 5.1.2. Policyholders - natural persons | B29: 22 | C29: 5.1.2. Draudėjai - fiziniai asmenys | G29: 2480 | H29: 0 | I29: 9259 | L29: 9362 | M29: 9420 | O29: 2859 | Q29: 5895 | S29: 17614 | W29: 5420 | Y29: 62309
A30: =IFERROR(VLOOKUP(C30,'LT-EN'!$A:$B,2,FALSE)," ") -> 5.2. Railway rolling stock insurance | B30: 23 | C30: 5.2. Geležinkelio transporto priemonių draudimas | H30: 0 | I30: 2 | L30: 0 | O30: 0 | Q30: 0 | S30: 18 | Y30: 20
A31: =IFERROR(VLOOKUP(C31,'LT-EN'!$A:$B,2,FALSE)," ") -> 6. Marine, aviation and transport insurance | B31: 24 | C31: 6. Jūrų, oro ir sausumos transporto priemonių draudimas | D31: 0 | E31: 0 | F31: 0 | G31: 0 | H31: 0 | I31: 11 | J31: 0 | K31: 0 | L31: 44 | M31: 33 | N31: 0 | O31: 6 | P31: 0 | Q31: 20 | R31: 0 | S31: 24 | T31: 0 | U31: 0 | V31: 0 | W31: 0 | X31: 0 | Y31: 138
A32: =IFERROR(VLOOKUP(C32,'LT-EN'!$A:$B,2,FALSE)," ") -> 6.1. Liability arising out of use of ships (sea and internal waters) insurance | B32: 25 | C32: 6.1. Laivų (jūrų ir vidaus vandenų) valdytojų civilinės atsakomybės draudimas | H32: 0 | I32: 1 | L32: 0 | O32: 0 | Q32: 0 | S32: 0 | Y32: 1
A33: =IFERROR(VLOOKUP(C33,'LT-EN'!$A:$B,2,FALSE)," ") -> 6.2. Ships (sea and internal waters) insurance | B33: 26 | C33: 6.2. Laivų (jūrų ir vidaus vandenų) draudimas | H33: 0 | I33: 3 | L33: 0 | M33: 7 | O33: 2 | Q33: 1 | S33: 3 | Y33: 16
A34: =IFERROR(VLOOKUP(C34,'LT-EN'!$A:$B,2,FALSE)," ") -> 6.3. Liability arising out of the use of aircraft insurance | B34: 27 | C34: 6.3. Skraidymo aparatų valdytojų civilinės atsakomybės draudimas | H34: 0 | I34: 0 | L34: 0 | O34: 0 | Q34: 0 | S34: 0 | Y34: 0
A35: =IFERROR(VLOOKUP(C35,'LT-EN'!$A:$B,2,FALSE)," ") -> 6.4. Aircraft insurance | B35: 28 | C35: 6.4. Skraidymo aparatų draudimas | H35: 0 | I35: 0 | L35: 0 | O35: 0 | Q35: 0 | S35: 0 | Y35: 0
A36: =IFERROR(VLOOKUP(C36,'LT-EN'!$A:$B,2,FALSE)," ") -> 6.5. Goods in transit insurance | B36: 29 | C36: 6.5. Vežamų krovinių draudimas | H36: 0 | I36: 7 | L36: 44 | M36: 26 | O36: 4 | Q36: 19 | S36: 21 | Y36: 121
A37: =IFERROR(VLOOKUP(C37,'LT-EN'!$A:$B,2,FALSE)," ") -> 7. Fire and other damage to property insurance | B37: 30 | C37: 7. Draudimas nuo gaisro ir kitos žalos, padarytos turtui | D37: 0 | E37: 0 | F37: 0 | G37: 1880 | H37: 0 | I37: 6747 | J37: 0 | K37: 0 | L37: 6301 | M37: 7198 | N37: 0 | O37: 4507 | P37: 0 | Q37: 6164 | R37: 0 | S37: 44692 | T37: 0 | U37: 0 | V37: 0 | W37: 17514 | X37: 2115 | Y37: 97118
A38: =IFERROR(VLOOKUP(C38,'LT-EN'!$A:$B,2,FALSE)," ") -> 7.1. Crop insurance | B38: 31 | C38: 7.1. Pasėlių draudimas | H38: 0 | I38: 58 | L38: 8 | O38: 0 | Q38: 0 | S38: 0 | X38: 2115 | Y38: 2181
A39: =IFERROR(VLOOKUP(C39,'LT-EN'!$A:$B,2,FALSE)," ") -> 7.2. Livestock insurance | B39: 32 | C39: 7.2. Gyvūnų draudimas | H39: 0 | I39: 70 | L39: 0 | M39: 43 | O39: 2 | Q39: 0 | S39: 415 | Y39: 530
A40: =IFERROR(VLOOKUP(C40,'LT-EN'!$A:$B,2,FALSE)," ") -> 7.3. Other property insurance | B40: 33 | C40: 7.3. Kitas turto draudimas | D40: 0 | E40: 0 | F40: 0 | G40: 1880 | H40: 0 | I40: 6619 | J40: 0 | K40: 0 | L40: 6293 | M40: 7155 | N40: 0 | O40: 4505 | P40: 0 | Q40: 6164 | R40: 0 | S40: 44277 | T40: 0 | U40: 0 | V40: 0 | W40: 17514 | X40: 0 | Y40: 94407
A41: =IFERROR(VLOOKUP(C41,'LT-EN'!$A:$B,2,FALSE)," ") -> 7.3.1. Policyholders - legal persons | B41: 34 | C41: 7.3.1. Draudėjai - juridiniai asmenys | G41: 208 | H41: 0 | I41: 811 | L41: 1530 | M41: 448 | O41: 573 | Q41: 501 | S41: 6716 | W41: 10 | Y41: 10797
A42: =IFERROR(VLOOKUP(C42,'LT-EN'!$A:$B,2,FALSE)," ") -> 7.3.2. Policyholders - natural persons | B42: 35 | C42: 7.3.2. Draudėjai - fiziniai asmenys | G42: 1672 | H42: 0 | I42: 5808 | L42: 4763 | M42: 6707 | O42: 3932 | Q42: 5663 | S42: 37561 | W42: 17504 | Y42: 83610
A43: =IFERROR(VLOOKUP(C43,'LT-EN'!$A:$B,2,FALSE)," ") -> 8. General liability insurance | B43: 36 | C43: 8. Bendrosios civilinės atsakomybės draudimas | D43: 0 | E43: 0 | F43: 0 | G43: 95 | H43: 0 | I43: 920 | J43: 0 | K43: 0 | L43: 884 | M43: 630 | N43: 0 | O43: 376 | P43: 0 | Q43: 302 | R43: 0 | S43: 2060 | T43: 0 | U43: 0 | V43: 0 | W43: 1127 | X43: 0 | Y43: 6394
A44: =IFERROR(VLOOKUP(C44,'LT-EN'!$A:$B,2,FALSE)," ") -> 8.1. Compulsory liability insurance | B44: 37 | C44: 8.1. Privalomieji bendrosios civilinės atsakomybės draudimai | H44: 0 | I44: 5 | L44: 17 | M44: 9 | O44: 6 | Q44: 5 | S44: 18 | Y44: 60
A45: =IFERROR(VLOOKUP(C45,'LT-EN'!$A:$B,2,FALSE)," ") -> 8.2. Other | B45: 38 | C45: 8.2. Kita | D45: 0 | E45: 0 | F45: 0 | G45: 95 | H45: 0 | I45: 915 | J45: 0 | K45: 0 | L45: 867 | M45: 621 | N45: 0 | O45: 370 | P45: 0 | Q45: 297 | R45: 0 | S45: 2042 | T45: 0 | U45: 0 | V45: 0 | W45: 1127 | X45: 0 | Y45: 6334
A46: =IFERROR(VLOOKUP(C46,'LT-EN'!$A:$B,2,FALSE)," ") -> 8.2.1. Policyholders - legal persons | B46: 39 | C46: 8.2.1. Draudėjai - juridiniai asmenys | G46: 31 | H46: 0 | I46: 524 | L46: 545 | M46: 261 | O46: 130 | Q46: 168 | S46: 428 | Y46: 2087
A47: =IFERROR(VLOOKUP(C47,'LT-EN'!$A:$B,2,FALSE)," ") -> 8.2.2. Policyholders - natural persons | B47: 40 | C47: 8.2.2. Draudėjai - fiziniai asmenys | G47: 64 | H47: 0 | I47: 391 | L47: 322 | M47: 360 | O47: 240 | Q47: 129 | S47: 1614 | W47: 1127 | Y47: 4247
A48: =IFERROR(VLOOKUP(C48,'LT-EN'!$A:$B,2,FALSE)," ") -> 9. Credit and suretyship insurance | B48: 41 | C48: 9. Kredito ir laidavimo draudimas | D48: 0 | E48: 0 | F48: 0 | G48: 0 | H48: 0 | I48: 30 | J48: 200 | K48: 0 | L48: 20 | M48: 5 | N48: 0 | O48: 3 | P48: 0 | Q48: 0 | R48: 0 | S48: 10 | T48: 0 | U48: 0 | V48: 0 | W48: 0 | X48: 0 | Y48: 268
A49: =IFERROR(VLOOKUP(C49,'LT-EN'!$A:$B,2,FALSE)," ") -> 9.1. Credit insurance | B49: 42 | C49: 9.1. Kredito draudimas | H49: 0 | I49: 0 | J49: 200 | L49: 0 | O49: 0 | Q49: 0 | S49: 0 | Y49: 200
A50: =IFERROR(VLOOKUP(C50,'LT-EN'!$A:$B,2,FALSE)," ") -> 9.2. Suretyship insurance | B50: 43 | C50: 9.2. Laidavimo draudimas | D50: 0 | E50: 0 | F50: 0 | G50: 0 | H50: 0 | I50: 30 | J50: 0 | K50: 0 | L50: 20 | M50: 5 | N50: 0 | O50: 3 | P50: 0 | Q50: 0 | R50: 0 | S50: 10 | T50: 0 | U50: 0 | V50: 0 | W50: 0 | X50: 0 | Y50: 68
A51: =IFERROR(VLOOKUP(C51,'LT-EN'!$A:$B,2,FALSE)," ") -> 9.2.1 Insurance of liability performing customs procedures | B51: 44 | C51: 9.2.1 Atsakomybės, atliekant muitinės procedūras, draudimas | H51: 0 | I51: 5 | L51: 0 | O51: 0 | Q51: 0 | S51: 0 | Y51: 5
A52: =IFERROR(VLOOKUP(C52,'LT-EN'!$A:$B,2,FALSE)," ") -> 9.2.2. Other suretyship insurance | B52: 45 | C52: 9.2.2. Kitas laidavimo draudimas | H52: 0 | I52: 25 | L52: 20 | M52: 5 | O52: 3 | Q52: 0 | S52: 10 | Y52: 63
A53: =IFERROR(VLOOKUP(C53,'LT-EN'!$A:$B,2,FALSE)," ") -> 10. Legal expenses insurance | B53: 46 | C53: 10. Teisinių išlaidų draudimas | H53: 0 | I53: 0 | L53: 0 | O53: 0 | Q53: 0 | S53: 0 | Y53: 0
A54: =IFERROR(VLOOKUP(C54,'LT-EN'!$A:$B,2,FALSE)," ") -> 11. Assistance | B54: 47 | C54: 11. Pagalbos draudimas | G54: 112 | H54: 0 | I54: 8454 | L54: 29 | M54: 36 | O54: 209 | Q54: 0 | S54: 0 | Y54: 8840
A55: =IFERROR(VLOOKUP(C55,'LT-EN'!$A:$B,2,FALSE)," ") -> 12. Miscellaneous financial loss | B55: 48 | C55: 12. Finansinių nuostolių draudimas | G55: 10 | H55: 0 | I55: 1 | L55: 1357 | M55: 0 | O55: 35 | Q55: 16 | S55: 0 | W55: 3568 | Y55: 4987
A56: =IFERROR(VLOOKUP(C56,'LT-EN'!$A:$B,2,FALSE)," ") -> LIFE ASSURANCE | B56: 49 | C56: GYVYBĖS DRAUDIMAS | D56: 5396 | E56: 2365 | F56: 0 | G56: 0 | H56: 0 | I56: 0 | J56: 0 | K56: 7495 | L56: 0 | M56: 0 | N56: 2377 | O56: 0 | P56: 0 | Q56: 0 | R56: 0 | S56: 0 | T56: 2415 | U56: 3919 | V56: 3181 | W56: 0 | X56: 0 | Y56: 27148
A57: =IFERROR(VLOOKUP(C57,'LT-EN'!$A:$B,2,FALSE)," ") -> 1. Health insurance | B57: 50 | C57: 1. Sveikatos draudimas | K57: 13 | N57: 1188 | O57: 0 | T57: 0 | Y57: 1201
A58: =IFERROR(VLOOKUP(C58,'LT-EN'!$A:$B,2,FALSE)," ") -> 2. Insurance with profit participation | B58: 51 | C58: 2. Draudimas su teise dalytis pelną | D58: 0 | E58: 117 | F58: 0 | G58: 0 | H58: 0 | I58: 0 | J58: 0 | K58: 1606 | L58: 0 | M58: 0 | N58: 225 | O58: 0 | P58: 0 | Q58: 0 | R58: 0 | S58: 0 | T58: 448 | U58: 914 | V58: 29 | W58: 0 | X58: 0 | Y58: 3339
A59: =IFERROR(VLOOKUP(C59,'LT-EN'!$A:$B,2,FALSE)," ") -> 2.1. Insurance in case of survival | B59: 52 | C59: 2.1. Draudimas išgyvenimo atveju | E59: 108 | K59: 1606 | N59: 21 | O59: 0 | T59: 448 | U59: 0 | V59: 28 | Y59: 2211
A60: =IFERROR(VLOOKUP(C60,'LT-EN'!$A:$B,2,FALSE)," ") -> 2.2. Annuities | B60: 53 | C60: 2.2. Anuitetai | E60: 9 | K60: 0 | N60: 204 | O60: 0 | Q60: 0 | U60: 914 | V60: 0 | Y60: 1127
A61: =IFERROR(VLOOKUP(C61,'LT-EN'!$A:$B,2,FALSE)," ") -> 2.3.Insurance in case of death | B61: 54 | C61: 2.3. Draudimas mirties atveju | K61: 0 | O61: 0 | V61: 0 | Y61: 0
A62: =IFERROR(VLOOKUP(C62,'LT-EN'!$A:$B,2,FALSE)," ") -> 2.4. Other insurance with profit participation | B62: 55 | C62: 2.4. Kitas draudimas, suteikiantis teisę gauti pelno dalį | K62: 0 | O62: 0 | V62: 1 | Y62: 1
A63: =IFERROR(VLOOKUP(C63,'LT-EN'!$A:$B,2,FALSE)," ") -> 3. Index-linked and unit-linked insurance | B63: 56 | C63: 3. Su indeksu ir investiciniais vienetais susijęs draudimas | D63: 4875 | E63: 1954 | F63: 0 | G63: 0 | H63: 0 | I63: 0 | J63: 0 | K63: 4607 | L63: 0 | M63: 0 | N63: 923 | O63: 0 | P63: 0 | Q63: 0 | R63: 0 | S63: 0 | T63: 1444 | U63: 753 | V63: 147 | W63: 0 | X63: 0 | Y63: 14703
A64: =IFERROR(VLOOKUP(C64,'LT-EN'!$A:$B,2,FALSE)," ") -> 3.1. Index-linked and unit-linked insurance, when the insurance risk is significant | B64: 57 | C64: 3.1. Su indeksu ir investiciniais vienetais susijęs draudimas, kai draudimo rizika yra reikšminga | D64: 4875 | E64: 1875 | K64: 0 | N64: 923 | O64: 0 | T64: 1442 | U64: 726 | V64: 132 | Y64: 9973
A65: =IFERROR(VLOOKUP(C65,'LT-EN'!$A:$B,2,FALSE)," ") -> 3.2. Index-linked and unit-linked insurance, when the insurance risk is insignificant | B65: 58 | C65: 3.2. Su indeksu ir investiciniais vienetais susijęs draudimas, kai draudimo rizika yra nereikšminga* | E65: 79 | K65: 4607 | N65: 0 | O65: 0 | Q65: 0 | T65: 2 | U65: 27 | V65: 15 | Y65: 4730
A66: =IFERROR(VLOOKUP(C66,'LT-EN'!$A:$B,2,FALSE)," ") -> 4. Other life insurance | B66: 59 | C66: 4. Kitas gyvybės draudimas | D66: 521 | E66: 294 | F66: 0 | G66: 0 | H66: 0 | I66: 0 | J66: 0 | K66: 1269 | L66: 0 | M66: 0 | N66: 41 | O66: 0 | P66: 0 | Q66: 0 | R66: 0 | S66: 0 | T66: 523 | U66: 2252 | V66: 3005 | W66: 0 | X66: 0 | Y66: 7905
A67: =IFERROR(VLOOKUP(C67,'LT-EN'!$A:$B,2,FALSE)," ") -> 4.1. Insurance in case of survival | B67: 60 | C67: 4.1. Draudimas išgyvenimo atveju | K67: 0 | O67: 0 | V67: 0 | Y67: 0
A68: =IFERROR(VLOOKUP(C68,'LT-EN'!$A:$B,2,FALSE)," ") -> 4.2. Annuities | B68: 61 | C68: 4.2. Anuitetai | K68: 24 | O68: 0 | Q68: 0 | V68: 0 | Y68: 24
A69: =IFERROR(VLOOKUP(C69,'LT-EN'!$A:$B,2,FALSE)," ") -> 4.3. Insurance in case of death | B69: 62 | C69: 4.3. Draudimas mirties atveju | D69: 521 | E69: 294 | K69: 1245 | N69: 41 | O69: 0 | T69: 523 | U69: 2252 | V69: 3005 | Y69: 7881
A70: =IFERROR(VLOOKUP(C70,'LT-EN'!$A:$B,2,FALSE)," ") -> 4.4. Other life insurance | B70: 63 | C70: 4.4. Kitas gyvybės draudimas | K70: 0 | O70: 0 | Q70: 0 | V70: 0 | Y70: 0
A71: =IFERROR(VLOOKUP(C71,'LT-EN'!$A:$B,2,FALSE)," ")
A72: =IFERROR(VLOOKUP(C72,'LT-EN'!$A:$B,2,FALSE)," ")
A73: =IFERROR(VLOOKUP(C73,'LT-EN'!$A:$B,2,FALSE)," ")
A74: =IFERROR(VLOOKUP(C74,'LT-EN'!$A:$B,2,FALSE)," ")
A75: =IFERROR(VLOOKUP(C75,'LT-EN'!$A:$B,2,FALSE)," ")
A76: =IFERROR(VLOOKUP(C76,'LT-EN'!$A:$B,2,FALSE)," ")
A77: =IFERROR(VLOOKUP(C77,'LT-EN'!$A:$B,2,FALSE)," ")
A78: =IFERROR(VLOOKUP(C78,'LT-EN'!$A:$B,2,FALSE)," ")
A79: =IFERROR(VLOOKUP(C79,'LT-EN'!$A:$B,2,FALSE)," ")
A80: =IFERROR(VLOOKUP(C80,'LT-EN'!$A:$B,2,FALSE)," ")
A81: =IFERROR(VLOOKUP(C81,'LT-EN'!$A:$B,2,FALSE)," ")
A82: =IFERROR(VLOOKUP(C82,'LT-EN'!$A:$B,2,FALSE)," ")
... A467: =IFERROR(VLOOKUP(C467,'LT-EN'!$A:$B,2,FALSE)," ")

Sheet DSR11
A1: Payment of the investment component after the expiration of the insurance contract, units | C1: Investicinio komponento išmokėjimas pasibaigus draudimo sutarties terminui, vnt.
A3: ='DSR1'!C3 -> 2026-09-30
B5: Investicinio komponento išmokėjimas pasibaigus draudimo sutarties terminui, vnt.
A6: Business lines / Insurers | B6: eil.nr | C6: Draudimo grupės / Draudikai | D6: Allianz Lietuva gyvybės draudimas | E6: Artea Life Insurance | F6: ATRADIUS filialas | G6: Balcia Insurance filialas | H6: Baltijas Apdrosinasanas Nams filialas | I6: BTA Insurance Company filialas | J6: COFACE filialas | K6: Compensa Life VIG filialas | L6: Compensa VIG | M6: ERGO Insurance filialas | N6: ERGO Life Insurance | O6: Gjensidige | P6: If P&C Insurance (publ) filialas | Q6: If P&C Insurance filialas | R6: Lamantinas | S6: Lietuvos draudimas | T6: PZU Lietuva gyvybės draudimas | U6: SEB Life and Pension Baltic filialas | V6: Swedbank Life Insurance filialas | W6: Swedbank P&C Insurance filialas | X6: Vereinigte Hagelversicherung filialas VH Lietuva | Y6: All
A7: =IFERROR(VLOOKUP(C7,'LT-EN'!$A:$B,2,FALSE)," ") -> ALL | B7: 0 | C7: Visos | D7: 475 | E7: 465 | F7: 0 | G7: 0 | H7: 0 | I7: 0 | J7: 0 | K7: 715 | L7: 0 | M7: 0 | N7: 1263 | O7: 0 | P7: 0 | Q7: 0 | R7: 0 | S7: 0 | T7: 589 | U7: 2487 | V7: 2111 | W7: 0 | X7: 0 | Y7: 8105
A8: =IFERROR(VLOOKUP(C8,'LT-EN'!$A:$B,2,FALSE)," ") -> LIFE ASSURANCE | B8: 49 | C8: GYVYBĖS DRAUDIMAS | D8: 475 | E8: 465 | F8: 0 | G8: 0 | H8: 0 | I8: 0 | J8: 0 | K8: 715 | L8: 0 | M8: 0 | N8: 1263 | O8: 0 | P8: 0 | Q8: 0 | R8: 0 | S8: 0 | T8: 589 | U8: 2487 | V8: 2111 | W8: 0 | X8: 0 | Y8: 8105
A9: =IFERROR(VLOOKUP(C9,'LT-EN'!$A:$B,2,FALSE)," ") -> 1. Health insurance | B9: 50 | C9: 1. Sveikatos draudimas | K9: 0 | N9: 0 | O9: 0 | T9: 0 | Y9: 0
A10: =IFERROR(VLOOKUP(C10,'LT-EN'!$A:$B,2,FALSE)," ") -> 2. Insurance with profit participation | B10: 51 | C10: 2. Draudimas su teise dalytis pelną | D10: 0 | E10: 76 | F10: 0 | G10: 0 | H10: 0 | I10: 0 | J10: 0 | K10: 560 | L10: 0 | M10: 0 | N10: 960 | O10: 0 | P10: 0 | Q10: 0 | R10: 0 | S10: 0 | T10: 402 | U10: 5 | V10: 203 | W10: 0 | X10: 0 | Y10: 2206
A11: =IFERROR(VLOOKUP(C11,'LT-EN'!$A:$B,2,FALSE)," ") -> 2.1. Insurance in case of survival | B11: 52 | C11: 2.1. Draudimas išgyvenimo atveju | E11: 63 | K11: 560 | N11: 803 | O11: 0 | T11: 402 | U11: 5 | V11: 202 | Y11: 2035
A12: =IFERROR(VLOOKUP(C12,'LT-EN'!$A:$B,2,FALSE)," ") -> 2.2. Annuities | B12: 53 | C12: 2.2. Anuitetai | E12: 13 | K12: 0 | N12: 157 | O12: 0 | V12: 0 | Y12: 170
A13: =IFERROR(VLOOKUP(C13,'LT-EN'!$A:$B,2,FALSE)," ") -> 2.3.Insurance in case of death | B13: 54 | C13: 2.3. Draudimas mirties atveju | K13: 0 | O13: 0 | V13: 0 | Y13: 0
A14: =IFERROR(VLOOKUP(C14,'LT-EN'!$A:$B,2,FALSE)," ") -> 2.4. Other insurance with profit participation | B14: 55 | C14: 2.4. Kitas draudimas, suteikiantis teisę gauti pelno dalį | K14: 0 | O14: 0 | V14: 1 | Y14: 1
A15: =IFERROR(VLOOKUP(C15,'LT-EN'!$A:$B,2,FALSE)," ") -> 3. Index-linked and unit-linked insurance | B15: 56 | C15: 3. Su indeksu ir investiciniais vienetais susijęs draudimas | D15: 475 | E15: 389 | F15: 0 | G15: 0 | H15: 0 | I15: 0 | J15: 0 | K15: 155 | L15: 0 | M15: 0 | N15: 303 | O15: 0 | P15: 0 | Q15: 0 | R15: 0 | S15: 0 | T15: 187 | U15: 2482 | V15: 1908 | W15: 0 | X15: 0 | Y15: 5899
A16: =IFERROR(VLOOKUP(C16,'LT-EN'!$A:$B,2,FALSE)," ") -> 3.1. Index-linked and unit-linked insurance, when the insurance risk is significant | B16: 57 | C16: 3.1. Su indeksu ir investiciniais vienetais susijęs draudimas, kai draudimo rizika yra reikšminga | D16: 475 | E16: 330 | K16: 0 | N16: 251 | O16: 0 | T16: 180 | U16: 1901 | V16: 1820 | Y16: 4957
A17: =IFERROR(VLOOKUP(C17,'LT-EN'!$A:$B,2,FALSE)," ") -> 3.2. Index-linked and unit-linked insurance, when the insurance risk is insignificant | B17: 58 | C17: 3.2. Su indeksu ir investiciniais vienetais susijęs draudimas, kai draudimo rizika yra nereikšminga* | E17: 59 | K17: 155 | N17: 52 | O17: 0 | T17: 7 | U17: 581 | V17: 88 | Y17: 942
A18: =IFERROR(VLOOKUP(C18,'LT-EN'!$A:$B,2,FALSE)," ") -> 4. Other life insurance | B18: 59 | C18: 4. Kitas gyvybės draudimas | D18: 0 | E18: 0 | F18: 0 | G18: 0 | H18: 0 | I18: 0 | J18: 0 | K18: 0 | L18: 0 | M18: 0 | N18: 0 | O18: 0 | P18: 0 | Q18: 0 | R18: 0 | S18: 0 | T18: 0 | U18: 0 | V18: 0 | W18: 0 | X18: 0 | Y18: 0
A19: =IFERROR(VLOOKUP(C19,'LT-EN'!$A:$B,2,FALSE)," ") -> 4.1. Insurance in case of survival | B19: 60 | C19: 4.1. Draudimas išgyvenimo atveju | K19: 0 | O19: 0 | V19: 0 | Y19: 0
A20: =IFERROR(VLOOKUP(C20,'LT-EN'!$A:$B,2,FALSE)," ") -> 4.2. Annuities | B20: 61 | C20: 4.2. Anuitetai | K20: 0 | O20: 0 | V20: 0 | Y20: 0
A21: =IFERROR(VLOOKUP(C21,'LT-EN'!$A:$B,2,FALSE)," ") -> 4.3. Insurance in case of death | B21: 62 | C21: 4.3. Draudimas mirties atveju | D21: 0 | E21: 0 | K21: 0 | N21: 0 | O21: 0 | T21: 0 | V21: 0 | Y21: 0
A22: =IFERROR(VLOOKUP(C22,'LT-EN'!$A:$B,2,FALSE)," ") -> 4.4. Other life insurance | B22: 63 | C22: 4.4. Kitas gyvybės draudimas | K22: 0 | O22: 0 | V22: 0 | Y22: 0
A23: =IFERROR(VLOOKUP(C23,'LT-EN'!$A:$B,2,FALSE)," ")
A24: =IFERROR(VLOOKUP(C24,'LT-EN'!$A:$B,2,FALSE)," ")
A25: =IFERROR(VLOOKUP(C25,'LT-EN'!$A:$B,2,FALSE)," ")
A26: =IFERROR(VLOOKUP(C26,'LT-EN'!$A:$B,2,FALSE)," ")
A27: =IFERROR(VLOOKUP(C27,'LT-EN'!$A:$B,2,FALSE)," ")
A28: =IFERROR(VLOOKUP(C28,'LT-EN'!$A:$B,2,FALSE)," ")
A29: =IFERROR(VLOOKUP(C29,'LT-EN'!$A:$B,2,FALSE)," ")
A30: =IFERROR(VLOOKUP(C30,'LT-EN'!$A:$B,2,FALSE)," ")
A31: =IFERROR(VLOOKUP(C31,'LT-EN'!$A:$B,2,FALSE)," ")
A32: =IFERROR(VLOOKUP(C32,'LT-EN'!$A:$B,2,FALSE)," ")
A33: =IFERROR(VLOOKUP(C33,'LT-EN'!$A:$B,2,FALSE)," ")
A34: =IFERROR(VLOOKUP(C34,'LT-EN'!$A:$B,2,FALSE)," ")
... A93: =IFERROR(VLOOKUP(C93,'LT-EN'!$A:$B,2,FALSE)," ")

Sheet DSR12
A1: Payment of the investment component after termination of the insurance contract, units | C1: Investicinio komponento išmokėjimas nutraukus draudimo sutartį, vnt.
A3: ='DSR1'!C3 -> 2026-09-30
B5: Investicinio komponento išmokėjimas nutraukus draudimo sutartį, vnt.
A6: Business lines / Insurers | B6: eil.nr | C6: Draudimo grupės / Draudikai | D6: Allianz Lietuva gyvybės draudimas | E6: Artea Life Insurance | F6: ATRADIUS filialas | G6: Balcia Insurance filialas | H6: Baltijas Apdrosinasanas Nams filialas | I6: BTA Insurance Company filialas | J6: COFACE filialas | K6: Compensa Life VIG filialas | L6: Compensa VIG | M6: ERGO Insurance filialas | N6: ERGO Life Insurance | O6: Gjensidige | P6: If P&C Insurance (publ) filialas | Q6: If P&C Insurance filialas | R6: Lamantinas | S6: Lietuvos draudimas | T6: PZU Lietuva gyvybės draudimas | U6: SEB Life and Pension Baltic filialas | V6: Swedbank Life Insurance filialas | W6: Swedbank P&C Insurance filialas | X6: Vereinigte Hagelversicherung filialas VH Lietuva | Y6: All
A7: =IFERROR(VLOOKUP(C7,'LT-EN'!$A:$B,2,FALSE)," ") -> ALL | B7: 0 | C7: Visos | D7: 2941 | E7: 2024 | F7: 0 | G7: 0 | H7: 0 | I7: 0 | J7: 0 | K7: 10945 | L7: 0 | M7: 0 | N7: 1308 | O7: 0 | P7: 0 | Q7: 0 | R7: 0 | S7: 0 | T7: 1278 | U7: 4081 | V7: 3460 | W7: 0 | X7: 0 | Y7: 26037
A8: =IFERROR(VLOOKUP(C8,'LT-EN'!$A:$B,2,FALSE)," ") -> LIFE ASSURANCE | B8: 49 | C8: GYVYBĖS DRAUDIMAS | D8: 2941 | E8: 2024 | F8: 0 | G8: 0 | H8: 0 | I8: 0 | J8: 0 | K8: 10945 | L8: 0 | M8: 0 | N8: 1308 | O8: 0 | P8: 0 | Q8: 0 | R8: 0 | S8: 0 | T8: 1278 | U8: 4081 | V8: 3460 | W8: 0 | X8: 0 | Y8: 26037
A9: =IFERROR(VLOOKUP(C9,'LT-EN'!$A:$B,2,FALSE)," ") -> 1. Health insurance | B9: 50 | C9: 1. Sveikatos draudimas | K9: 10 | N9: 0 | O9: 0 | T9: 0 | Y9: 10
A10: =IFERROR(VLOOKUP(C10,'LT-EN'!$A:$B,2,FALSE)," ") -> 2. Insurance with profit participation | B10: 51 | C10: 2. Draudimas su teise dalytis pelną | D10: 0 | E10: 91 | F10: 0 | G10: 0 | H10: 0 | I10: 0 | J10: 0 | K10: 2265 | L10: 0 | M10: 0 | N10: 438 | O10: 0 | P10: 0 | Q10: 0 | R10: 0 | S10: 0 | T10: 298 | U10: 3 | V10: 27 | W10: 0 | X10: 0 | Y10: 3122
A11: =IFERROR(VLOOKUP(C11,'LT-EN'!$A:$B,2,FALSE)," ") -> 2.1. Insurance in case of survival | B11: 52 | C11: 2.1. Draudimas išgyvenimo atveju | E11: 77 | K11: 2265 | N11: 322 | O11: 0 | T11: 298 | U11: 3 | V11: 25 | Y11: 2990
A12: =IFERROR(VLOOKUP(C12,'LT-EN'!$A:$B,2,FALSE)," ") -> 2.2. Annuities | B12: 53 | C12: 2.2. Anuitetai | E12: 14 | K12: 0 | N12: 116 | O12: 0 | V12: 0 | Y12: 130
A13: =IFERROR(VLOOKUP(C13,'LT-EN'!$A:$B,2,FALSE)," ") -> 2.3.Insurance in case of death | B13: 54 | C13: 2.3. Draudimas mirties atveju | K13: 0 | O13: 0 | V13: 0 | Y13: 0
A14: =IFERROR(VLOOKUP(C14,'LT-EN'!$A:$B,2,FALSE)," ") -> 2.4. Other insurance with profit participation | B14: 55 | C14: 2.4. Kitas draudimas, suteikiantis teisę gauti pelno dalį | K14: 0 | O14: 0 | V14: 2 | Y14: 2
A15: =IFERROR(VLOOKUP(C15,'LT-EN'!$A:$B,2,FALSE)," ") -> 3. Index-linked and unit-linked insurance | B15: 56 | C15: 3. Su indeksu ir investiciniais vienetais susijęs draudimas | D15: 2941 | E15: 1933 | F15: 0 | G15: 0 | H15: 0 | I15: 0 | J15: 0 | K15: 4788 | L15: 0 | M15: 0 | N15: 870 | O15: 0 | P15: 0 | Q15: 0 | R15: 0 | S15: 0 | T15: 979 | U15: 3198 | V15: 3433 | W15: 0 | X15: 0 | Y15: 18142
A16: =IFERROR(VLOOKUP(C16,'LT-EN'!$A:$B,2,FALSE)," ") -> 3.1. Index-linked and unit-linked insurance, when the insurance risk is significant | B16: 57 | C16: 3.1. Su indeksu ir investiciniais vienetais susijęs draudimas, kai draudimo rizika yra reikšminga | D16: 2941 | E16: 1565 | K16: 0 | N16: 740 | O16: 0 | T16: 819 | U16: 761 | V16: 3231 | Y16: 10057
A17: =IFERROR(VLOOKUP(C17,'LT-EN'!$A:$B,2,FALSE)," ") -> 3.2. Index-linked and unit-linked insurance, when the insurance risk is insignificant | B17: 58 | C17: 3.2. Su indeksu ir investiciniais vienetais susijęs draudimas, kai draudimo rizika yra nereikšminga* | E17: 368 | K17: 4788 | N17: 130 | O17: 0 | T17: 160 | U17: 2437 | V17: 202 | Y17: 8085
A18: =IFERROR(VLOOKUP(C18,'LT-EN'!$A:$B,2,FALSE)," ") -> 4. Other life insurance | B18: 59 | C18: 4. Kitas gyvybės draudimas | D18: 0 | E18: 0 | F18: 0 | G18: 0 | H18: 0 | I18: 0 | J18: 0 | K18: 3882 | L18: 0 | M18: 0 | N18: 0 | O18: 0 | P18: 0 | Q18: 0 | R18: 0 | S18: 0 | T18: 1 | U18: 880 | V18: 0 | W18: 0 | X18: 0 | Y18: 4763
A19: =IFERROR(VLOOKUP(C19,'LT-EN'!$A:$B,2,FALSE)," ") -> 4.1. Insurance in case of survival | B19: 60 | C19: 4.1. Draudimas išgyvenimo atveju | K19: 0 | O19: 0 | V19: 0 | Y19: 0
A20: =IFERROR(VLOOKUP(C20,'LT-EN'!$A:$B,2,FALSE)," ") -> 4.2. Annuities | B20: 61 | C20: 4.2. Anuitetai | K20: 0 | O20: 0 | V20: 0 | Y20: 0
A21: =IFERROR(VLOOKUP(C21,'LT-EN'!$A:$B,2,FALSE)," ") -> 4.3. Insurance in case of death | B21: 62 | C21: 4.3. Draudimas mirties atveju | D21: 0 | E21: 0 | K21: 3882 | N21: 0 | O21: 0 | T21: 1 | U21: 880 | V21: 0 | Y21: 4763
A22: =IFERROR(VLOOKUP(C22,'LT-EN'!$A:$B,2,FALSE)," ") -> 4.4. Other life insurance | B22: 63 | C22: 4.4. Kitas gyvybės draudimas | K22: 0 | O22: 0 | V22: 0 | Y22: 0
A23: =IFERROR(VLOOKUP(C23,'LT-EN'!$A:$B,2,FALSE)," ")
A24: =IFERROR(VLOOKUP(C24,'LT-EN'!$A:$B,2,FALSE)," ")
A25: =IFERROR(VLOOKUP(C25,'LT-EN'!$A:$B,2,FALSE)," ")
A26: =IFERROR(VLOOKUP(C26,'LT-EN'!$A:$B,2,FALSE)," ")
A27: =IFERROR(VLOOKUP(C27,'LT-EN'!$A:$B,2,FALSE)," ")
A28: =IFERROR(VLOOKUP(C28,'LT-EN'!$A:$B,2,FALSE)," ")
A29: =IFERROR(VLOOKUP(C29,'LT-EN'!$A:$B,2,FALSE)," ")
A30: =IFERROR(VLOOKUP(C30,'LT-EN'!$A:$B,2,FALSE)," ")
A31: =IFERROR(VLOOKUP(C31,'LT-EN'!$A:$B,2,FALSE)," ")
A32: =IFERROR(VLOOKUP(C32,'LT-EN'!$A:$B,2,FALSE)," ")
A33: =IFERROR(VLOOKUP(C33,'LT-EN'!$A:$B,2,FALSE)," ")
A34: =IFERROR(VLOOKUP(C34,'LT-EN'!$A:$B,2,FALSE)," ")
... A81: =IFERROR(VLOOKUP(C81,'LT-EN'!$A:$B,2,FALSE)," ")

Sheet DSR13
A1: Partial payment of the investment component neither after termination nor at the end of the contract, units | C1: Investicinio komponento dalinis išmokėjimas nei nutraukus, nei pasibaigus sutarčiai, vnt.
A3: ='DSR1'!C3 -> 2026-09-30
B5: Investicinio komponento dalinis išmokėjimas nei nutraukus, nei pasibaigus sutarčiai, vnt.
A6: Business lines / Insurers | B6: eil.nr | C6: Draudimo grupės / Draudikai | D6: Allianz Lietuva gyvybės draudimas | E6: Artea Life Insurance | F6: ATRADIUS filialas | G6: Balcia Insurance filialas | H6: Baltijas Apdrosinasanas Nams filialas | I6: BTA Insurance Company filialas | J6: COFACE filialas | K6: Compensa Life VIG filialas | L6: Compensa VIG | M6: ERGO Insurance filialas | N6: ERGO Life Insurance | O6: Gjensidige | P6: If P&C Insurance (publ) filialas | Q6: If P&C Insurance filialas | R6: Lamantinas | S6: Lietuvos draudimas | T6: PZU Lietuva gyvybės draudimas | U6: SEB Life and Pension Baltic filialas | V6: Swedbank Life Insurance filialas | W6: Swedbank P&C Insurance filialas | X6: Vereinigte Hagelversicherung filialas VH Lietuva | Y6: All
A7: =IFERROR(VLOOKUP(C7,'LT-EN'!$A:$B,2,FALSE)," ") -> ALL | B7: 0 | C7: Visos | D7: 1936 | E7: 2370 | F7: 0 | G7: 0 | H7: 0 | I7: 0 | J7: 0 | K7: 3082 | L7: 0 | M7: 0 | N7: 501 | O7: 0 | P7: 0 | Q7: 0 | R7: 0 | S7: 0 | T7: 1347 | U7: 4177 | V7: 2536 | W7: 0 | X7: 0 | Y7: 15949
A8: =IFERROR(VLOOKUP(C8,'LT-EN'!$A:$B,2,FALSE)," ") -> LIFE ASSURANCE | B8: 49 | C8: GYVYBĖS DRAUDIMAS | D8: 1936 | E8: 2370 | F8: 0 | G8: 0 | H8: 0 | I8: 0 | J8: 0 | K8: 3082 | L8: 0 | M8: 0 | N8: 501 | O8: 0 | P8: 0 | Q8: 0 | R8: 0 | S8: 0 | T8: 1347 | U8: 4177 | V8: 2536 | W8: 0 | X8: 0 | Y8: 15949
A9: =IFERROR(VLOOKUP(C9,'LT-EN'!$A:$B,2,FALSE)," ") -> 1. Health insurance | B9: 50 | C9: 1. Sveikatos draudimas | K9: 0 | N9: 0 | O9: 0 | T9: 0 | Y9: 0
A10: =IFERROR(VLOOKUP(C10,'LT-EN'!$A:$B,2,FALSE)," ") -> 2. Insurance with profit participation | B10: 51 | C10: 2. Draudimas su teise dalytis pelną | D10: 0 | E10: 96 | F10: 0 | G10: 0 | H10: 0 | I10: 0 | J10: 0 | K10: 623 | L10: 0 | M10: 0 | N10: 318 | O10: 0 | P10: 0 | Q10: 0 | R10: 0 | S10: 0 | T10: 265 | U10: 1976 | V10: 0 | W10: 0 | X10: 0 | Y10: 3278
A11: =IFERROR(VLOOKUP(C11,'LT-EN'!$A:$B,2,FALSE)," ") -> 2.1. Insurance in case of survival | B11: 52 | C11: 2.1. Draudimas išgyvenimo atveju | E11: 43 | K11: 623 | N11: 55 | O11: 0 | T11: 265 | U11: 63 | V11: 0 | Y11: 1049
A12: =IFERROR(VLOOKUP(C12,'LT-EN'!$A:$B,2,FALSE)," ") -> 2.2. Annuities | B12: 53 | C12: 2.2. Anuitetai | E12: 53 | K12: 0 | N12: 263 | O12: 0 | U12: 1913 | V12: 0 | Y12: 2229
A13: =IFERROR(VLOOKUP(C13,'LT-EN'!$A:$B,2,FALSE)," ") -> 2.3.Insurance in case of death | B13: 54 | C13: 2.3. Draudimas mirties atveju | K13: 0 | O13: 0 | V13: 0 | Y13: 0
A14: =IFERROR(VLOOKUP(C14,'LT-EN'!$A:$B,2,FALSE)," ") -> 2.4. Other insurance with profit participation | B14: 55 | C14: 2.4. Kitas draudimas, suteikiantis teisę gauti pelno dalį | K14: 0 | O14: 0 | V14: 0 | Y14: 0
A15: =IFERROR(VLOOKUP(C15,'LT-EN'!$A:$B,2,FALSE)," ") -> 3. Index-linked and unit-linked insurance | B15: 56 | C15: 3. Su indeksu ir investiciniais vienetais susijęs draudimas | D15: 1936 | E15: 757 | F15: 0 | G15: 0 | H15: 0 | I15: 0 | J15: 0 | K15: 2459 | L15: 0 | M15: 0 | N15: 183 | O15: 0 | P15: 0 | Q15: 0 | R15: 0 | S15: 0 | T15: 1082 | U15: 2201 | V15: 2536 | W15: 0 | X15: 0 | Y15: 11154
A16: =IFERROR(VLOOKUP(C16,'LT-EN'!$A:$B,2,FALSE)," ") -> 3.1. Index-linked and unit-linked insurance, when the insurance risk is significant | B16: 57 | C16: 3.1. Su indeksu ir investiciniais vienetais susijęs draudimas, kai draudimo rizika yra reikšminga | D16: 1936 | E16: 596 | K16: 0 | N16: 162 | O16: 0 | T16: 905 | U16: 504 | V16: 2329 | Y16: 6432
A17: =IFERROR(VLOOKUP(C17,'LT-EN'!$A:$B,2,FALSE)," ") -> 3.2. Index-linked and unit-linked insurance, when the insurance risk is insignificant | B17: 58 | C17: 3.2. Su indeksu ir investiciniais vienetais susijęs draudimas, kai draudimo rizika yra nereikšminga* | E17: 161 | K17: 2459 | N17: 21 | O17: 0 | T17: 177 | U17: 1697 | V17: 207 | Y17: 4722
A18: =IFERROR(VLOOKUP(C18,'LT-EN'!$A:$B,2,FALSE)," ") -> 4. Other life insurance | B18: 59 | C18: 4. Kitas gyvybės draudimas | D18: 0 | E18: 1517 | F18: 0 | G18: 0 | H18: 0 | I18: 0 | J18: 0 | K18: 0 | L18: 0 | M18: 0 | N18: 0 | O18: 0 | P18: 0 | Q18: 0 | R18: 0 | S18: 0 | T18: 0 | U18: 0 | V18: 0 | W18: 0 | X18: 0 | Y18: 1517
A19: =IFERROR(VLOOKUP(C19,'LT-EN'!$A:$B,2,FALSE)," ") -> 4.1. Insurance in case of survival | B19: 60 | C19: 4.1. Draudimas išgyvenimo atveju | K19: 0 | O19: 0 | V19: 0 | Y19: 0
A20: =IFERROR(VLOOKUP(C20,'LT-EN'!$A:$B,2,FALSE)," ") -> 4.2. Annuities | B20: 61 | C20: 4.2. Anuitetai | K20: 0 | O20: 0 | V20: 0 | Y20: 0
A21: =IFERROR(VLOOKUP(C21,'LT-EN'!$A:$B,2,FALSE)," ") -> 4.3. Insurance in case of death | B21: 62 | C21: 4.3. Draudimas mirties atveju | D21: 0 | E21: 1517 | K21: 0 | N21: 0 | O21: 0 | T21: 0 | V21: 0 | Y21: 1517
A22: =IFERROR(VLOOKUP(C22,'LT-EN'!$A:$B,2,FALSE)," ") -> 4.4. Other life insurance | B22: 63 | C22: 4.4. Kitas gyvybės draudimas | K22: 0 | O22: 0 | V22: 0 | Y22: 0
A23: =IFERROR(VLOOKUP(C23,'LT-EN'!$A:$B,2,FALSE)," ")
A24: =IFERROR(VLOOKUP(C24,'LT-EN'!$A:$B,2,FALSE)," ")
A25: =IFERROR(VLOOKUP(C25,'LT-EN'!$A:$B,2,FALSE)," ")
A26: =IFERROR(VLOOKUP(C26,'LT-EN'!$A:$B,2,FALSE)," ")
A27: =IFERROR(VLOOKUP(C27,'LT-EN'!$A:$B,2,FALSE)," ")
A28: =IFERROR(VLOOKUP(C28,'LT-EN'!$A:$B,2,FALSE)," ")
A29: =IFERROR(VLOOKUP(C29,'LT-EN'!$A:$B,2,FALSE)," ")
A30: =IFERROR(VLOOKUP(C30,'LT-EN'!$A:$B,2,FALSE)," ")
A31: =IFERROR(VLOOKUP(C31,'LT-EN'!$A:$B,2,FALSE)," ")
A32: =IFERROR(VLOOKUP(C32,'LT-EN'!$A:$B,2,FALSE)," ")
A33: =IFERROR(VLOOKUP(C33,'LT-EN'!$A:$B,2,FALSE)," ")
A34: =IFERROR(VLOOKUP(C34,'LT-EN'!$A:$B,2,FALSE)," ")
... A529: =IFERROR(VLOOKUP(C529,'LT-EN'!$A:$B,2,FALSE)," ")

Sheet DSR14
A1: Payments in total, units | C1: Išmokėjimai iš viso, vnt.
A3: ='DSR1'!C3 -> 2026-09-30
B5: Išmokėjimai iš viso, vnt.
A6: Business lines / Insurers | B6: eil.nr | C6: Draudimo grupės / Draudikai | D6: Allianz Lietuva gyvybės draudimas | E6: Artea Life Insurance | F6: ATRADIUS filialas | G6: Balcia Insurance filialas | H6: Baltijas Apdrosinasanas Nams filialas | I6: BTA Insurance Company filialas | J6: COFACE filialas | K6: Compensa Life VIG filialas | L6: Compensa VIG | M6: ERGO Insurance filialas | N6: ERGO Life Insurance | O6: Gjensidige | P6: If P&C Insurance (publ) filialas | Q6: If P&C Insurance filialas | R6: Lamantinas | S6: Lietuvos draudimas | T6: PZU Lietuva gyvybės draudimas | U6: SEB Life and Pension Baltic filialas | V6: Swedbank Life Insurance filialas | W6: Swedbank P&C Insurance filialas | X6: Vereinigte Hagelversicherung filialas VH Lietuva | Y6: All
A7: =IFERROR(VLOOKUP(C7,'LT-EN'!$A:$B,2,FALSE)," ") -> ALL | B7: 0 | C7: Visos | D7: 10748 | E7: 7224 | F7: 0 | G7: 13985 | H7: 134 | I7: 291805 | J7: 200 | K7: 853215 | L7: 155624 | M7: 47292 | N7: 29598 | O7: 130914 | P7: 0 | Q7: 24498 | R7: 0 | S7: 359258 | T7: 5629 | U7: 18555 | V7: 11288 | W7: 34156 | X7: 2115 | Y7: 1996238
A8: =IFERROR(VLOOKUP(C8,'LT-EN'!$A:$B,2,FALSE)," ") -> NON-LIFE INSURANCE | B8: 1 | C8: NE GYVYBĖS DRAUDIMAS | D8: 0 | E8: 0 | F8: 0 | G8: 13985 | H8: 134 | I8: 291805 | J8: 200 | K8: 830978 | L8: 155624 | M8: 47292 | N8: 24149 | O8: 130914 | P8: 0 | Q8: 24498 | R8: 0 | S8: 359258 | T8: 0 | U8: 3891 | V8: 0 | W8: 34156 | X8: 2115 | Y8: 1918999
A9: =IFERROR(VLOOKUP(C9,'LT-EN'!$A:$B,2,FALSE)," ") -> 1. Medical expense insurance | B9: 2 | C9: 1. Medicininių išlaidų draudimas | D9: 0 | E9: 0 | F9: 0 | G9: 674 | H9: 0 | I9: 236014 | J9: 0 | K9: 830978 | L9: 117409 | M9: 1273 | N9: 24149 | O9: 109283 | P9: 0 | Q9: 577 | R9: 0 | S9: 238368 | T9: 0 | U9: 0 | V9: 0 | W9: 2153 | X9: 0 | Y9: 1560878
A10: =IFERROR(VLOOKUP(C10,'LT-EN'!$A:$B,2,FALSE)," ") -> 1.1. Supplementary voluntary health insurance | B10: 3 | C10: 1.1. Papildomasis savanoriškasis sveikatos draudimas | D10: 0 | E10: 0 | F10: 0 | G10: 0 | H10: 0 | I10: 233613 | J10: 0 | K10: 830978 | L10: 115920 | M10: 0 | N10: 24149 | O10: 108445 | P10: 0 | Q10: 0 | R10: 0 | S10: 236091 | T10: 0 | U10: 0 | V10: 0 | W10: 0 | X10: 0 | Y10: 1549196
A11: =IFERROR(VLOOKUP(C11,'LT-EN'!$A:$B,2,FALSE)," ") -> 1.1.1. Policyholders - legal persons | B11: 4 | C11: 1.1.1. Draudėjai - juridiniai asmenys | D11: 0 | E11: 0 | F11: 0 | G11: 0 | H11: 0 | I11: 226577 | J11: 0 | K11: 830978 | L11: 115541 | M11: 0 | N11: 23711 | O11: 107999 | P11: 0 | Q11: 0 | R11: 0 | S11: 200030 | T11: 0 | U11: 0 | V11: 0 | W11: 0 | X11: 0 | Y11: 1504836
A12: =IFERROR(VLOOKUP(C12,'LT-EN'!$A:$B,2,FALSE)," ") -> 1.1.2. Policyholders - natural persons | B12: 5 | C12: 1.1.2. Draudėjai - fiziniai asmenys | D12: 0 | E12: 0 | F12: 0 | G12: 0 | H12: 0 | I12: 7036 | J12: 0 | K12: 0 | L12: 379 | M12: 0 | N12: 438 | O12: 446 | P12: 0 | Q12: 0 | R12: 0 | S12: 36061 | T12: 0 | U12: 0 | V12: 0 | W12: 0 | X12: 0 | Y12: 44360
A13: =IFERROR(VLOOKUP(C13,'LT-EN'!$A:$B,2,FALSE)," ") -> 1.2. Other | B13: 6 | C13: 1.2. Kita | D13: 0 | E13: 0 | F13: 0 | G13: 674 | H13: 0 | I13: 2401 | J13: 0 | K13: 0 | L13: 1489 | M13: 1273 | N13: 0 | O13: 838 | P13: 0 | Q13: 577 | R13: 0 | S13: 2277 | T13: 0 | U13: 0 | V13: 0 | W13: 2153 | X13: 0 | Y13: 11682
A14: =IFERROR(VLOOKUP(C14,'LT-EN'!$A:$B,2,FALSE)," ") -> 1.2.1. Policyholders - legal persons | B14: 7 | C14: 1.2.1. Draudėjai - juridiniai asmenys | D14: 0 | E14: 0 | F14: 0 | G14: 115 | H14: 0 | I14: 773 | J14: 0 | K14: 0 | L14: 973 | M14: 345 | N14: 0 | O14: 22 | P14: 0 | Q14: 54 | R14: 0 | S14: 1222 | T14: 0 | U14: 0 | V14: 0 | W14: 0 | X14: 0 | Y14: 3504
A15: =IFERROR(VLOOKUP(C15,'LT-EN'!$A:$B,2,FALSE)," ") -> 1.2.2. Policyholders - natural persons | B15: 8 | C15: 1.2.2. Draudėjai - fiziniai asmenys | D15: 0 | E15: 0 | F15: 0 | G15: 559 | H15: 0 | I15: 1628 | J15: 0 | K15: 0 | L15: 516 | M15: 928 | N15: 0 | O15: 816 | P15: 0 | Q15: 523 | R15: 0 | S15: 1055 | T15: 0 | U15: 0 | V15: 0 | W15: 2153 | X15: 0 | Y15: 8178
A16: =IFERROR(VLOOKUP(C16,'LT-EN'!$A:$B,2,FALSE)," ") -> 2. Income protection insurance | B16: 9 | C16: 2. Pajamų apsaugos draudimas | D16: 0 | E16: 0 | F16: 0 | G16: 1471 | H16: 0 | I16: 6843 | J16: 0 | K16: 0 | L16: 3595 | M16: 6125 | N16: 0 | O16: 2860 | P16: 0 | Q16: 1119 | R16: 0 | S16: 14411 | T16: 0 | U16: 3891 | V16: 0 | W16: 1512 | X16: 0 | Y16: 41827
A17: =IFERROR(VLOOKUP(C17,'LT-EN'!$A:$B,2,FALSE)," ") -> 2.1. Policyholders - legal persons | B17: 10 | C17: 2.1. Draudėjai - juridiniai asmenys | D17: 0 | E17: 0 | F17: 0 | G17: 617 | H17: 0 | I17: 1207 | J17: 0 | K17: 0 | L17: 1210 | M17: 1188 | N17: 0 | O17: 533 | P17: 0 | Q17: 752 | R17: 0 | S17: 1310 | T17: 0 | U17: 3891 | V17: 0 | W17: 0 | X17: 0 | Y17: 10708
A18: =IFERROR(VLOOKUP(C18,'LT-EN'!$A:$B,2,FALSE)," ") -> 2.2. Policyholders - natural persons | B18: 11 | C18: 2.2. Draudėjai - fiziniai asmenys | D18: 0 | E18: 0 | F18: 0 | G18: 854 | H18: 0 | I18: 5636 | J18: 0 | K18: 0 | L18: 2385 | M18: 4937 | N18: 0 | O18: 2327 | P18: 0 | Q18: 367 | R18: 0 | S18: 13101 | T18: 0 | U18: 0 | V18: 0 | W18: 1512 | X18: 0 | Y18: 31119
... A70: =IFERROR(VLOOKUP(C70,'LT-EN'!$A:$B,2,FALSE)," ") -> 4.4. Other life insurance | B70: 63 | C70: 4.4. Kitas gyvybės draudimas | D70: 0 | E70: 0 | F70: 0 | G70: 0 | H70: 0 | I70: 0 | J70: 0 | K70: 0 | L70: 0 | M70: 0 | N70: 0 | O70: 0 | P70: 0 | Q70: 0 | R70: 0 | S70: 0 | T70: 0 | U70: 0 | V70: 0 | W70: 0 | X70: 0 | Y70: 0
A71: =IFERROR(VLOOKUP(C71,'LT-EN'!$A:$B,2,FALSE)," ")
A72: =IFERROR(VLOOKUP(C72,'LT-EN'!$A:$B,2,FALSE)," ")
A73: =IFERROR(VLOOKUP(C73,'LT-EN'!$A:$B,2,FALSE)," ")
A74: =IFERROR(VLOOKUP(C74,'LT-EN'!$A:$B,2,FALSE)," ")
A75: =IFERROR(VLOOKUP(C75,'LT-EN'!$A:$B,2,FALSE)," ")
A76: =IFERROR(VLOOKUP(C76,'LT-EN'!$A:$B,2,FALSE)," ")
A77: =IFERROR(VLOOKUP(C77,'LT-EN'!$A:$B,2,FALSE)," ")
A78: =IFERROR(VLOOKUP(C78,'LT-EN'!$A:$B,2,FALSE)," ")
A79: =IFERROR(VLOOKUP(C79,'LT-EN'!$A:$B,2,FALSE)," ")
A80: =IFERROR(VLOOKUP(C80,'LT-EN'!$A:$B,2,FALSE)," ")
A81: =IFERROR(VLOOKUP(C81,'LT-EN'!$A:$B,2,FALSE)," ")
A82: =IFERROR(VLOOKUP(C82,'LT-EN'!$A:$B,2,FALSE)," ")
... A359: =IFERROR(VLOOKUP(C359,'LT-EN'!$A:$B,2,FALSE)," ")

Sheet DSR15
A1: Claims paid for insurance losses, EUR | C1: Išmokos draudimo žaloms padengti, Eur
A3: ='DSR1'!C3 -> 2026-09-30
B5: Išmokos draudimo žaloms padengti, Eur
A6: Business lines / Insurers | B6: eil.nr | C6: Draudimo grupės / Draudikai | D6: Allianz Lietuva gyvybės draudimas | E6: Artea Life Insurance | F6: ATRADIUS filialas | G6: Balcia Insurance filialas | H6: Baltijas Apdrosinasanas Nams filialas | I6: BTA Insurance Company filialas | J6: COFACE filialas | K6: Compensa Life VIG filialas | L6: Compensa VIG | M6: ERGO Insurance filialas | N6: ERGO Life Insurance | O6: Gjensidige | P6: If P&C Insurance (publ) filialas | Q6: If P&C Insurance filialas | R6: Lamantinas | S6: Lietuvos draudimas | T6: PZU Lietuva gyvybės draudimas | U6: SEB Life and Pension Baltic filialas | V6: Swedbank Life Insurance filialas | W6: Swedbank P&C Insurance filialas | X6: Vereinigte Hagelversicherung filialas VH Lietuva | Y6: All
A7: =IFERROR(VLOOKUP(C7,'LT-EN'!$A:$B,2,FALSE)," ") -> ALL | B7: 0 | C7: Visos | D7: 4983868 | E7: 1695959.6 | F7: 0 | G7: 27470645 | H7: 139024.3 | I7: 98901366 | J7: 2034695 | K7: 28443631 | L7: 68774210 | M7: 72936749 | N7: 6367881.2 | O7: 40021898 | P7: 0 | Q7: 42736174 | R7: 0 | S7: 1.7493533e+08 | T7: 1998664 | U7: 2787691.4 | V7: 4287683 | W7: 44955015 | X7: 8276561.4 | Y7: 6.3174704e+08
A8: =IFERROR(VLOOKUP(C8,'LT-EN'!$A:$B,2,FALSE)," ") -> NON-LIFE INSURANCE | B8: 1 | C8: NE GYVYBĖS DRAUDIMAS | D8: 0 | E8: 0 | F8: 0 | G8: 27470645 | H8: 139024.3 | I8: 98901366 | J8: 2034695 | K8: 23309785 | L8: 68774210 | M8: 72936749 | N8: 4357036.7 | O8: 40021898 | P8: 0 | Q8: 42736174 | R8: 0 | S8: 1.7493533e+08 | T8: 0 | U8: 390050 | V8: 0 | W8: 44955015 | X8: 8276561.4 | Y8: 6.0923853e+08
A9: =IFERROR(VLOOKUP(C9,'LT-EN'!$A:$B,2,FALSE)," ") -> 1. Medical expense insurance | B9: 2 | C9: 1. Medicininių išlaidų draudimas | D9: 0 | E9: 0 | F9: 0 | G9: 510150 | H9: 0 | I9: 15408114 | J9: 0 | K9: 23309785 | L9: 8676802.8 | M9: 1164067.6 | N9: 4357036.7 | O9: 6551928.7 | P9: 0 | Q9: 540386.66 | R9: 0 | S9: 15234157 | T9: 0 | U9: 0 | V9: 0 | W9: 1678722.7 | X9: 0 | Y9: 77431152
A10: =IFERROR(VLOOKUP(C10,'LT-EN'!$A:$B,2,FALSE)," ") -> 1.1. Supplementary voluntary health insurance | B10: 3 | C10: 1.1. Papildomasis savanoriškasis sveikatos draudimas | D10: 0 | E10: 0 | F10: 0 | G10: 0 | H10: 0 | I10: 14216134 | J10: 0 | K10: 23309785 | L10: 7593454.2 | M10: 0 | N10: 4357036.7 | O10: 5733343.5 | P10: 0 | Q10: 0 | R10: 0 | S10: 13433549 | T10: 0 | U10: 0 | V10: 0 | W10: 0 | X10: 0 | Y10: 68643303
A11: =IFERROR(VLOOKUP(C11,'LT-EN'!$A:$B,2,FALSE)," ") -> 1.1.1. Policyholders - legal persons | B11: 4 | C11: 1.1.1. Draudėjai - juridiniai asmenys | H11: 0 | I11: 13167942 | K11: 23309785 | L11: 7561819.7 | N11: 4293904 | O11: 5699361.2 | Q11: 0 | S11: 10779917 | Y11: 64812729
A12: =IFERROR(VLOOKUP(C12,'LT-EN'!$A:$B,2,FALSE)," ") -> 1.1.2. Policyholders - natural persons | B12: 5 | C12: 1.1.2. Draudėjai - fiziniai asmenys | H12: 0 | I12: 1048192 | L12: 31634.53 | N12: 63132.74 | O12: 33982.25 | Q12: 0 | S12: 2653632 | Y12: 3830573.5
A13: =IFERROR(VLOOKUP(C13,'LT-EN'!$A:$B,2,FALSE)," ") -> 1.2. Other | B13: 6 | C13: 1.2. Kita | D13: 0 | E13: 0 | F13: 0 | G13: 510150 | H13: 0 | I13: 1191980 | J13: 0 | K13: 0 | L13: 1083348.7 | M13: 1164067.6 | N13: 0 | O13: 818585.23 | P13: 0 | Q13: 540386.66 | R13: 0 | S13: 1800608.3 | T13: 0 | U13: 0 | V13: 0 | W13: 1678722.7 | X13: 0 | Y13: 8787849.2
A14: =IFERROR(VLOOKUP(C14,'LT-EN'!$A:$B,2,FALSE)," ") -> 1.2.1. Policyholders - legal persons | B14: 7 | C14: 1.2.1. Draudėjai - juridiniai asmenys | G14: 143881.36 | H14: 0 | I14: 249527 | L14: 749691.64 | M14: 523972.2 | O14: 6624.57 | Q14: 25304.18 | S14: 840989.57 | Y14: 2539990.5
A15: =IFERROR(VLOOKUP(C15,'LT-EN'!$A:$B,2,FALSE)," ") -> 1.2.2. Policyholders - natural persons | B15: 8 | C15: 1.2.2. Draudėjai - fiziniai asmenys | G15: 366268.64 | H15: 0 | I15: 942453 | L15: 333657.03 | M15: 640095.42 | O15: 811960.66 | Q15: 515082.48 | S15: 959618.7 | W15: 1678722.7 | Y15: 6247858.6
A16: =IFERROR(VLOOKUP(C16,'LT-EN'!$A:$B,2,FALSE)," ") -> 2. Income protection insurance | B16: 9 | C16: 2. Pajamų apsaugos draudimas | D16: 0 | E16: 0 | F16: 0 | G16: 455007.06 | H16: 0 | I16: 2544115 | J16: 0 | K16: 0 | L16: 1243760.7 | M16: 2415138 | N16: 0 | O16: 1159221.6 | P16: 0 | Q16: 512021.22 | R16: 0 | S16: 5508365.2 | T16: 0 | U16: 390050 | V16: 0 | W16: 663928.33 | X16: 0 | Y16: 14891607
A17: =IFERROR(VLOOKUP(C17,'LT-EN'!$A:$B,2,FALSE)," ") -> 2.1. Policyholders - legal persons | B17: 10 | C17: 2.1. Draudėjai - juridiniai asmenys | G17: 224124.1 | H17: 0 | I17: 537132 | L17: 462201.12 | M17: 569134.26 | O17: 331380.91 | Q17: 364180.01 | S17: 784650.4 | U17: 390050 | Y17: 3662852.8
A18: =IFERROR(VLOOKUP(C18,'LT-EN'!$A:$B,2,FALSE)," ") -> 2.2. Policyholders - natural persons | B18: 11 | C18: 2.2. Draudėjai - fiziniai asmenys | G18: 230882.96 | H18: 0 | I18: 2006983 | L18: 781559.59 | M18: 1846003.7 | O18: 827840.65 | Q18: 147841.21 | S18: 4723714.8 | W18: 663928.33 | Y18: 11228754
A19: =IFERROR(VLOOKUP(C19,'LT-EN'!$A:$B,2,FALSE)," ") -> 3. Workers' compensation insurance | B19: 12 | C19: 3. Nelaimingų atsitikimų darbe draudimas | H19: 0 | I19: 0 | L19: 0 | O19: 0 | Q19: 0 | S19: 0 | Y19: 0
A20: =IFERROR(VLOOKUP(C20,'LT-EN'!$A:$B,2,FALSE)," ") -> 4. Motor vehicle liability insurance | B20: 13 | C20: 4. Motorinių transporto priemonių valdytojų civilinės atsakomybės draudimas | D20: 0 | E20: 0 | F20: 0 | G20: 17621496 | H20: 139024.3 | I20: 33014284 | J20: 0 | K20: 0 | L20: 17845303 | M20: 33902224 | N20: 0 | O20: 16951421 | P20: 0 | Q20: 14178486 | R20: 0 | S20: 58375698 | T20: 0 | U20: 0 | V20: 0 | W20: 3258744.1 | X20: 0 | Y20: 1.9528668e+08
A21: =IFERROR(VLOOKUP(C21,'LT-EN'!$A:$B,2,FALSE)," ") -> 4.1. Liability arising out of the use of motor vehicles operating on the land insurance | B21: 14 | C21: 4.1. Sausumos transporto priemonių valdytojų civilinės atsakomybės draudimas | D21: 0 | E21: 0 | F21: 0 | G21: 17621496 | H21: 139024.3 | I21: 32561309 | J21: 0 | K21: 0 | L21: 17845303 | M21: 33257496 | N21: 0 | O21: 16788434 | P21: 0 | Q21: 14040722 | R21: 0 | S21: 58078614 | T21: 0 | U21: 0 | V21: 0 | W21: 3258744.1 | X21: 0 | Y21: 1.9359114e+08
A22: =IFERROR(VLOOKUP(C22,'LT-EN'!$A:$B,2,FALSE)," ") -> 4.1.1. Policyholders - legal persons | B22: 15 | C22: 4.1.1. Draudėjai - juridiniai asmenys | G22: 12578632 | H22: 0 | I22: 19952218 | L22: 3798073 | M22: 17201358 | O22: 4609720.2 | Q22: 10303726 | S22: 24318352 | W22: 138098.96 | Y22: 92900178
A23: =IFERROR(VLOOKUP(C23,'LT-EN'!$A:$B,2,FALSE)," ") -> 4.1.2. Policyholders - natural persons | B23: 16 | C23: 4.1.2. Draudėjai - fiziniai asmenys | G23: 5042863.7 | H23: 139024.3 | I23: 12609091 | L23: 14047230 | M23: 16056138 | O23: 12178714 | Q23: 3736996.1 | S23: 33760262 | W23: 3120645.2 | Y23: 1.0069096e+08
A24: =IFERROR(VLOOKUP(C24,'LT-EN'!$A:$B,2,FALSE)," ") -> 4.2. Carrier third party liability (CMR) insurance | B24: 17 | C24: 4.2. Vežėjų civilinės atsakomybės draudimas | H24: 0 | I24: 452975 | L24: 0 | M24: 644728.92 | O24: 162986.74 | Q24: 137764.51 | S24: 293546.67 | Y24: 1692001.8
A25: =IFERROR(VLOOKUP(C25,'LT-EN'!$A:$B,2,FALSE)," ") -> 4.3. Liability arising out of use railway rolling stock insurance | B25: 18 | C25: 4.3. Geležinkelių transporto priemonių valdytojų civilinės atsakomybės draudimas | H25: 0 | I25: 0 | L25: 0 | O25: 0 | Q25: 0 | S25: 3537.9 | Y25: 3537.9
A26: =IFERROR(VLOOKUP(C26,'LT-EN'!$A:$B,2,FALSE)," ") -> 5. Other motor insurance | B26: 19 | C26: 5. Kitas transporto priemonių draudimas | D26: 0 | E26: 0 | F26: 0 | G26: 6160928.5 | H26: 0 | I26: 26118110 | J26: 0 | K26: 0 | L26: 19335401 | M26: 22175468 | N26: 0 | O26: 6375691.6 | P26: 0 | Q26: 18227773 | R26: 0 | S26: 49280907 | T26: 0 | U26: 0 | V26: 0 | W26: 11927380 | X26: 0 | Y26: 1.5960166e+08
A27: =IFERROR(VLOOKUP(C27,'LT-EN'!$A:$B,2,FALSE)," ") -> 5.1. Land vehicles other than railway rolling stock insurance | B27: 20 | C27: 5.1. Sausumos transporto priemonių, išskyrus geležinkelio transporto priemones, draudimas | D27: 0 | E27: 0 | F27: 0 | G27: 6160928.5 | H27: 0 | I27: 26031698 | J27: 0 | K27: 0 | L27: 19335401 | M27: 22175468 | N27: 0 | O27: 6375691.6 | P27: 0 | Q27: 18227773 | R27: 0 | S27: 49205004 | T27: 0 | U27: 0 | V27: 0 | W27: 11927380 | X27: 0 | Y27: 1.5943934e+08
A28: =IFERROR(VLOOKUP(C28,'LT-EN'!$A:$B,2,FALSE)," ") -> 5.1.1. Policyholders - legal persons | B28: 21 | C28: 5.1.1. Draudėjai - juridiniai asmenys | G28: 2428566.7 | H28: 0 | I28: 14265229 | L28: 7964795.8 | M28: 10525310 | O28: 2527894.9 | Q28: 9786180.3 | S28: 24935876 | W28: 1365373.5 | Y28: 73799226
A29: =IFERROR(VLOOKUP(C29,'LT-EN'!$A:$B,2,FALSE)," ") -> 5.1.2. Policyholders - natural persons | B29: 22 | C29: 5.1.2. Draudėjai - fiziniai asmenys | G29: 3732361.8 | H29: 0 | I29: 11766469 | L29: 11370605 | M29: 11650157 | O29: 3847796.7 | Q29: 8441592.3 | S29: 24269128 | W29: 10562006 | Y29: 85640117
A30: =IFERROR(VLOOKUP(C30,'LT-EN'!$A:$B,2,FALSE)," ") -> 5.2. Railway rolling stock insurance | B30: 23 | C30: 5.2. Geležinkelio transporto priemonių draudimas | H30: 0 | I30: 86412 | L30: 0 | O30: 0 | Q30: 0 | S30: 75902.85 | Y30: 162314.85
A31: =IFERROR(VLOOKUP(C31,'LT-EN'!$A:$B,2,FALSE)," ") -> 6. Marine, aviation and transport insurance | B31: 24 | C31: 6. Jūrų, oro ir sausumos transporto priemonių draudimas | D31: 0 | E31: 0 | F31: 0 | G31: 0 | H31: 0 | I31: 25058 | J31: 0 | K31: 0 | L31: 210133.31 | M31: 230381.5 | N31: 0 | O31: 90263.3 | P31: 0 | Q31: 99011.04 | R31: 0 | S31: 74691.36 | T31: 0 | U31: 0 | V31: 0 | W31: 0 | X31: 0 | Y31: 729538.51
A32: =IFERROR(VLOOKUP(C32,'LT-EN'!$A:$B,2,FALSE)," ") -> 6.1. Liability arising out of use of ships (sea and internal waters) insurance | B32: 25 | C32: 6.1. Laivų (jūrų ir vidaus vandenų) valdytojų civilinės atsakomybės draudimas | H32: 0 | I32: 975 | L32: 0 | O32: 0 | Q32: 0 | S32: 0 | Y32: 975
A33: =IFERROR(VLOOKUP(C33,'LT-EN'!$A:$B,2,FALSE)," ") -> 6.2. Ships (sea and internal waters) insurance | B33: 26 | C33: 6.2. Laivų (jūrų ir vidaus vandenų) draudimas | H33: 0 | I33: 10736 | L33: 0 | M33: 103120.19 | O33: 4527.3 | Q33: 145.2 | S33: 13496.56 | Y33: 132025.25
A34: =IFERROR(VLOOKUP(C34,'LT-EN'!$A:$B,2,FALSE)," ") -> 6.3. Liability arising out of the use of aircraft insurance | B34: 27 | C34: 6.3. Skraidymo aparatų valdytojų civilinės atsakomybės draudimas | H34: 0 | I34: 0 | L34: 0 | O34: 0 | Q34: 0 | S34: 0 | Y34: 0
A35: =IFERROR(VLOOKUP(C35,'LT-EN'!$A:$B,2,FALSE)," ") -> 6.4. Aircraft insurance | B35: 28 | C35: 6.4. Skraidymo aparatų draudimas | H35: 0 | I35: 0 | L35: 0 | O35: 0 | Q35: 0 | S35: 0 | Y35: 0
A36: =IFERROR(VLOOKUP(C36,'LT-EN'!$A:$B,2,FALSE)," ") -> 6.5. Goods in transit insurance | B36: 29 | C36: 6.5. Vežamų krovinių draudimas | H36: 0 | I36: 13347 | L36: 210133.31 | M36: 127261.31 | O36: 85736 | Q36: 98865.84 | S36: 61194.8 | Y36: 596538.26
A37: =IFERROR(VLOOKUP(C37,'LT-EN'!$A:$B,2,FALSE)," ") -> 7. Fire and other damage to property insurance | B37: 30 | C37: 7. Draudimas nuo gaisro ir kitos žalos, padarytos turtui | D37: 0 | E37: 0 | F37: 0 | G37: 2500804 | H37: 0 | I37: 15779589 | J37: 0 | K37: 0 | L37: 18181228 | M37: 11829746 | N37: 0 | O37: 7175208.1 | P37: 0 | Q37: 5791588.8 | R37: 0 | S37: 42827935 | T37: 0 | U37: 0 | V37: 0 | W37: 23093276 | X37: 8276561.4 | Y37: 1.3545594e+08
A38: =IFERROR(VLOOKUP(C38,'LT-EN'!$A:$B,2,FALSE)," ") -> 7.1. Crop insurance | B38: 31 | C38: 7.1. Pasėlių draudimas | H38: 0 | I38: 295237 | L38: 8569.61 | O38: 0 | Q38: 0 | S38: 0 | X38: 8276561.4 | Y38: 8580368
A39: =IFERROR(VLOOKUP(C39,'LT-EN'!$A:$B,2,FALSE)," ") -> 7.2. Livestock insurance | B39: 32 | C39: 7.2. Gyvūnų draudimas | H39: 0 | I39: 457371 | L39: 0 | M39: 766374.55 | O39: 1800 | Q39: 0 | S39: 306453.18 | Y39: 1531998.7
A40: =IFERROR(VLOOKUP(C40,'LT-EN'!$A:$B,2,FALSE)," ") -> 7.3. Other property insurance | B40: 33 | C40: 7.3. Kitas turto draudimas | D40: 0 | E40: 0 | F40: 0 | G40: 2500804 | H40: 0 | I40: 15026981 | J40: 0 | K40: 0 | L40: 18172659 | M40: 11063372 | N40: 0 | O40: 7173408.1 | P40: 0 | Q40: 5791588.8 | R40: 0 | S40: 42521482 | T40: 0 | U40: 0 | V40: 0 | W40: 23093276 | X40: 0 | Y40: 1.2534357e+08
A41: =IFERROR(VLOOKUP(C41,'LT-EN'!$A:$B,2,FALSE)," ") -> 7.3.1. Policyholders - legal persons | B41: 34 | C41: 7.3.1. Draudėjai - juridiniai asmenys | G41: 794978.99 | H41: 0 | I41: 7062101 | L41: 12576831 | M41: 3190549.7 | O41: 1932157.2 | Q41: 2471257.8 | S41: 6487080.9 | W41: 24216.43 | Y41: 34539173
A42: =IFERROR(VLOOKUP(C42,'LT-EN'!$A:$B,2,FALSE)," ") -> 7.3.2. Policyholders - natural persons | B42: 35 | C42: 7.3.2. Draudėjai - fiziniai asmenys | G42: 1705825 | H42: 0 | I42: 7964880 | L42: 5595827.7 | M42: 7872822.2 | O42: 5241250.9 | Q42: 3320331 | S42: 36034401 | W42: 23069060 | Y42: 90804398
A43: =IFERROR(VLOOKUP(C43,'LT-EN'!$A:$B,2,FALSE)," ") -> 8. General liability insurance | B43: 36 | C43: 8. Bendrosios civilinės atsakomybės draudimas | D43: 0 | E43: 0 | F43: 0 | G43: 200197.2 | H43: 0 | I43: 4048745 | J43: 0 | K43: 0 | L43: 1967259.9 | M43: 1166933.8 | N43: 0 | O43: 810823.84 | P43: 0 | Q43: 3379361.6 | R43: 0 | S43: 3112472 | T43: 0 | U43: 0 | V43: 0 | W43: 1826774.1 | X43: 0 | Y43: 16512568
A44: =IFERROR(VLOOKUP(C44,'LT-EN'!$A:$B,2,FALSE)," ") -> 8.1. Compulsory liability insurance | B44: 37 | C44: 8.1. Privalomieji bendrosios civilinės atsakomybės draudimai | H44: 0 | I44: 47805 | L44: 136420.63 | M44: 39937.36 | O44: 34930.13 | Q44: 124132.58 | S44: 116336.07 | Y44: 499561.77
A45: =IFERROR(VLOOKUP(C45,'LT-EN'!$A:$B,2,FALSE)," ") -> 8.2. Other | B45: 38 | C45: 8.2. Kita | D45: 0 | E45: 0 | F45: 0 | G45: 200197.2 | H45: 0 | I45: 4000940 | J45: 0 | K45: 0 | L45: 1830839.3 | M45: 1126996.5 | N45: 0 | O45: 775893.71 | P45: 0 | Q45: 3255229 | R45: 0 | S45: 2996136 | T45: 0 | U45: 0 | V45: 0 | W45: 1826774.1 | X45: 0 | Y45: 16013006
A46: =IFERROR(VLOOKUP(C46,'LT-EN'!$A:$B,2,FALSE)," ") -> 8.2.1. Policyholders - legal persons | B46: 39 | C46: 8.2.1. Draudėjai - juridiniai asmenys | G46: 96353.18 | H46: 0 | I46: 3456873 | L46: 1513172.4 | M46: 708192.39 | O46: 487408.31 | Q46: 3059363.5 | S46: 770685.01 | Y46: 10092048
A47: =IFERROR(VLOOKUP(C47,'LT-EN'!$A:$B,2,FALSE)," ") -> 8.2.2. Policyholders - natural persons | B47: 40 | C47: 8.2.2. Draudėjai - fiziniai asmenys | G47: 103844.02 | H47: 0 | I47: 544067 | L47: 317666.81 | M47: 418804.08 | O47: 288485.4 | Q47: 195865.46 | S47: 2225451 | W47: 1826774.1 | Y47: 5920957.9
A48: =IFERROR(VLOOKUP(C48,'LT-EN'!$A:$B,2,FALSE)," ") -> 9. Credit and suretyship insurance | B48: 41 | C48: 9. Kredito ir laidavimo draudimas | D48: 0 | E48: 0 | F48: 0 | G48: 0 | H48: 0 | I48: 488568 | J48: 2034695 | K48: 0 | L48: 297609.49 | M48: 43755.62 | N48: 0 | O48: 77389.85 | P48: 0 | Q48: 0 | R48: 0 | S48: 521099.56 | T48: 0 | U48: 0 | V48: 0 | W48: 0 | X48: 0 | Y48: 3463117.5
A49: =IFERROR(VLOOKUP(C49,'LT-EN'!$A:$B,2,FALSE)," ") -> 9.1. Credit insurance | B49: 42 | C49: 9.1. Kredito draudimas | H49: 0 | I49: 0 | J49: 2034695 | L49: 0 | O49: 0 | Q49: 0 | S49: 0 | Y49: 2034695
A50: =IFERROR(VLOOKUP(C50,'LT-EN'!$A:$B,2,FALSE)," ") -> 9.2. Suretyship insurance | B50: 43 | C50: 9.2. Laidavimo draudimas | D50: 0 | E50: 0 | F50: 0 | G50: 0 | H50: 0 | I50: 488568 | J50: 0 | K50: 0 | L50: 297609.49 | M50: 43755.62 | N50: 0 | O50: 77389.85 | P50: 0 | Q50: 0 | R50: 0 | S50: 521099.56 | T50: 0 | U50: 0 | V50: 0 | W50: 0 | X50: 0 | Y50: 1428422.5
A51: =IFERROR(VLOOKUP(C51,'LT-EN'!$A:$B,2,FALSE)," ") -> 9.2.1 Insurance of liability performing customs procedures | B51: 44 | C51: 9.2.1 Atsakomybės, atliekant muitinės procedūras, draudimas | H51: 0 | I51: 109546 | L51: 0 | O51: 0 | Q51: 0 | S51: 0 | Y51: 109546
A52: =IFERROR(VLOOKUP(C52,'LT-EN'!$A:$B,2,FALSE)," ") -> 9.2.2. Other suretyship insurance | B52: 45 | C52: 9.2.2. Kitas laidavimo draudimas | H52: 0 | I52: 379022 | L52: 297609.49 | M52: 43755.62 | O52: 77389.85 | Q52: 0 | S52: 521099.56 | Y52: 1318876.5
A53: =IFERROR(VLOOKUP(C53,'LT-EN'!$A:$B,2,FALSE)," ") -> 10. Legal expenses insurance | B53: 46 | C53: 10. Teisinių išlaidų draudimas | H53: 0 | I53: 0 | L53: 0 | O53: 0 | Q53: 0 | S53: 0 | Y53: 0
A54: =IFERROR(VLOOKUP(C54,'LT-EN'!$A:$B,2,FALSE)," ") -> 11. Assistance | B54: 47 | C54: 11. Pagalbos draudimas | G54: 21663.74 | H54: 0 | I54: 1470783 | L54: 531750.36 | M54: 9033.63 | O54: 768897.88 | Q54: 0 | S54: 0 | Y54: 2802128.6
A55: =IFERROR(VLOOKUP(C55,'LT-EN'!$A:$B,2,FALSE)," ") -> 12. Miscellaneous financial loss | B55: 48 | C55: 12. Finansinių nuostolių draudimas | G55: 398.34 | H55: 0 | I55: 4000 | L55: 484960.92 | M55: 0 | O55: 61051.93 | Q55: 7545.84 | S55: 0 | W55: 2506189.5 | Y55: 3064146.5
A56: =IFERROR(VLOOKUP(C56,'LT-EN'!$A:$B,2,FALSE)," ") -> LIFE ASSURANCE | B56: 49 | C56: GYVYBĖS DRAUDIMAS | D56: 4983868 | E56: 1695959.6 | F56: 0 | G56: 0 | H56: 0 | I56: 0 | J56: 0 | K56: 5133845.7 | L56: 0 | M56: 0 | N56: 2010844.5 | O56: 0 | P56: 0 | Q56: 0 | R56: 0 | S56: 0 | T56: 1998664 | U56: 2397641.4 | V56: 4287683 | W56: 0 | X56: 0 | Y56: 22508506
A57: =IFERROR(VLOOKUP(C57,'LT-EN'!$A:$B,2,FALSE)," ") -> 1. Health insurance | B57: 50 | C57: 1. Sveikatos draudimas | K57: 273000 | N57: 1045023.4 | O57: 0 | Y57: 1318023.4
A58: =IFERROR(VLOOKUP(C58,'LT-EN'!$A:$B,2,FALSE)," ") -> 2. Insurance with profit participation | B58: 51 | C58: 2. Draudimas su teise dalytis pelną | D58: 0 | E58: 86487.93 | F58: 0 | G58: 0 | H58: 0 | I58: 0 | J58: 0 | K58: 994103.37 | L58: 0 | M58: 0 | N58: 182944.63 | O58: 0 | P58: 0 | Q58: 0 | R58: 0 | S58: 0 | T58: 315813 | U58: 113875.72 | V58: 18940 | W58: 0 | X58: 0 | Y58: 1712164.6
A59: =IFERROR(VLOOKUP(C59,'LT-EN'!$A:$B,2,FALSE)," ") -> 2.1. Insurance in case of survival | B59: 52 | C59: 2.1. Draudimas išgyvenimo atveju | E59: 72868.1 | K59: 994103.37 | N59: 19305.89 | O59: 0 | T59: 315813 | U59: 0 | V59: 18708 | Y59: 1420798.4
A60: =IFERROR(VLOOKUP(C60,'LT-EN'!$A:$B,2,FALSE)," ") -> 2.2. Annuities | B60: 53 | C60: 2.2. Anuitetai | E60: 13619.83 | K60: 0 | N60: 163638.74 | O60: 0 | Q60: 0 | U60: 113875.72 | V60: 0 | Y60: 291134.29
A61: =IFERROR(VLOOKUP(C61,'LT-EN'!$A:$B,2,FALSE)," ") -> 2.3.Insurance in case of death | B61: 54 | C61: 2.3. Draudimas mirties atveju | K61: 0 | O61: 0 | V61: 0 | Y61: 0
A62: =IFERROR(VLOOKUP(C62,'LT-EN'!$A:$B,2,FALSE)," ") -> 2.4. Other insurance with profit participation | B62: 55 | C62: 2.4. Kitas draudimas, suteikiantis teisę gauti pelno dalį | K62: 0 | O62: 0 | V62: 232 | Y62: 232
A63: =IFERROR(VLOOKUP(C63,'LT-EN'!$A:$B,2,FALSE)," ") -> 3. Index-linked and unit-linked insurance | B63: 56 | C63: 3. Su indeksu ir investiciniais vienetais susijęs draudimas | D63: 4633171 | E63: 1304714.5 | F63: 0 | G63: 0 | H63: 0 | I63: 0 | J63: 0 | K63: 2788912.7 | L63: 0 | M63: 0 | N63: 652703.88 | O63: 0 | P63: 0 | Q63: 0 | R63: 0 | S63: 0 | T63: 1290097 | U63: 639385.44 | V63: 49033 | W63: 0 | X63: 0 | Y63: 11358018
A64: =IFERROR(VLOOKUP(C64,'LT-EN'!$A:$B,2,FALSE)," ") -> 3.1. Index-linked and unit-linked insurance, when the insurance risk is significant | B64: 57 | C64: 3.1. Su indeksu ir investiciniais vienetais susijęs draudimas, kai draudimo rizika yra reikšminga | D64: 4633171 | E64: 1274594.4 | K64: 0 | N64: 652703.88 | O64: 0 | T64: 1289897 | U64: 639308.43 | V64: 48476 | Y64: 8538150.7
A65: =IFERROR(VLOOKUP(C65,'LT-EN'!$A:$B,2,FALSE)," ") -> 3.2. Index-linked and unit-linked insurance, when the insurance risk is insignificant | B65: 58 | C65: 3.2. Su indeksu ir investiciniais vienetais susijęs draudimas, kai draudimo rizika yra nereikšminga* | E65: 30120.14 | K65: 2788912.7 | N65: 0 | O65: 0 | Q65: 0 | T65: 200 | U65: 77.01 | V65: 557 | Y65: 2819866.9
A66: =IFERROR(VLOOKUP(C66,'LT-EN'!$A:$B,2,FALSE)," ") -> 4. Other life insurance | B66: 59 | C66: 4. Kitas gyvybės draudimas | D66: 350697 | E66: 304757.15 | F66: 0 | G66: 0 | H66: 0 | I66: 0 | J66: 0 | K66: 1077829.6 | L66: 0 | M66: 0 | N66: 130172.57 | O66: 0 | P66: 0 | Q66: 0 | R66: 0 | S66: 0 | T66: 392754 | U66: 1644380.2 | V66: 4219710 | W66: 0 | X66: 0 | Y66: 8120300.6
A67: =IFERROR(VLOOKUP(C67,'LT-EN'!$A:$B,2,FALSE)," ") -> 4.1. Insurance in case of survival | B67: 60 | C67: 4.1. Draudimas išgyvenimo atveju | K67: 0 | O67: 0 | V67: 0 | Y67: 0
A68: =IFERROR(VLOOKUP(C68,'LT-EN'!$A:$B,2,FALSE)," ") -> 4.2. Annuities | B68: 61 | C68: 4.2. Anuitetai | K68: 228928.34 | O68: 0 | Q68: 0 | V68: 0 | Y68: 228928.34
A69: =IFERROR(VLOOKUP(C69,'LT-EN'!$A:$B,2,FALSE)," ") -> 4.3. Insurance in case of death | B69: 62 | C69: 4.3. Draudimas mirties atveju | D69: 350697 | E69: 304757.15 | K69: 848901.26 | N69: 130172.57 | O69: 0 | T69: 392754 | U69: 1644380.2 | V69: 4219710 | Y69: 7891372.2
A70: =IFERROR(VLOOKUP(C70,'LT-EN'!$A:$B,2,FALSE)," ") -> 4.4. Other life insurance | B70: 63 | C70: 4.4. Kitas gyvybės draudimas | K70: 0 | O70: 0 | Q70: 0 | V70: 0 | Y70: 0
A71: =IFERROR(VLOOKUP(C71,'LT-EN'!$A:$B,2,FALSE)," ")
A72: =IFERROR(VLOOKUP(C72,'LT-EN'!$A:$B,2,FALSE)," ")
A73: =IFERROR(VLOOKUP(C73,'LT-EN'!$A:$B,2,FALSE)," ")
A74: =IFERROR(VLOOKUP(C74,'LT-EN'!$A:$B,2,FALSE)," ")
A75: =IFERROR(VLOOKUP(C75,'LT-EN'!$A:$B,2,FALSE)," ")
A76: =IFERROR(VLOOKUP(C76,'LT-EN'!$A:$B,2,FALSE)," ")
A77: =IFERROR(VLOOKUP(C77,'LT-EN'!$A:$B,2,FALSE)," ")
A78: =IFERROR(VLOOKUP(C78,'LT-EN'!$A:$B,2,FALSE)," ")
A79: =IFERROR(VLOOKUP(C79,'LT-EN'!$A:$B,2,FALSE)," ")
A80: =IFERROR(VLOOKUP(C80,'LT-EN'!$A:$B,2,FALSE)," ")
A81: =IFERROR(VLOOKUP(C81,'LT-EN'!$A:$B,2,FALSE)," ")
A82: =IFERROR(VLOOKUP(C82,'LT-EN'!$A:$B,2,FALSE)," ")
... A433: =IFERROR(VLOOKUP(C433,'LT-EN'!$A:$B,2,FALSE)," ")

Sheet DSR17
A1: Payment of the investment component after the expiration of the insurance contract, EUR | C1: Investicinio komponento išmokėjimas pasibaigus draudimo sutarties terminui, Eur
A3: ='DSR1'!C3 -> 2026-09-30
B5: Investicinio komponento išmokėjimas pasibaigus draudimo sutarties terminui, Eur
A6: Business lines / Insurers | B6: eil.nr | C6: Draudimo grupės / Draudikai | D6: Allianz Lietuva gyvybės draudimas | E6: Artea Life Insurance | F6: ATRADIUS filialas | G6: Balcia Insurance filialas | H6: Baltijas Apdrosinasanas Nams filialas | I6: BTA Insurance Company filialas | J6: COFACE filialas | K6: Compensa Life VIG filialas | L6: Compensa VIG | M6: ERGO Insurance filialas | N6: ERGO Life Insurance | O6: Gjensidige | P6: If P&C Insurance (publ) filialas | Q6: If P&C Insurance filialas | R6: Lamantinas | S6: Lietuvos draudimas | T6: PZU Lietuva gyvybės draudimas | U6: SEB Life and Pension Baltic filialas | V6: Swedbank Life Insurance filialas | W6: Swedbank P&C Insurance filialas | X6: Vereinigte Hagelversicherung filialas VH Lietuva | Y6: All
A7: =IFERROR(VLOOKUP(C7,'LT-EN'!$A:$B,2,FALSE)," ") -> ALL | B7: 0 | C7: Visos | D7: 3943789 | E7: 3627647.6 | F7: 0 | G7: 0 | H7: 0 | I7: 0 | J7: 0 | K7: 3478390.2 | L7: 0 | M7: 0 | N7: 7649039.7 | O7: 0 | P7: 0 | Q7: 0 | R7: 0 | S7: 0 | T7: 2694959 | U7: 14123152 | V7: 15606943 | W7: 0 | X7: 0 | Y7: 51123920
A8: =IFERROR(VLOOKUP(C8,'LT-EN'!$A:$B,2,FALSE)," ") -> LIFE ASSURANCE | B8: 49 | C8: GYVYBĖS DRAUDIMAS | D8: 3943789 | E8: 3627647.6 | F8: 0 | G8: 0 | H8: 0 | I8: 0 | J8: 0 | K8: 3478390.2 | L8: 0 | M8: 0 | N8: 7649039.7 | O8: 0 | P8: 0 | Q8: 0 | R8: 0 | S8: 0 | T8: 2694959 | U8: 14123152 | V8: 15606943 | W8: 0 | X8: 0 | Y8: 51123920
A9: =IFERROR(VLOOKUP(C9,'LT-EN'!$A:$B,2,FALSE)," ") -> 1. Health insurance | B9: 50 | C9: 1. Sveikatos draudimas | K9: 0 | N9: 0 | T9: 0 | V9: 0 | Y9: 0
A10: =IFERROR(VLOOKUP(C10,'LT-EN'!$A:$B,2,FALSE)," ") -> 2. Insurance with profit participation | B10: 51 | C10: 2. Draudimas su teise dalytis pelną | E10: 467460.6 | K10: 2639434.9 | N10: 5845129.5 | T10: 1553280 | U10: 29104.86 | V10: 1424692 | Y10: 11959102
A11: =IFERROR(VLOOKUP(C11,'LT-EN'!$A:$B,2,FALSE)," ") -> 2.1. Insurance in case of survival | B11: 52 | C11: 2.1. Draudimas išgyvenimo atveju
A12: =IFERROR(VLOOKUP(C12,'LT-EN'!$A:$B,2,FALSE)," ") -> 2.2. Annuities | B12: 53 | C12: 2.2. Anuitetai
A13: =IFERROR(VLOOKUP(C13,'LT-EN'!$A:$B,2,FALSE)," ") -> 2.3.Insurance in case of death | B13: 54 | C13: 2.3. Draudimas mirties atveju
A14: =IFERROR(VLOOKUP(C14,'LT-EN'!$A:$B,2,FALSE)," ") -> 2.4. Other insurance with profit participation | B14: 55 | C14: 2.4. Kitas draudimas, suteikiantis teisę gauti pelno dalį
A15: =IFERROR(VLOOKUP(C15,'LT-EN'!$A:$B,2,FALSE)," ") -> 3. Index-linked and unit-linked insurance | B15: 56 | C15: 3. Su indeksu ir investiciniais vienetais susijęs draudimas | D15: 3943789 | E15: 3160187 | F15: 0 | G15: 0 | H15: 0 | I15: 0 | J15: 0 | K15: 838955.31 | L15: 0 | M15: 0 | N15: 1803910.2 | O15: 0 | P15: 0 | Q15: 0 | R15: 0 | S15: 0 | T15: 1141679 | U15: 14094047 | V15: 14182251 | W15: 0 | X15: 0 | Y15: 39164819
A16: =IFERROR(VLOOKUP(C16,'LT-EN'!$A:$B,2,FALSE)," ") -> 3.1. Index-linked and unit-linked insurance, when the insurance risk is significant | B16: 57 | C16: 3.1. Su indeksu ir investiciniais vienetais susijęs draudimas, kai draudimo rizika yra reikšminga | D16: 3943789 | E16: 2145186.6 | K16: 0 | N16: 1393911.3 | T16: 1119257 | U16: 10009603 | V16: 13623655 | Y16: 32235402
A17: =IFERROR(VLOOKUP(C17,'LT-EN'!$A:$B,2,FALSE)," ") -> 3.2. Index-linked and unit-linked insurance, when the insurance risk is insignificant | B17: 58 | C17: 3.2. Su indeksu ir investiciniais vienetais susijęs draudimas, kai draudimo rizika yra nereikšminga* | E17: 1015000.4 | K17: 838955.31 | N17: 409998.85 | T17: 22422 | U17: 4084444.3 | V17: 558596 | Y17: 6929416.9
A18: =IFERROR(VLOOKUP(C18,'LT-EN'!$A:$B,2,FALSE)," ") -> 4. Other life insurance | B18: 59 | C18: 4. Kitas gyvybės draudimas | E18: 0 | K18: 0 | T18: 0 | V18: 0 | Y18: 0
A19: =IFERROR(VLOOKUP(C19,'LT-EN'!$A:$B,2,FALSE)," ") -> 4.1. Insurance in case of survival | B19: 60 | C19: 4.1. Draudimas išgyvenimo atveju
A20: =IFERROR(VLOOKUP(C20,'LT-EN'!$A:$B,2,FALSE)," ") -> 4.2. Annuities | B20: 61 | C20: 4.2. Anuitetai
A21: =IFERROR(VLOOKUP(C21,'LT-EN'!$A:$B,2,FALSE)," ") -> 4.3. Insurance in case of death | B21: 62 | C21: 4.3. Draudimas mirties atveju
A22: =IFERROR(VLOOKUP(C22,'LT-EN'!$A:$B,2,FALSE)," ") -> 4.4. Other life insurance | B22: 63 | C22: 4.4. Kitas gyvybės draudimas
A23: =IFERROR(VLOOKUP(C23,'LT-EN'!$A:$B,2,FALSE)," ")
A24: =IFERROR(VLOOKUP(C24,'LT-EN'!$A:$B,2,FALSE)," ")
A25: =IFERROR(VLOOKUP(C25,'LT-EN'!$A:$B,2,FALSE)," ")
A26: =IFERROR(VLOOKUP(C26,'LT-EN'!$A:$B,2,FALSE)," ")
A27: =IFERROR(VLOOKUP(C27,'LT-EN'!$A:$B,2,FALSE)," ")
A28: =IFERROR(VLOOKUP(C28,'LT-EN'!$A:$B,2,FALSE)," ")
A29: =IFERROR(VLOOKUP(C29,'LT-EN'!$A:$B,2,FALSE)," ")
A30: =IFERROR(VLOOKUP(C30,'LT-EN'!$A:$B,2,FALSE)," ")
A31: =IFERROR(VLOOKUP(C31,'LT-EN'!$A:$B,2,FALSE)," ")
A32: =IFERROR(VLOOKUP(C32,'LT-EN'!$A:$B,2,FALSE)," ")
A33: =IFERROR(VLOOKUP(C33,'LT-EN'!$A:$B,2,FALSE)," ")
A34: =IFERROR(VLOOKUP(C34,'LT-EN'!$A:$B,2,FALSE)," ")
... A90: =IFERROR(VLOOKUP(C90,'LT-EN'!$A:$B,2,FALSE)," ")

Sheet DSR18
A1: Payment of the investment component after termination of the insurance contract, EUR | C1: Investicinio komponento išmokėjimas nutraukus draudimo sutartį, Eur
A3: ='DSR1'!C3 -> 2026-09-30
B5: Investicinio komponento išmokėjimas nutraukus draudimo sutartį, Eur
A6: Business lines / Insurers | B6: eil.nr | C6: Draudimo grupės / Draudikai | D6: Allianz Lietuva gyvybės draudimas | E6: Artea Life Insurance | F6: ATRADIUS filialas | G6: Balcia Insurance filialas | H6: Baltijas Apdrosinasanas Nams filialas | I6: BTA Insurance Company filialas | J6: COFACE filialas | K6: Compensa Life VIG filialas | L6: Compensa VIG | M6: ERGO Insurance filialas | N6: ERGO Life Insurance | O6: Gjensidige | P6: If P&C Insurance (publ) filialas | Q6: If P&C Insurance filialas | R6: Lamantinas | S6: Lietuvos draudimas | T6: PZU Lietuva gyvybės draudimas | U6: SEB Life and Pension Baltic filialas | V6: Swedbank Life Insurance filialas | W6: Swedbank P&C Insurance filialas | X6: Vereinigte Hagelversicherung filialas VH Lietuva | Y6: All
A7: =IFERROR(VLOOKUP(C7,'LT-EN'!$A:$B,2,FALSE)," ") -> ALL | B7: 0 | C7: Visos | D7: 13399624 | E7: 4872437.6 | F7: 0 | G7: 0 | H7: 0 | I7: 0 | J7: 0 | K7: 15893396 | L7: 0 | M7: 0 | N7: 4577000.9 | O7: 0 | P7: 0 | Q7: 0 | R7: 0 | S7: 0 | T7: 3011060 | U7: 9420844.4 | V7: 13451909 | W7: 0 | X7: 0 | Y7: 64626271
A8: =IFERROR(VLOOKUP(C8,'LT-EN'!$A:$B,2,FALSE)," ") -> LIFE ASSURANCE | B8: 49 | C8: GYVYBĖS DRAUDIMAS | D8: 13399624 | E8: 4872437.6 | F8: 0 | G8: 0 | H8: 0 | I8: 0 | J8: 0 | K8: 15893396 | L8: 0 | M8: 0 | N8: 4577000.9 | O8: 0 | P8: 0 | Q8: 0 | R8: 0 | S8: 0 | T8: 3011060 | U8: 9420844.4 | V8: 13451909 | W8: 0 | X8: 0 | Y8: 64626271
A9: =IFERROR(VLOOKUP(C9,'LT-EN'!$A:$B,2,FALSE)," ") -> 1. Health insurance | B9: 50 | C9: 1. Sveikatos draudimas | K9: 194.78 | N9: 0 | T9: 0 | V9: 0 | Y9: 194.78
A10: =IFERROR(VLOOKUP(C10,'LT-EN'!$A:$B,2,FALSE)," ") -> 2. Insurance with profit participation | B10: 51 | C10: 2. Draudimas su teise dalytis pelną | E10: 394728.78 | K10: 7099961.3 | N10: 2101017.8 | T10: 1157771 | U10: 20038.37 | V10: 152799 | Y10: 10926316
A11: =IFERROR(VLOOKUP(C11,'LT-EN'!$A:$B,2,FALSE)," ") -> 2.1. Insurance in case of survival | B11: 52 | C11: 2.1. Draudimas išgyvenimo atveju
A12: =IFERROR(VLOOKUP(C12,'LT-EN'!$A:$B,2,FALSE)," ") -> 2.2. Annuities | B12: 53 | C12: 2.2. Anuitetai
A13: =IFERROR(VLOOKUP(C13,'LT-EN'!$A:$B,2,FALSE)," ") -> 2.3.Insurance in case of death | B13: 54 | C13: 2.3. Draudimas mirties atveju
A14: =IFERROR(VLOOKUP(C14,'LT-EN'!$A:$B,2,FALSE)," ") -> 2.4. Other insurance with profit participation | B14: 55 | C14: 2.4. Kitas draudimas, suteikiantis teisę gauti pelno dalį
A15: =IFERROR(VLOOKUP(C15,'LT-EN'!$A:$B,2,FALSE)," ") -> 3. Index-linked and unit-linked insurance | B15: 56 | C15: 3. Su indeksu ir investiciniais vienetais susijęs draudimas | D15: 13399624 | E15: 4477708.8 | F15: 0 | G15: 0 | H15: 0 | I15: 0 | J15: 0 | K15: 8785515.3 | L15: 0 | M15: 0 | N15: 2475983.1 | O15: 0 | P15: 0 | Q15: 0 | R15: 0 | S15: 0 | T15: 1852213 | U15: 9392407.4 | V15: 13299110 | W15: 0 | X15: 0 | Y15: 53682562
A16: =IFERROR(VLOOKUP(C16,'LT-EN'!$A:$B,2,FALSE)," ") -> 3.1. Index-linked and unit-linked insurance, when the insurance risk is significant | B16: 57 | C16: 3.1. Su indeksu ir investiciniais vienetais susijęs draudimas, kai draudimo rizika yra reikšminga | D16: 13399624 | E16: 3237961.9 | K16: 0 | N16: 2069032.1 | T16: 1598548 | U16: 4631546.1 | V16: 12355496 | Y16: 37292208
A17: =IFERROR(VLOOKUP(C17,'LT-EN'!$A:$B,2,FALSE)," ") -> 3.2. Index-linked and unit-linked insurance, when the insurance risk is insignificant | B17: 58 | C17: 3.2. Su indeksu ir investiciniais vienetais susijęs draudimas, kai draudimo rizika yra nereikšminga* | E17: 1239746.9 | K17: 8785515.3 | N17: 406950.99 | T17: 253665 | U17: 4760861.3 | V17: 943614 | Y17: 16390353
A18: =IFERROR(VLOOKUP(C18,'LT-EN'!$A:$B,2,FALSE)," ") -> 4. Other life insurance | B18: 59 | C18: 4. Kitas gyvybės draudimas | E18: 0 | K18: 7724.15 | T18: 1076 | U18: 8398.61 | V18: 0 | Y18: 17198.76
A19: =IFERROR(VLOOKUP(C19,'LT-EN'!$A:$B,2,FALSE)," ") -> 4.1. Insurance in case of survival | B19: 60 | C19: 4.1. Draudimas išgyvenimo atveju
A20: =IFERROR(VLOOKUP(C20,'LT-EN'!$A:$B,2,FALSE)," ") -> 4.2. Annuities | B20: 61 | C20: 4.2. Anuitetai
A21: =IFERROR(VLOOKUP(C21,'LT-EN'!$A:$B,2,FALSE)," ") -> 4.3. Insurance in case of death | B21: 62 | C21: 4.3. Draudimas mirties atveju
A22: =IFERROR(VLOOKUP(C22,'LT-EN'!$A:$B,2,FALSE)," ") -> 4.4. Other life insurance | B22: 63 | C22: 4.4. Kitas gyvybės draudimas
A23: =IFERROR(VLOOKUP(C23,'LT-EN'!$A:$B,2,FALSE)," ")
A24: =IFERROR(VLOOKUP(C24,'LT-EN'!$A:$B,2,FALSE)," ")
A25: =IFERROR(VLOOKUP(C25,'LT-EN'!$A:$B,2,FALSE)," ")
A26: =IFERROR(VLOOKUP(C26,'LT-EN'!$A:$B,2,FALSE)," ")
A27: =IFERROR(VLOOKUP(C27,'LT-EN'!$A:$B,2,FALSE)," ")
A28: =IFERROR(VLOOKUP(C28,'LT-EN'!$A:$B,2,FALSE)," ")
A29: =IFERROR(VLOOKUP(C29,'LT-EN'!$A:$B,2,FALSE)," ")
A30: =IFERROR(VLOOKUP(C30,'LT-EN'!$A:$B,2,FALSE)," ")
A31: =IFERROR(VLOOKUP(C31,'LT-EN'!$A:$B,2,FALSE)," ")
A32: =IFERROR(VLOOKUP(C32,'LT-EN'!$A:$B,2,FALSE)," ")
A33: =IFERROR(VLOOKUP(C33,'LT-EN'!$A:$B,2,FALSE)," ")
A34: =IFERROR(VLOOKUP(C34,'LT-EN'!$A:$B,2,FALSE)," ")
... A223: =IFERROR(VLOOKUP(C223,'LT-EN'!$A:$B,2,FALSE)," ")

Sheet DSR19
A1: Payment of the investment component neither after termination nor at the end of the contract, EUR | C1: Investicinio komponento išmokėjimas nei nutraukus, nei pasibaigus sutarčiai, Eur
A3: ='DSR1'!C3 -> 2026-09-30
B5: Investicinio komponento išmokėjimas nei nutraukus, nei pasibaigus sutarčiai, Eur
A6: Business lines / Insurers | B6: eil.nr | C6: Draudimo grupės / Draudikai | D6: Allianz Lietuva gyvybės draudimas | E6: Artea Life Insurance | F6: ATRADIUS filialas | G6: Balcia Insurance filialas | H6: Baltijas Apdrosinasanas Nams filialas | I6: BTA Insurance Company filialas | J6: COFACE filialas | K6: Compensa Life VIG filialas | L6: Compensa VIG | M6: ERGO Insurance filialas | N6: ERGO Life Insurance | O6: Gjensidige | P6: If P&C Insurance (publ) filialas | Q6: If P&C Insurance filialas | R6: Lamantinas | S6: Lietuvos draudimas | T6: PZU Lietuva gyvybės draudimas | U6: SEB Life and Pension Baltic filialas | V6: Swedbank Life Insurance filialas | W6: Swedbank P&C Insurance filialas | X6: Vereinigte Hagelversicherung filialas VH Lietuva | Y6: All
A7: =IFERROR(VLOOKUP(C7,'LT-EN'!$A:$B,2,FALSE)," ") -> ALL | B7: 0 | C7: Visos | D7: 10390888 | E7: 2706402.8 | F7: 0 | G7: 0 | H7: 0 | I7: 0 | J7: 0 | K7: 6993745.8 | L7: 0 | M7: 0 | N7: 1000875.9 | O7: 0 | P7: 0 | Q7: 0 | R7: 0 | S7: 0 | T7: 2594412 | U7: 6132761.8 | V7: 9472951 | W7: 0 | X7: 0 | Y7: 39292037
A8: =IFERROR(VLOOKUP(C8,'LT-EN'!$A:$B,2,FALSE)," ") -> LIFE ASSURANCE | B8: 49 | C8: GYVYBĖS DRAUDIMAS | D8: 10390888 | E8: 2706402.8 | F8: 0 | G8: 0 | H8: 0 | I8: 0 | J8: 0 | K8: 6993745.8 | L8: 0 | M8: 0 | N8: 1000875.9 | O8: 0 | P8: 0 | Q8: 0 | R8: 0 | S8: 0 | T8: 2594412 | U8: 6132761.8 | V8: 9472951 | W8: 0 | X8: 0 | Y8: 39292037
A9: =IFERROR(VLOOKUP(C9,'LT-EN'!$A:$B,2,FALSE)," ") -> 1. Health insurance | B9: 50 | C9: 1. Sveikatos draudimas | K9: 0 | N9: 0 | T9: 0 | V9: 0 | Y9: 0
A10: =IFERROR(VLOOKUP(C10,'LT-EN'!$A:$B,2,FALSE)," ") -> 2. Insurance with profit participation | B10: 51 | C10: 2. Draudimas su teise dalytis pelną | E10: 118768.8 | K10: 1842218.7 | N10: 279544.89 | T10: 691239 | U10: 215848.28 | V10: 0 | Y10: 3147619.7
A11: =IFERROR(VLOOKUP(C11,'LT-EN'!$A:$B,2,FALSE)," ") -> 2.1. Insurance in case of survival | B11: 52 | C11: 2.1. Draudimas išgyvenimo atveju
A12: =IFERROR(VLOOKUP(C12,'LT-EN'!$A:$B,2,FALSE)," ") -> 2.2. Annuities | B12: 53 | C12: 2.2. Anuitetai
A13: =IFERROR(VLOOKUP(C13,'LT-EN'!$A:$B,2,FALSE)," ") -> 2.3.Insurance in case of death | B13: 54 | C13: 2.3. Draudimas mirties atveju
A14: =IFERROR(VLOOKUP(C14,'LT-EN'!$A:$B,2,FALSE)," ") -> 2.4. Other insurance with profit participation | B14: 55 | C14: 2.4. Kitas draudimas, suteikiantis teisę gauti pelno dalį
A15: =IFERROR(VLOOKUP(C15,'LT-EN'!$A:$B,2,FALSE)," ") -> 3. Index-linked and unit-linked insurance | B15: 56 | C15: 3. Su indeksu ir investiciniais vienetais susijęs draudimas | D15: 10390888 | E15: 2528095.9 | F15: 0 | G15: 0 | H15: 0 | I15: 0 | J15: 0 | K15: 5151527.1 | L15: 0 | M15: 0 | N15: 721331 | O15: 0 | P15: 0 | Q15: 0 | R15: 0 | S15: 0 | T15: 1903173 | U15: 5916913.5 | V15: 9472951 | W15: 0 | X15: 0 | Y15: 36084880
A16: =IFERROR(VLOOKUP(C16,'LT-EN'!$A:$B,2,FALSE)," ") -> 3.1. Index-linked and unit-linked insurance, when the insurance risk is significant | B16: 57 | C16: 3.1. Su indeksu ir investiciniais vienetais susijęs draudimas, kai draudimo rizika yra reikšminga | D16: 10390888 | E16: 1616470.1 | K16: 0 | N16: 612787.39 | T16: 1521059 | U16: 2720170 | V16: 7373929 | Y16: 24235304
A17: =IFERROR(VLOOKUP(C17,'LT-EN'!$A:$B,2,FALSE)," ") -> 3.2. Index-linked and unit-linked insurance, when the insurance risk is insignificant | B17: 58 | C17: 3.2. Su indeksu ir investiciniais vienetais susijęs draudimas, kai draudimo rizika yra nereikšminga* | E17: 911625.78 | K17: 5151527.1 | N17: 108543.61 | T17: 382114 | U17: 3196743.5 | V17: 2099022 | Y17: 11849576
A18: =IFERROR(VLOOKUP(C18,'LT-EN'!$A:$B,2,FALSE)," ") -> 4. Other life insurance | B18: 59 | C18: 4. Kitas gyvybės draudimas | E18: 59538.06 | K18: 0 | V18: 0 | Y18: 59538.06
A19: =IFERROR(VLOOKUP(C19,'LT-EN'!$A:$B,2,FALSE)," ") -> 4.1. Insurance in case of survival | B19: 60 | C19: 4.1. Draudimas išgyvenimo atveju
A20: =IFERROR(VLOOKUP(C20,'LT-EN'!$A:$B,2,FALSE)," ") -> 4.2. Annuities | B20: 61 | C20: 4.2. Anuitetai
A21: =IFERROR(VLOOKUP(C21,'LT-EN'!$A:$B,2,FALSE)," ") -> 4.3. Insurance in case of death | B21: 62 | C21: 4.3. Draudimas mirties atveju
A22: =IFERROR(VLOOKUP(C22,'LT-EN'!$A:$B,2,FALSE)," ") -> 4.4. Other life insurance | B22: 63 | C22: 4.4. Kitas gyvybės draudimas
A23: =IFERROR(VLOOKUP(C23,'LT-EN'!$A:$B,2,FALSE)," ")
A24: =IFERROR(VLOOKUP(C24,'LT-EN'!$A:$B,2,FALSE)," ")
A25: =IFERROR(VLOOKUP(C25,'LT-EN'!$A:$B,2,FALSE)," ")
A26: =IFERROR(VLOOKUP(C26,'LT-EN'!$A:$B,2,FALSE)," ")
A27: =IFERROR(VLOOKUP(C27,'LT-EN'!$A:$B,2,FALSE)," ")
A28: =IFERROR(VLOOKUP(C28,'LT-EN'!$A:$B,2,FALSE)," ")
A29: =IFERROR(VLOOKUP(C29,'LT-EN'!$A:$B,2,FALSE)," ")
A30: =IFERROR(VLOOKUP(C30,'LT-EN'!$A:$B,2,FALSE)," ")
A31: =IFERROR(VLOOKUP(C31,'LT-EN'!$A:$B,2,FALSE)," ")
A32: =IFERROR(VLOOKUP(C32,'LT-EN'!$A:$B,2,FALSE)," ")
A33: =IFERROR(VLOOKUP(C33,'LT-EN'!$A:$B,2,FALSE)," ")
A34: =IFERROR(VLOOKUP(C34,'LT-EN'!$A:$B,2,FALSE)," ")
... A253: =IFERROR(VLOOKUP(C253,'LT-EN'!$A:$B,2,FALSE)," ")

Sheet LT-EN
A1: 1. Medicininių išlaidų draudimas | B1: 1. Medical expense insurance
A2: 1. Sveikatos draudimas | B2: 1. Health insurance
A3: 1.1. Papildomasis savanoriškasis sveikatos draudimas | B3: 1.1. Supplementary voluntary health insurance
A4: 1.1.1. Draudėjai - juridiniai asmenys | B4: 1.1.1. Policyholders - legal persons
A5: 1.1.2. Draudėjai - fiziniai asmenys | B5: 1.1.2. Policyholders - natural persons
A6: 1.2. Kita | B6: 1.2. Other
A7: 1.2.1. Draudėjai - juridiniai asmenys | B7: 1.2.1. Policyholders - legal persons
A8: 1.2.2. Draudėjai - fiziniai asmenys | B8: 1.2.2. Policyholders - natural persons
A9: 10. Teisinių išlaidų draudimas | B9: 10. Legal expenses insurance
A10: 4.3. Geležinkelių transporto priemonių valdytojų civilinės atsakomybės draudimas | B10: 4.3. Liability arising out of use railway rolling stock insurance
A11: 4.4. Kitas gyvybės draudimas | B11: 4.4. Other life insurance
A12: 5. Kitas transporto priemonių draudimas | B12: 5. Other motor insurance
... A67: 4.3. Geležinkelio transporto priemonių valdytojų civilinės atsakomybės draudimas | B67: 4.3. Liability arising out of use railway rolling stock insurance
